Workbook

Sheet RV_DATA
A1: BuildingFinished | B1: Trud | C1: Mash | D1: Mat | E1: MatZak | F1: Oborud | G1: OborudZak | H1: ZeroStoim | I1: NegativeKoll | J1: ReUnionKollResurcy | K1: UnionOneUchRes | L1: IdLevel | M1: ViewCodes | N1: UnionCodes | O1: PEREVOZKA
A2: 1 | B2: 1 | C2: 1 | D2: 1 | E2: 1 | F2: 1 | G2: 1 | H2: 0 | I2: 1 | J2: 0 | K2: 1 | L2: 53360025 | M2: 0 | N2: 0 | O2: 0
A4: TYPE | B4: SOURCE_LINK | C4: RABMAT_EX | D4: TIP_RAB | E4: TYPE_TRUD | F4: TAB | G4: NAME | H4: EDIZM | I4: KOLL | J4: UCH | K4: PRICE_B | L4: PRICE_ED | M4: STOIM_B | N4: PRICE_C | O4: STOIM_C | P4: ZPM_B | Q4: ZPM_ED | R4: STOIM_ZPM_B | S4: ZPM_C | T4: STOIM_ZPM_C | U4: RABMAT | V4: WBS | W4: CBSI | X4: CBSII | Y4: TechSpecCVORPP | Z4: CRC_GR_RES | AA4: CRC_B | AB4: CRC_C
A6: =Source!A20 -> 3 | B6: 20 | G6: =Source!G20 -> Ремонт крыльца
A7: =Source!A24 -> 4 | B7: 24 | G7: =Source!G24 -> 1. Крыльцо
A8: 20 | B8: 3 | C8: 2 | D8: 0 | E8: =SmtRes!AV3 -> 0 | F8: =SmtRes!I3 -> 91.06.06-048 | G8: =SmtRes!K3 -> Подъемники одномачтовые, грузоподъемность до 500 кг, высота подъема 45 м | H8: =SmtRes!O3 -> маш.-ч. | I8: =SmtRes!Y3*Source!I28 -> 0.1764 | J8: =SmtRes!AO3 -> 1 | K8: =SmtRes!AF3 -> 31.26 | L8: =SmtRes!DB3 -> 45.01 | M8: =ROUND(ROUND(L8*Source!I28, 6)*1, 2) -> 5.51 | N8: =SmtRes!AB3 -> 450.77 | O8: =ROUND(ROUND(L8*Source!I28, 6)*SmtRes!DA3, 2) -> 79.51 | P8: =SmtRes!AG3 -> 13.5 | Q8: =SmtRes!DC3 -> 19.44 | R8: =ROUND(ROUND(Q8*Source!I28, 6)*1, 2) -> 2.38 | S8: =SmtRes!AC3 -> 530.96 | T8: =ROUND(ROUND(Q8*Source!I28, 6)*SmtRes!AK3, 2) -> 93.66 | U8: 2 | Z8: =SmtRes!X3 -> 1232162608 | AA8: 142210996 | AB8: 550578493
A9: 20 | B9: 1 | C9: 1 | D9: 0 | E9: =SmtRes!AV1 -> 1 | F9: =SmtRes!I1 -> 1-100-30 | G9: =SmtRes!K1 -> Затраты труда рабочих (Средний разряд - 3) | H9: =SmtRes!O1 -> чел.-ч. | I9: =SmtRes!Y1*Source!I28 -> 8.559075 | J9: =SmtRes!AO1 -> 1 | K9: =SmtRes!AH1 -> 8.53 | L9: =SmtRes!DB1 -> 595.99 | M9: =ROUND(ROUND(L9*Source!I28, 6)*1, 2) -> 73.01 | N9: =SmtRes!AD1 -> 335.48 | O9: =ROUND(ROUND(L9*Source!I28, 6)*SmtRes!DA1, 2) -> 2871.44 | P9: =SmtRes!AG1 -> 0 | Q9: =SmtRes!DC1 -> 0 | R9: =ROUND(ROUND(Q9*Source!I28, 6)*1, 2) -> 0 | S9: =SmtRes!AC1 -> 0 | T9: =ROUND(ROUND(Q9*Source!I28, 6)*SmtRes!AK1, 2) -> 0 | U9: 1 | Z9: =SmtRes!X1 -> 1049124552 | AA9: 835615299 | AB9: 1140953449
A10: 20 | B10: 6 | C10: 3 | D10: 0 | E10: =SmtRes!AV6 -> 0 | F10: =SmtRes!I6 -> 01.7.20.03-0003 | G10: =SmtRes!K6 -> Мешки полипропиленовые (50 кг) | H10: =SmtRes!O6 -> 100 ШТ | I10: =SmtRes!Y6*Source!I30 -> 0.06616 | J10: =SmtRes!AO6 -> 1 | K10: =SmtRes!AE6 -> 82 | L10: =SmtRes!DB6 -> 16.4 | M10: =ROUND(ROUND(L10*Source!I30, 6)*1, 2) -> 5.43 | N10: =SmtRes!AA6 -> 720.78 | O10: =ROUND(ROUND(L10*Source!I30, 6)*SmtRes!DA6, 2) -> 47.69 | P10: =SmtRes!AG6 -> 0 | Q10: =SmtRes!DC6 -> 0 | R10: =ROUND(ROUND(Q10*Source!I30, 6)*1, 2) -> 0 | S10: =SmtRes!AC6 -> 0 | T10: =ROUND(ROUND(Q10*Source!I30, 6)*SmtRes!AK6, 2) -> 0 | U10: 3 | Z10: =SmtRes!X6 -> 1029976444 | AA10: -443216502 | AB10: -1924617796
A11: 20 | B11: 5 | C11: 1 | D11: 0 | E11: =SmtRes!AV5 -> 1 | F11: =SmtRes!I5 -> 1-100-10 | G11: =SmtRes!K5 -> Затраты труда рабочих (Средний разряд - 1) | H11: =SmtRes!O5 -> чел.-ч. | I11: =SmtRes!Y5*Source!I30 -> 0.340724 | J11: =SmtRes!AO5 -> 1 | K11: =SmtRes!AH5 -> 7.19 | L11: =SmtRes!DB5 -> 7.41 | M11: =ROUND(ROUND(L11*Source!I30, 6)*1, 2) -> 2.45 | N11: =SmtRes!AD5 -> 282.78 | O11: =ROUND(ROUND(L11*Source!I30, 6)*SmtRes!DA5, 2) -> 96.41 | P11: =SmtRes!AG5 -> 0 | Q11: =SmtRes!DC5 -> 0 | R11: =ROUND(ROUND(Q11*Source!I30, 6)*1, 2) -> 0 | S11: =SmtRes!AC5 -> 0 | T11: =ROUND(ROUND(Q11*Source!I30, 6)*SmtRes!AK5, 2) -> 0 | U11: 1 | Z11: =SmtRes!X5 -> -1040088138 | AA11: 2142617330 | AB11: 130596227
A12: 20 | B12: 11 | C12: 2 | D12: 0 | E12: =SmtRes!AV11 -> 0 | F12: =SmtRes!I11 -> 91.12.06-012 | G12: =SmtRes!K11 -> Рыхлители прицепные (без трактора) | H12: =SmtRes!O11 -> маш.-ч. | I12: =SmtRes!Y11*Source!I31 -> 0.00495 | J12: =SmtRes!AO11 -> 1 | K12: =SmtRes!AF11 -> 8 | L12: =SmtRes!DB11 -> 15.84 | M12: =ROUND(ROUND(L12*Source!I31, 6)*1, 2) -> 0.04 | N12: =SmtRes!AB11 -> 115.36 | O12: =ROUND(ROUND(L12*Source!I31, 6)*SmtRes!DA11, 2) -> 0.57 | P12: =SmtRes!AG11 -> 0 | Q12: =SmtRes!DC11 -> 0 | R12: =ROUND(ROUND(Q12*Source!I31, 6)*1, 2) -> 0 | S12: =SmtRes!AC11 -> 0 | T12: =ROUND(ROUND(Q12*Source!I31, 6)*SmtRes!AK11, 2) -> 0 | U12: 2 | Z12: =SmtRes!X11 -> 257130333 | AA12: -269575757 | AB12: -1455139046
A13: 20 | B13: 10 | C13: 2 | D13: 0 | E13: =SmtRes!AV10 -> 0 | F13: =SmtRes!I10 -> 91.01.05-086 | G13: =SmtRes!K10 -> Экскаваторы одноковшовые дизельные на гусеничном ходу, емкость ковша 0,65 м3 | H13: =SmtRes!O10 -> маш.-ч. | I13: =SmtRes!Y10*Source!I31 -> 0.01965 | J13: =SmtRes!AO10 -> 1 | K13: =SmtRes!AF10 -> 115.27 | L13: =SmtRes!DB10 -> 906.02 | M13: =ROUND(ROUND(L13*Source!I31, 6)*1, 2) -> 2.27 | N13: =SmtRes!AB10 -> 1662.19 | O13: =ROUND(ROUND(L13*Source!I31, 6)*SmtRes!DA10, 2) -> 32.66 | P13: =SmtRes!AG10 -> 13.5 | Q13: =SmtRes!DC10 -> 106.11 | R13: =ROUND(ROUND(Q13*Source!I31, 6)*1, 2) -> 0.27 | S13: =SmtRes!AC10 -> 530.96 | T13: =ROUND(ROUND(Q13*Source!I31, 6)*SmtRes!AK10, 2) -> 10.43 | U13: 2 | Z13: =SmtRes!X10 -> 145565111 | AA13: -148490895 | AB13: 1098055202
A14: 20 | B14: 9 | C14: 2 | D14: 0 | E14: =SmtRes!AV9 -> 0 | F14: =SmtRes!I9 -> 91.01.01-035 | G14: =SmtRes!K9 -> Бульдозеры, мощность 79 кВт (108 л.с.) | H14: =SmtRes!O9 -> маш.-ч. | I14: =SmtRes!Y9*Source!I31 -> 0.007175 | J14: =SmtRes!AO9 -> 1 | K14: =SmtRes!AF9 -> 79.07 | L14: =SmtRes!DB9 -> 226.93 | M14: =ROUND(ROUND(L14*Source!I31, 6)*1, 2) -> 0.57 | N14: =SmtRes!AB9 -> 1140.19 | O14: =ROUND(ROUND(L14*Source!I31, 6)*SmtRes!DA9, 2) -> 8.18 | P14: =SmtRes!AG9 -> 13.5 | Q14: =SmtRes!DC9 -> 38.75 | R14: =ROUND(ROUND(Q14*Source!I31, 6)*1, 2) -> 0.1 | S14: =SmtRes!AC9 -> 530.96 | T14: =ROUND(ROUND(Q14*Source!I31, 6)*SmtRes!AK9, 2) -> 3.81 | U14: 2 | Z14: =SmtRes!X9 -> -177383015 | AA14: 897322088 | AB14: -1035154801
A15: 20 | B15: 7 | C15: 1 | D15: 0 | E15: =SmtRes!AV7 -> 1 | F15: =SmtRes!I7 -> 1-100-24 | G15: =SmtRes!K7 -> Затраты труда рабочих (Средний разряд - 2,4) | H15: =SmtRes!O7 -> чел.-ч. | I15: =SmtRes!Y7*Source!I31 -> 0.12375 | J15: =SmtRes!AO7 -> 1 | K15: =SmtRes!AH7 -> 8.09 | L15: =SmtRes!DB7 -> 400.46 | M15: =ROUND(ROUND(L15*Source!I31, 6)*1, 2) -> 1 | N15: =SmtRes!AD7 -> 318.18 | O15: =ROUND(ROUND(L15*Source!I31, 6)*SmtRes!DA7, 2) -> 39.38 | P15: =SmtRes!AG7 -> 0 | Q15: =SmtRes!DC7 -> 0 | R15: =ROUND(ROUND(Q15*Source!I31, 6)*1, 2) -> 0 | S15: =SmtRes!AC7 -> 0 | T15: =ROUND(ROUND(Q15*Source!I31, 6)*SmtRes!AK7, 2) -> 0 | U15: 1 | Z15: =SmtRes!X7 -> -844220143 | AA15: 136918440 | AB15: -1195097467
A16: 20 | B16: 23 | C16: 3 | D16: 0 | E16: =SmtRes!AV23 -> 0 | F16: =SmtRes!I23 -> 11.2.13.04-0012 | G16: =SmtRes!K23 -> Щиты из досок, толщина 40 мм | H16: =SmtRes!O23 -> м2 | I16: =SmtRes!Y23*Source!I35 -> 0.102272 | J16: =SmtRes!AO23 -> 1 | K16: =SmtRes!AE23 -> 57.63 | L16: =SmtRes!DB23 -> 313.51 | M16: =ROUND(ROUND(L16*Source!I35, 6)*1, 2) -> 5.89 | N16: =SmtRes!AA23 -> 506.57 | O16: =ROUND(ROUND(L16*Source!I35, 6)*SmtRes!DA23, 2) -> 51.81 | P16: =SmtRes!AG23 -> 0 | Q16: =SmtRes!DC23 -> 0 | R16: =ROUND(ROUND(Q16*Source!I35, 6)*1, 2) -> 0 | S16: =SmtRes!AC23 -> 0 | T16: =ROUND(ROUND(Q16*Source!I35, 6)*SmtRes!AK23, 2) -> 0 | U16: 3 | Z16: =SmtRes!X23 -> 257670470 | AA16: 486346196 | AB16: 941491281
A17: 20 | B17: 22 | C17: 3 | D17: 0 | E17: =SmtRes!AV22 -> 0 | F17: =SmtRes!I22 -> 11.1.03.06-0095 | G17: =SmtRes!K22 -> Доска обрезная, хвойных пород, ширина 75-150 мм, толщина 44 мм и более, длина 4-6,5 м, сорт III | H17: =SmtRes!O22 -> м3 | I17: =SmtRes!Y22*Source!I35 -> 0.007896 | J17: =SmtRes!AO22 -> 1 | K17: =SmtRes!AE22 -> 1056 | L17: =SmtRes!DB22 -> 443.52 | M17: =ROUND(ROUND(L17*Source!I35, 6)*1, 2) -> 8.34 | N17: =SmtRes!AA22 -> 9282.24 | O17: =ROUND(ROUND(L17*Source!I35, 6)*SmtRes!DA22, 2) -> 73.29 | P17: =SmtRes!AG22 -> 0 | Q17: =SmtRes!DC22 -> 0 | R17: =ROUND(ROUND(Q17*Source!I35, 6)*1, 2) -> 0 | S17: =SmtRes!AC22 -> 0 | T17: =ROUND(ROUND(Q17*Source!I35, 6)*SmtRes!AK22, 2) -> 0 | U17: 3 | Z17: =SmtRes!X22 -> 1125321039 | AA17: -1110635432 | AB17: 1812064707
A18: 20 | B18: 21 | C18: 3 | D18: 0 | E18: =SmtRes!AV21 -> 0 | F18: =SmtRes!I21 -> 11.1.03.06-0087 | G18: =SmtRes!K21 -> Доска обрезная, хвойных пород, ширина 75-150 мм, толщина 25 мм, длина 4-6,5 м, сорт III | H18: =SmtRes!O21 -> м3 | I18: =SmtRes!Y21*Source!I35 -> 0.006016 | J18: =SmtRes!AO21 -> 1 | K18: =SmtRes!AE21 -> 1100 | L18: =SmtRes!DB21 -> 352 | M18: =ROUND(ROUND(L18*Source!I35, 6)*1, 2) -> 6.62 | N18: =SmtRes!AA21 -> 9669 | O18: =ROUND(ROUND(L18*Source!I35, 6)*SmtRes!DA21, 2) -> 58.17 | P18: =SmtRes!AG21 -> 0 | Q18: =SmtRes!DC21 -> 0 | R18: =ROUND(ROUND(Q18*Source!I35, 6)*1, 2) -> 0 | S18: =SmtRes!AC21 -> 0 | T18: =ROUND(ROUND(Q18*Source!I35, 6)*SmtRes!AK21, 2) -> 0 | U18: 3 | Z18: =SmtRes!X21 -> -896765309 | AA18: 1541204623 | AB18: 1123418932
A19: 20 | B19: 20 | C19: 3 | D19: 0 | E19: =SmtRes!AV20 -> 0 | F19: =SmtRes!I20 -> 03.1.02.03-0011 | G19: =SmtRes!K20 -> Известь строительная негашеная комовая, сорт I | H19: =SmtRes!O20 -> т | I19: =SmtRes!Y20*Source!I35 -> 0.0003948 | J19: =SmtRes!AO20 -> 1 | K19: =SmtRes!AE20 -> 734.5 | L19: =SmtRes!DB20 -> 15.42 | M19: =ROUND(ROUND(L19*Source!I35, 6)*1, 2) -> 0.29 | N19: =SmtRes!AA20 -> 6456.26 | O19: =ROUND(ROUND(L19*Source!I35, 6)*SmtRes!DA20, 2) -> 2.55 | P19: =SmtRes!AG20 -> 0 | Q19: =SmtRes!DC20 -> 0 | R19: =ROUND(ROUND(Q19*Source!I35, 6)*1, 2) -> 0 | S19: =SmtRes!AC20 -> 0 | T19: =ROUND(ROUND(Q19*Source!I35, 6)*SmtRes!AK20, 2) -> 0 | U19: 3 | Z19: =SmtRes!X20 -> 1174253204 | AA19: -1556992185 | AB19: 1548690851
A20: 20 | B20: 19 | C20: 3 | D20: 0 | E20: =SmtRes!AV19 -> 0 | F20: =SmtRes!I19 -> 01.7.15.06-0111 | G20: =SmtRes!K19 -> Гвозди строительные | H20: =SmtRes!O19 -> т | I20: =SmtRes!Y19*Source!I35 -> 0.00027636 | J20: =SmtRes!AO19 -> 1 | K20: =SmtRes!AE19 -> 11978 | L20: =SmtRes!DB19 -> 176.08 | M20: =ROUND(ROUND(L20*Source!I35, 6)*1, 2) -> 3.31 | N20: =SmtRes!AA19 -> 105286.62 | O20: =ROUND(ROUND(L20*Source!I35, 6)*SmtRes!DA19, 2) -> 29.1 | P20: =SmtRes!AG19 -> 0 | Q20: =SmtRes!DC19 -> 0 | R20: =ROUND(ROUND(Q20*Source!I35, 6)*1, 2) -> 0 | S20: =SmtRes!AC19 -> 0 | T20: =ROUND(ROUND(Q20*Source!I35, 6)*SmtRes!AK19, 2) -> 0 | U20: 3 | Z20: =SmtRes!X19 -> -45966985 | AA20: -315776304 | AB20: 494747987
A21: 20 | B21: 18 | C21: 3 | D21: 0 | E21: =SmtRes!AV18 -> 0 | F21: =SmtRes!I18 -> 01.7.03.01-0001 | G21: =SmtRes!K18 -> Вода | H21: =SmtRes!O18 -> м3 | I21: =SmtRes!Y18*Source!I35 -> 0.0011468 | J21: =SmtRes!AO18 -> 1 | K21: =SmtRes!AE18 -> 2.44 | L21: =SmtRes!DB18 -> 0.15 | M21: =ROUND(ROUND(L21*Source!I35, 6)*1, 2) -> 0 | N21: =SmtRes!AA18 -> 21.45 | O21: =ROUND(ROUND(L21*Source!I35, 6)*SmtRes!DA18, 2) -> 0.02 | P21: =SmtRes!AG18 -> 0 | Q21: =SmtRes!DC18 -> 0 | R21: =ROUND(ROUND(Q21*Source!I35, 6)*1, 2) -> 0 | S21: =SmtRes!AC18 -> 0 | T21: =ROUND(ROUND(Q21*Source!I35, 6)*SmtRes!AK18, 2) -> 0 | U21: 3 | Z21: =SmtRes!X18 -> -143474561 | AA21: 197266994 | AB21: 1852311330
A22: 20 | B22: 17 | C22: 2 | D22: 0 | E22: =SmtRes!AV17 -> 0 | F22: =SmtRes!I17 -> 91.14.02-001 | G22: =SmtRes!K17 -> Автомобили бортовые, грузоподъемность до 5 т | H22: =SmtRes!O17 -> маш.-ч. | I22: =SmtRes!Y17*Source!I35 -> 0.00235 | J22: =SmtRes!AO17 -> 1 | K22: =SmtRes!AF17 -> 65.71 | L22: =SmtRes!DB17 -> 8.2125 | M22: =ROUND(ROUND(L22*Source!I35, 6)*1, 2) -> 0.15 | N22: =SmtRes!AB17 -> 947.54 | O22: =ROUND(ROUND(L22*Source!I35, 6)*SmtRes!DA17, 2) -> 2.23 | P22: =SmtRes!AG17 -> 11.6 | Q22: =SmtRes!DC17 -> 1.45 | R22: =ROUND(ROUND(Q22*Source!I35, 6)*1, 2) -> 0.03 | S22: =SmtRes!AC17 -> 456.23 | T22: =ROUND(ROUND(Q22*Source!I35, 6)*SmtRes!AK17, 2) -> 1.07 | U22: 2 | Z22: =SmtRes!X17 -> 509054691 | AA22: 1555251513 | AB22: -341607382
A23: 20 | B23: 16 | C23: 2 | D23: 0 | E23: =SmtRes!AV16 -> 0 | F23: =SmtRes!I16 -> 91.06.05-011 | G23: =SmtRes!K16 -> Погрузчики, грузоподъемность 5 т | H23: =SmtRes!O16 -> маш.-ч. | I23: =SmtRes!Y16*Source!I35 -> 0.006345 | J23: =SmtRes!AO16 -> 1 | K23: =SmtRes!AF16 -> 89.99 | L23: =SmtRes!DB16 -> 30.375 | M23: =ROUND(ROUND(L23*Source!I35, 6)*1, 2) -> 0.57 | N23: =SmtRes!AB16 -> 1297.66 | O23: =ROUND(ROUND(L23*Source!I35, 6)*SmtRes!DA16, 2) -> 8.23 | P23: =SmtRes!AG16 -> 10.06 | Q23: =SmtRes!DC16 -> 3.4 | R23: =ROUND(ROUND(Q23*Source!I35, 6)*1, 2) -> 0.06 | S23: =SmtRes!AC16 -> 395.66 | T23: =ROUND(ROUND(Q23*Source!I35, 6)*SmtRes!AK16, 2) -> 2.51 | U23: 2 | Z23: =SmtRes!X16 -> -896236776 | AA23: 136637897 | AB23: 520652551
A24: 20 | B24: 15 | C24: 2 | D24: 0 | E24: =SmtRes!AV15 -> 0 | F24: =SmtRes!I15 -> 91.05.05-015 | G24: =SmtRes!K15 -> Краны на автомобильном ходу, грузоподъемность 16 т | H24: =SmtRes!O15 -> маш.-ч. | I24: =SmtRes!Y15*Source!I35 -> 0.001645 | J24: =SmtRes!AO15 -> 1 | K24: =SmtRes!AF15 -> 115.4 | L24: =SmtRes!DB15 -> 10.1 | M24: =ROUND(ROUND(L24*Source!I35, 6)*1, 2) -> 0.19 | N24: =SmtRes!AB15 -> 1664.07 | O24: =ROUND(ROUND(L24*Source!I35, 6)*SmtRes!DA15, 2) -> 2.74 | P24: =SmtRes!AG15 -> 13.5 | Q24: =SmtRes!DC15 -> 1.1875 | R24: =ROUND(ROUND(Q24*Source!I35, 6)*1, 2) -> 0.02 | S24: =SmtRes!AC15 -> 530.96 | T24: =ROUND(ROUND(Q24*Source!I35, 6)*SmtRes!AK15, 2) -> 0.88 | U24: 2 | Z24: =SmtRes!X15 -> -430484415 | AA24: 1310972514 | AB24: 2000656327
A25: 20 | B25: 13 | C25: 1 | D25: 0 | E25: =SmtRes!AV13 -> 1 | F25: =SmtRes!I13 -> 1-100-29 | G25: =SmtRes!K13 -> Затраты труда рабочих (Средний разряд - 2,9) | H25: =SmtRes!O13 -> чел.-ч. | I25: =SmtRes!Y13*Source!I35 -> 1.90256 | J25: =SmtRes!AO13 -> 1 | K25: =SmtRes!AH13 -> 8.46 | L25: =SmtRes!DB13 -> 856.152 | M25: =ROUND(ROUND(L25*Source!I35, 6)*1, 2) -> 16.1 | N25: =SmtRes!AD13 -> 332.73 | O25: =ROUND(ROUND(L25*Source!I35, 6)*SmtRes!DA13, 2) -> 633.04 | P25: =SmtRes!AG13 -> 0 | Q25: =SmtRes!DC13 -> 0 | R25: =ROUND(ROUND(Q25*Source!I35, 6)*1, 2) -> 0 | S25: =SmtRes!AC13 -> 0 | T25: =ROUND(ROUND(Q25*Source!I35, 6)*SmtRes!AK13, 2) -> 0 | U25: 1 | Z25: =SmtRes!X13 -> -961628416 | AA25: 1499082655 | AB25: 875232498
A26: 20 | B26: 30 | C26: 3 | D26: 0 | E26: =SmtRes!AV30 -> 0 | F26: =SmtRes!I30 -> 01.7.07.12-0024 | G26: =SmtRes!K30 -> Пленка полиэтиленовая, толщина 0,15 мм | H26: =SmtRes!O30 -> м2 | I26: =SmtRes!Y30*Source!I36 -> 0.625 | J26: =SmtRes!AO30 -> 1 | K26: =SmtRes!AE30 -> 3.62 | L26: =SmtRes!DB30 -> 905 | M26: =ROUND(ROUND(L26*Source!I36, 6)*1, 2) -> 2.26 | N26: =SmtRes!AA30 -> 31.82 | O26: =ROUND(ROUND(L26*Source!I36, 6)*SmtRes!DA30, 2) -> 19.89 | P26: =SmtRes!AG30 -> 0 | Q26: =SmtRes!DC30 -> 0 | R26: =ROUND(ROUND(Q26*Source!I36, 6)*1, 2) -> 0 | S26: =SmtRes!AC30 -> 0 | T26: =ROUND(ROUND(Q26*Source!I36, 6)*SmtRes!AK30, 2) -> 0 | U26: 3 | Z26: =SmtRes!X30 -> 1300369369 | AA26: 227914367 | AB26: 466374951
A27: 20 | B27: 29 | C27: 3 | D27: 0 | E27: =SmtRes!AV29 -> 0 | F27: =SmtRes!I29 -> 01.7.03.01-0001 | G27: =SmtRes!K29 -> Вода | H27: =SmtRes!O29 -> м3 | I27: =SmtRes!Y29*Source!I36 -> 0.004375 | J27: =SmtRes!AO29 -> 1 | K27: =SmtRes!AE29 -> 2.44 | L27: =SmtRes!DB29 -> 4.27 | M27: =ROUND(ROUND(L27*Source!I36, 6)*1, 2) -> 0.01 | N27: =SmtRes!AA29 -> 21.45 | O27: =ROUND(ROUND(L27*Source!I36, 6)*SmtRes!DA29, 2) -> 0.09 | P27: =SmtRes!AG29 -> 0 | Q27: =SmtRes!DC29 -> 0 | R27: =ROUND(ROUND(Q27*Source!I36, 6)*1, 2) -> 0 | S27: =SmtRes!AC29 -> 0 | T27: =ROUND(ROUND(Q27*Source!I36, 6)*SmtRes!AK29, 2) -> 0 | U27: 3 | Z27: =SmtRes!X29 -> -143474561 | AA27: 197266994 | AB27: 1852311330
A28: 20 | B28: 28 | C28: 2 | D28: 0 | E28: =SmtRes!AV28 -> 0 | F28: =SmtRes!I28 -> 91.14.02-001 | G28: =SmtRes!K28 -> Автомобили бортовые, грузоподъемность до 5 т | H28: =SmtRes!O28 -> маш.-ч. | I28: =SmtRes!Y28*Source!I36 -> 0.000375 | J28: =SmtRes!AO28 -> 1 | K28: =SmtRes!AF28 -> 65.71 | L28: =SmtRes!DB28 -> 9.8625 | M28: =ROUND(ROUND(L28*Source!I36, 6)*1, 2) -> 0.02 | N28: =SmtRes!AB28 -> 947.54 | O28: =ROUND(ROUND(L28*Source!I36, 6)*SmtRes!DA28, 2) -> 0.36 | P28: =SmtRes!AG28 -> 11.6 | Q28: =SmtRes!DC28 -> 1.7375 | R28: =ROUND(ROUND(Q28*Source!I36, 6)*1, 2) -> 0 | S28: =SmtRes!AC28 -> 456.23 | T28: =ROUND(ROUND(Q28*Source!I36, 6)*SmtRes!AK28, 2) -> 0.17 | U28: 2 | Z28: =SmtRes!X28 -> 509054691 | AA28: 1555251513 | AB28: -341607382
A29: 20 | B29: 27 | C29: 2 | D29: 0 | E29: =SmtRes!AV27 -> 0 | F29: =SmtRes!I27 -> 91.07.04-002 | G29: =SmtRes!K27 -> Вибраторы поверхностные | H29: =SmtRes!O27 -> маш.-ч. | I29: =SmtRes!Y27*Source!I36 -> 0.01853125 | J29: =SmtRes!AO27 -> 1 | K29: =SmtRes!AF27 -> 0.5 | L29: =SmtRes!DB27 -> 3.7125 | M29: =ROUND(ROUND(L29*Source!I36, 6)*1, 2) -> 0.01 | N29: =SmtRes!AB27 -> 7.21 | O29: =ROUND(ROUND(L29*Source!I36, 6)*SmtRes!DA27, 2) -> 0.13 | P29: =SmtRes!AG27 -> 0 | Q29: =SmtRes!DC27 -> 0 | R29: =ROUND(ROUND(Q29*Source!I36, 6)*1, 2) -> 0 | S29: =SmtRes!AC27 -> 0 | T29: =ROUND(ROUND(Q29*Source!I36, 6)*SmtRes!AK27, 2) -> 0 | U29: 2 | Z29: =SmtRes!X27 -> -1322498708 | AA29: -1524613514 | AB29: 2004498012
A30: 20 | B30: 26 | C30: 2 | D30: 0 | E30: =SmtRes!AV26 -> 0 | F30: =SmtRes!I26 -> 91.05.01-017 | G30: =SmtRes!K26 -> Краны башенные, грузоподъемность 8 т | H30: =SmtRes!O26 -> маш.-ч. | I30: =SmtRes!Y26*Source!I36 -> 0.05625 | J30: =SmtRes!AO26 -> 1 | K30: =SmtRes!AF26 -> 86.4 | L30: =SmtRes!DB26 -> 1944 | M30: =ROUND(ROUND(L30*Source!I36, 6)*1, 2) -> 4.86 | N30: =SmtRes!AB26 -> 1245.89 | O30: =ROUND(ROUND(L30*Source!I36, 6)*SmtRes!DA26, 2) -> 70.08 | P30: =SmtRes!AG26 -> 13.5 | Q30: =SmtRes!DC26 -> 303.75 | R30: =ROUND(ROUND(Q30*Source!I36, 6)*1, 2) -> 0.76 | S30: =SmtRes!AC26 -> 530.96 | T30: =ROUND(ROUND(Q30*Source!I36, 6)*SmtRes!AK26, 2) -> 29.87 | U30: 2 | Z30: =SmtRes!X26 -> -130837057 | AA30: 2072177899 | AB30: 1807981556
A31: 20 | B31: 24 | C31: 1 | D31: 0 | E31: =SmtRes!AV24 -> 1 | F31: =SmtRes!I24 -> 1-100-20 | G31: =SmtRes!K24 -> Затраты труда рабочих (Средний разряд - 2) | H31: =SmtRes!O24 -> чел.-ч. | I31: =SmtRes!Y24*Source!I36 -> 0.388125 | J31: =SmtRes!AO24 -> 1 | K31: =SmtRes!AH24 -> 7.8 | L31: =SmtRes!DB24 -> 1210.95 | M31: =ROUND(ROUND(L31*Source!I36, 6)*1, 2) -> 3.03 | N31: =SmtRes!AD24 -> 306.77 | O31: =ROUND(ROUND(L31*Source!I36, 6)*SmtRes!DA24, 2) -> 119.07 | P31: =SmtRes!AG24 -> 0 | Q31: =SmtRes!DC24 -> 0 | R31: =ROUND(ROUND(Q31*Source!I36, 6)*1, 2) -> 0 | S31: =SmtRes!AC24 -> 0 | T31: =ROUND(ROUND(Q31*Source!I36, 6)*SmtRes!AK24, 2) -> 0 | U31: 1 | Z31: =SmtRes!X24 -> 2031828327 | AA31: -1201093027 | AB31: -2142032798
A32: =Source!A37 -> 18 | B32: 37 | C32: 3 | D32: =Source!BI37 -> 1 | E32: =Source!FS37 -> 0 | F32: =Source!F37 -> 04.1.02.05-0007 | G32: =Source!G37 -> Смеси бетонные тяжелого бетона (БСТ), класс В20 (М250) | H32: =Source!H37 -> м3 | I32: =Source!I37 -> 0.255 | J32: 1 | K32: =Source!AC37 -> 665 | M32: =ROUND(K32*I32, 2) -> 169.58 | N32: =Source!AC37*IF(Source!BC37<> 0, Source!BC37, 1) -> 5845.35 | O32: =ROUND(N32*I32, 2) -> 1490.56 | P32: =Source!AE37 -> 0 | R32: =ROUND(P32*I32, 2) -> 0 | S32: =Source!AE37*IF(Source!BS37<> 0, Source!BS37, 1) -> 0 | T32: =ROUND(S32*I32, 2) -> 0 | U32: 3 | Z32: =Source!GF37 -> -1590786868 | AA32: -290492498 | AB32: 1210281076
A33: 20 | B33: 38 | C33: 3 | D33: 0 | E33: =SmtRes!AV38 -> 0 | F33: =SmtRes!I38 -> 01.7.07.29-0091 | G33: =SmtRes!K38 -> Опилки древесные | H33: =SmtRes!O38 -> м3 | I33: =SmtRes!Y38*Source!I38 -> 0.150552 | J33: =SmtRes!AO38 -> 1 | K33: =SmtRes!AE38 -> 34.92 | L33: =SmtRes!DB38 -> 106.86 | M33: =ROUND(ROUND(L33*Source!I38, 6)*1, 2) -> 5.26 | N33: =SmtRes!AA38 -> 306.95 | O33: =ROUND(ROUND(L33*Source!I38, 6)*SmtRes!DA38, 2) -> 46.21 | P33: =SmtRes!AG38 -> 0 | Q33: =SmtRes!DC38 -> 0 | R33: =ROUND(ROUND(Q33*Source!I38, 6)*1, 2) -> 0 | S33: =SmtRes!AC38 -> 0 | T33: =ROUND(ROUND(Q33*Source!I38, 6)*SmtRes!AK38, 2) -> 0 | U33: 3 | Z33: =SmtRes!X38 -> -1053408311 | AA33: 576005777 | AB33: -1880025573
A34: 20 | B34: 37 | C34: 3 | D34: 0 | E34: =SmtRes!AV37 -> 0 | F34: =SmtRes!I37 -> 01.7.03.01-0001 | G34: =SmtRes!K37 -> Вода | H34: =SmtRes!O37 -> м3 | I34: =SmtRes!Y37*Source!I38 -> 0.18942 | J34: =SmtRes!AO37 -> 1 | K34: =SmtRes!AE37 -> 2.44 | L34: =SmtRes!DB37 -> 9.39 | M34: =ROUND(ROUND(L34*Source!I38, 6)*1, 2) -> 0.46 | N34: =SmtRes!AA37 -> 21.45 | O34: =ROUND(ROUND(L34*Source!I38, 6)*SmtRes!DA37, 2) -> 4.06 | P34: =SmtRes!AG37 -> 0 | Q34: =SmtRes!DC37 -> 0 | R34: =ROUND(ROUND(Q34*Source!I38, 6)*1, 2) -> 0 | S34: =SmtRes!AC37 -> 0 | T34: =ROUND(ROUND(Q34*Source!I38, 6)*SmtRes!AK37, 2) -> 0 | U34: 3 | Z34: =SmtRes!X37 -> -143474561 | AA34: 197266994 | AB34: 1852311330
A35: 20 | B35: 36 | C35: 2 | D35: 0 | E35: =SmtRes!AV36 -> 0 | F35: =SmtRes!I36 -> 91.14.02-001 | G35: =SmtRes!K36 -> Автомобили бортовые, грузоподъемность до 5 т | H35: =SmtRes!O36 -> маш.-ч. | I35: =SmtRes!Y36*Source!I38 -> 0.01722 | J35: =SmtRes!AO36 -> 1 | K35: =SmtRes!AF36 -> 65.71 | L35: =SmtRes!DB36 -> 23 | M35: =ROUND(ROUND(L35*Source!I38, 6)*1, 2) -> 1.13 | N35: =SmtRes!AB36 -> 947.54 | O35: =ROUND(ROUND(L35*Source!I38, 6)*SmtRes!DA36, 2) -> 16.32 | P35: =SmtRes!AG36 -> 11.6 | Q35: =SmtRes!DC36 -> 4.0625 | R35: =ROUND(ROUND(Q35*Source!I38, 6)*1, 2) -> 0.2 | S35: =SmtRes!AC36 -> 456.23 | T35: =ROUND(ROUND(Q35*Source!I38, 6)*SmtRes!AK36, 2) -> 7.86 | U35: 2 | Z35: =SmtRes!X36 -> 509054691 | AA35: 1555251513 | AB35: -341607382
A36: 20 | B36: 35 | C36: 2 | D36: 0 | E36: =SmtRes!AV35 -> 0 | F36: =SmtRes!I35 -> 91.06.06-048 | G36: =SmtRes!K35 -> Подъемники одномачтовые, грузоподъемность до 500 кг, высота подъема 45 м | H36: =SmtRes!O35 -> маш.-ч. | I36: =SmtRes!Y35*Source!I38 -> 0.14145 | J36: =SmtRes!AO35 -> 1 | K36: =SmtRes!AF35 -> 31.26 | L36: =SmtRes!DB35 -> 89.875 | M36: =ROUND(ROUND(L36*Source!I38, 6)*1, 2) -> 4.42 | N36: =SmtRes!AB35 -> 450.77 | O36: =ROUND(ROUND(L36*Source!I38, 6)*SmtRes!DA35, 2) -> 63.76 | P36: =SmtRes!AG35 -> 13.5 | Q36: =SmtRes!DC35 -> 38.8125 | R36: =ROUND(ROUND(Q36*Source!I38, 6)*1, 2) -> 1.91 | S36: =SmtRes!AC35 -> 530.96 | T36: =ROUND(ROUND(Q36*Source!I38, 6)*SmtRes!AK35, 2) -> 75.1 | U36: 2 | Z36: =SmtRes!X35 -> 1232162608 | AA36: 142210996 | AB36: 550578493
A37: 20 | B37: 34 | C37: 2 | D37: 0 | E37: =SmtRes!AV34 -> 0 | F37: =SmtRes!I34 -> 91.06.05-011 | G37: =SmtRes!K34 -> Погрузчики, грузоподъемность 5 т | H37: =SmtRes!O34 -> маш.-ч. | I37: =SmtRes!Y34*Source!I38 -> 0.02214 | J37: =SmtRes!AO34 -> 1 | K37: =SmtRes!AF34 -> 89.99 | L37: =SmtRes!DB34 -> 40.5 | M37: =ROUND(ROUND(L37*Source!I38, 6)*1, 2) -> 1.99 | N37: =SmtRes!AB34 -> 1297.66 | O37: =ROUND(ROUND(L37*Source!I38, 6)*SmtRes!DA34, 2) -> 28.73 | P37: =SmtRes!AG34 -> 10.06 | Q37: =SmtRes!DC34 -> 4.525 | R37: =ROUND(ROUND(Q37*Source!I38, 6)*1, 2) -> 0.22 | S37: =SmtRes!AC34 -> 395.66 | T37: =ROUND(ROUND(Q37*Source!I38, 6)*SmtRes!AK34, 2) -> 8.76 | U37: 2 | Z37: =SmtRes!X34 -> -896236776 | AA37: 136637897 | AB37: 520652551
A38: 20 | B38: 32 | C38: 1 | D38: 0 | E38: =SmtRes!AV32 -> 1 | F38: =SmtRes!I32 -> 1-100-32 | G38: =SmtRes!K32 -> Затраты труда рабочих (Средний разряд - 3,2) | H38: =SmtRes!O32 -> чел.-ч. | I38: =SmtRes!Y32*Source!I38 -> 5.99748 | J38: =SmtRes!AO32 -> 1 | K38: =SmtRes!AH32 -> 8.74 | L38: =SmtRes!DB32 -> 1065.406 | M38: =ROUND(ROUND(L38*Source!I38, 6)*1, 2) -> 52.42 | N38: =SmtRes!AD32 -> 343.74 | O38: =ROUND(ROUND(L38*Source!I38, 6)*SmtRes!DA32, 2) -> 2061.6 | P38: =SmtRes!AG32 -> 0 | Q38: =SmtRes!DC32 -> 0 | R38: =ROUND(ROUND(Q38*Source!I38, 6)*1, 2) -> 0 | S38: =SmtRes!AC32 -> 0 | T38: =ROUND(ROUND(Q38*Source!I38, 6)*SmtRes!AK32, 2) -> 0 | U38: 1 | Z38: =SmtRes!X32 -> 784619160 | AA38: -859080157 | AB38: 1262808885
A39: =Source!A41 -> 18 | B39: 41 | C39: 3 | D39: =Source!BI41 -> 1 | E39: =Source!FS41 -> 0 | F39: =Source!F41 -> 14.1.06.04-0010 | G39: =Source!G41 -> Клей плиточный «Боларс Аква» | H39: =Source!H41 -> кг | I39: =Source!I41 -> 75 | J39: 1 | K39: =Source!AC41 -> 4.93 | M39: =ROUND(K39*I39, 2) -> 369.75 | N39: =Source!AC41*IF(Source!BC41<> 0, Source!BC41, 1) -> 43.3347 | O39: =ROUND(N39*I39, 2) -> 3250.1 | P39: =Source!AE41 -> 0 | R39: =ROUND(P39*I39, 2) -> 0 | S39: =Source!AE41*IF(Source!BS41<> 0, Source!BS41, 1) -> 0 | T39: =ROUND(S39*I39, 2) -> 0 | U39: 3 | Z39: =Source!GF41 -> 272805291 | AA39: 1494413386 | AB39: 730537242
A40: =Source!A42 -> 18 | B40: 42 | C40: 3 | D40: =Source!BI42 -> 1 | E40: =Source!FS42 -> 0 | F40: =Source!F42 -> 06.2.05.03-1000 | G40: =Source!G42 -> Плитка керамогранитная, размер 300x300x8 мм | H40: =Source!H42 -> м2 | I40: =Source!I42 -> 5.0184 | J40: 1 | K40: =Source!AC42 -> 47.83 | M40: =ROUND(K40*I40, 2) -> 240.03 | N40: =Source!AC42*IF(Source!BC42<> 0, Source!BC42, 1) -> 420.4257 | O40: =ROUND(N40*I40, 2) -> 2109.86 | P40: =Source!AE42 -> 0 | R40: =ROUND(P40*I40, 2) -> 0 | S40: =Source!AE42*IF(Source!BS42<> 0, Source!BS42, 1) -> 0 | T40: =ROUND(S40*I40, 2) -> 0 | U40: 3 | Z40: =Source!GF42 -> -773684841 | AA40: 920425757 | AB40: -1994779640
A41: 20 | B41: 55 | C41: 3 | D41: 0 | E41: =SmtRes!AV55 -> 0 | F41: =SmtRes!I55 -> 08.3.03.05-0017 | G41: =SmtRes!K55 -> Проволока стальная низкоуглеродистая разного назначения оцинкованная, диаметр 3,0 мм | H41: =SmtRes!O55 -> т | I41: =SmtRes!Y55*Source!I43 -> 0.002684 | J41: =SmtRes!AO55 -> 1 | K41: =SmtRes!AE55 -> 12242 | L41: =SmtRes!DB55 -> 244.84 | M41: =ROUND(ROUND(L41*Source!I43, 6)*1, 2) -> 32.86 | N41: =SmtRes!AA55 -> 107607.18 | O41: =ROUND(ROUND(L41*Source!I43, 6)*SmtRes!DA55, 2) -> 288.82 | P41: =SmtRes!AG55 -> 0 | Q41: =SmtRes!DC55 -> 0 | R41: =ROUND(ROUND(Q41*Source!I43, 6)*1, 2) -> 0 | S41: =SmtRes!AC55 -> 0 | T41: =ROUND(ROUND(Q41*Source!I43, 6)*SmtRes!AK55, 2) -> 0 | U41: 3 | Z41: =SmtRes!X55 -> 1354244301 | AA41: -649061568 | AB41: 1996775060
A42: 20 | B42: 53 | C42: 3 | D42: 0 | E42: =SmtRes!AV53 -> 0 | F42: =SmtRes!I53 -> 04.3.01.12-0111 | G42: =SmtRes!K53 -> Раствор готовый отделочный тяжелый, цементно-известковый, состав 1:1:6 | H42: =SmtRes!O53 -> м3 | I42: =SmtRes!Y53*Source!I43 -> 0.2684 | J42: =SmtRes!AO53 -> 1 | K42: =SmtRes!AE53 -> 517.91 | L42: =SmtRes!DB53 -> 1035.82 | M42: =ROUND(ROUND(L42*Source!I43, 6)*1, 2) -> 139.01 | N42: =SmtRes!AA53 -> 4552.43 | O42: =ROUND(ROUND(L42*Source!I43, 6)*SmtRes!DA53, 2) -> 1221.87 | P42: =SmtRes!AG53 -> 0 | Q42: =SmtRes!DC53 -> 0 | R42: =ROUND(ROUND(Q42*Source!I43, 6)*1, 2) -> 0 | S42: =SmtRes!AC53 -> 0 | T42: =ROUND(ROUND(Q42*Source!I43, 6)*SmtRes!AK53, 2) -> 0 | U42: 3 | Z42: =SmtRes!X53 -> -2007109984 | AA42: 2017654502 | AB42: -807192053
A43: 20 | B43: 52 | C43: 3 | D43: 0 | E43: =SmtRes!AV52 -> 0 | F43: =SmtRes!I52 -> 02.4.03.02-0001 | G43: =SmtRes!K52 -> Щебень пористый из металлургического шлака М 600, фракция 5-10 мм | H43: =SmtRes!O52 -> м3 | I43: =SmtRes!Y52*Source!I43 -> 0.0009394 | J43: =SmtRes!AO52 -> 1 | K43: =SmtRes!AE52 -> 74.58 | L43: =SmtRes!DB52 -> 0.52 | M43: =ROUND(ROUND(L43*Source!I43, 6)*1, 2) -> 0.07 | N43: =SmtRes!AA52 -> 655.56 | O43: =ROUND(ROUND(L43*Source!I43, 6)*SmtRes!DA52, 2) -> 0.61 | P43: =SmtRes!AG52 -> 0 | Q43: =SmtRes!DC52 -> 0 | R43: =ROUND(ROUND(Q43*Source!I43, 6)*1, 2) -> 0 | S43: =SmtRes!AC52 -> 0 | T43: =ROUND(ROUND(Q43*Source!I43, 6)*SmtRes!AK52, 2) -> 0 | U43: 3 | Z43: =SmtRes!X52 -> 116102337 | AA43: 1337776523 | AB43: 1155639359
A44: 20 | B44: 51 | C44: 3 | D44: 0 | E44: =SmtRes!AV51 -> 0 | F44: =SmtRes!I51 -> 01.7.20.08-0051 | G44: =SmtRes!K51 -> Ветошь | H44: =SmtRes!O51 -> кг | I44: =SmtRes!Y51*Source!I43 -> 0.671 | J44: =SmtRes!AO51 -> 1 | K44: =SmtRes!AE51 -> 1.82 | L44: =SmtRes!DB51 -> 9.1 | M44: =ROUND(ROUND(L44*Source!I43, 6)*1, 2) -> 1.22 | N44: =SmtRes!AA51 -> 16 | O44: =ROUND(ROUND(L44*Source!I43, 6)*SmtRes!DA51, 2) -> 10.73 | P44: =SmtRes!AG51 -> 0 | Q44: =SmtRes!DC51 -> 0 | R44: =ROUND(ROUND(Q44*Source!I43, 6)*1, 2) -> 0 | S44: =SmtRes!AC51 -> 0 | T44: =ROUND(ROUND(Q44*Source!I43, 6)*SmtRes!AK51, 2) -> 0 | U44: 3 | Z44: =SmtRes!X51 -> -1877867608 | AA44: -361699886 | AB44: 903852933
A45: 20 | B45: 50 | C45: 3 | D45: 0 | E45: =SmtRes!AV50 -> 0 | F45: =SmtRes!I50 -> 01.7.17.05-0021 | G45: =SmtRes!K50 -> Карборунд | H45: =SmtRes!O50 -> кг | I45: =SmtRes!Y50*Source!I43 -> 0.998448 | J45: =SmtRes!AO50 -> 1 | K45: =SmtRes!AE50 -> 5.71 | L45: =SmtRes!DB50 -> 42.48 | M45: =ROUND(ROUND(L45*Source!I43, 6)*1, 2) -> 5.7 | N45: =SmtRes!AA50 -> 50.19 | O45: =ROUND(ROUND(L45*Source!I43, 6)*SmtRes!DA50, 2) -> 50.11 | P45: =SmtRes!AG50 -> 0 | Q45: =SmtRes!DC50 -> 0 | R45: =ROUND(ROUND(Q45*Source!I43, 6)*1, 2) -> 0 | S45: =SmtRes!AC50 -> 0 | T45: =ROUND(ROUND(Q45*Source!I43, 6)*SmtRes!AK50, 2) -> 0 | U45: 3 | Z45: =SmtRes!X50 -> 571635844 | AA45: -49200405 | AB45: -186999755
A46: 20 | B46: 49 | C46: 3 | D46: 0 | E46: =SmtRes!AV49 -> 0 | F46: =SmtRes!I49 -> 01.7.07.13-0001 | G46: =SmtRes!K49 -> Мука андезитовая кислотоупорная, А | H46: =SmtRes!O49 -> т | I46: =SmtRes!Y49*Source!I43 -> 0.0006039 | J46: =SmtRes!AO49 -> 1 | K46: =SmtRes!AE49 -> 688.8 | L46: =SmtRes!DB49 -> 3.1 | M46: =ROUND(ROUND(L46*Source!I43, 6)*1, 2) -> 0.42 | N46: =SmtRes!AA49 -> 6054.55 | O46: =ROUND(ROUND(L46*Source!I43, 6)*SmtRes!DA49, 2) -> 3.66 | P46: =SmtRes!AG49 -> 0 | Q46: =SmtRes!DC49 -> 0 | R46: =ROUND(ROUND(Q46*Source!I43, 6)*1, 2) -> 0 | S46: =SmtRes!AC49 -> 0 | T46: =ROUND(ROUND(Q46*Source!I43, 6)*SmtRes!AK49, 2) -> 0 | U46: 3 | Z46: =SmtRes!X49 -> -1258424839 | AA46: -1035637104 | AB46: 520628784
A47: 20 | B47: 48 | C47: 3 | D47: 0 | E47: =SmtRes!AV48 -> 0 | F47: =SmtRes!I48 -> 01.7.03.01-0001 | G47: =SmtRes!K48 -> Вода | H47: =SmtRes!O48 -> м3 | I47: =SmtRes!Y48*Source!I43 -> 0.216062 | J47: =SmtRes!AO48 -> 1 | K47: =SmtRes!AE48 -> 2.44 | L47: =SmtRes!DB48 -> 3.93 | M47: =ROUND(ROUND(L47*Source!I43, 6)*1, 2) -> 0.53 | N47: =SmtRes!AA48 -> 21.45 | O47: =ROUND(ROUND(L47*Source!I43, 6)*SmtRes!DA48, 2) -> 4.64 | P47: =SmtRes!AG48 -> 0 | Q47: =SmtRes!DC48 -> 0 | R47: =ROUND(ROUND(Q47*Source!I43, 6)*1, 2) -> 0 | S47: =SmtRes!AC48 -> 0 | T47: =ROUND(ROUND(Q47*Source!I43, 6)*SmtRes!AK48, 2) -> 0 | U47: 3 | Z47: =SmtRes!X48 -> -1033255509 | AA47: -1846669192 | AB47: -806166878
A48: 20 | B48: 47 | C48: 3 | D48: 0 | E48: =SmtRes!AV47 -> 0 | F48: =SmtRes!I47 -> 01.7.02.10-0005 | G48: =SmtRes!K47 -> Бумага ролевая | H48: =SmtRes!O47 -> т | I48: =SmtRes!Y47*Source!I43 -> 0.0009394 | J48: =SmtRes!AO47 -> 1 | K48: =SmtRes!AE47 -> 5650 | L48: =SmtRes!DB47 -> 39.55 | M48: =ROUND(ROUND(L48*Source!I43, 6)*1, 2) -> 5.31 | N48: =SmtRes!AA47 -> 49663.5 | O48: =ROUND(ROUND(L48*Source!I43, 6)*SmtRes!DA47, 2) -> 46.65 | P48: =SmtRes!AG47 -> 0 | Q48: =SmtRes!DC47 -> 0 | R48: =ROUND(ROUND(Q48*Source!I43, 6)*1, 2) -> 0 | S48: =SmtRes!AC47 -> 0 | T48: =ROUND(ROUND(Q48*Source!I43, 6)*SmtRes!AK47, 2) -> 0 | U48: 3 | Z48: =SmtRes!X47 -> 503531831 | AA48: 814742731 | AB48: -723108037
A49: 20 | B49: 46 | C49: 2 | D49: 0 | E49: =SmtRes!AV46 -> 0 | F49: =SmtRes!I46 -> 91.06.06-048 | G49: =SmtRes!K46 -> Подъемники одномачтовые, грузоподъемность до 500 кг, высота подъема 45 м | H49: =SmtRes!O46 -> маш.-ч | I49: =SmtRes!Y46*Source!I43 -> 0.3640175 | J49: =SmtRes!AO46 -> 1 | K49: =SmtRes!AF46 -> 31.26 | L49: =SmtRes!DB46 -> 84.7875 | M49: =ROUND(ROUND(L49*Source!I43, 6)*1, 2) -> 11.38 | N49: =SmtRes!AB46 -> 450.77 | O49: =ROUND(ROUND(L49*Source!I43, 6)*SmtRes!DA46, 2) -> 164.08 | P49: =SmtRes!AG46 -> 13.5 | Q49: =SmtRes!DC46 -> 36.625 | R49: =ROUND(ROUND(Q49*Source!I43, 6)*1, 2) -> 4.92 | S49: =SmtRes!AC46 -> 530.96 | T49: =ROUND(ROUND(Q49*Source!I43, 6)*SmtRes!AK46, 2) -> 193.31 | U49: 2 | Z49: =SmtRes!X46 -> -1360328220 | AA49: -1896321524 | AB49: 1002604171
A50: 20 | B50: 45 | C50: 2 | D50: 0 | E50: =SmtRes!AV45 -> 0 | F50: =SmtRes!I45 -> 91.06.05-011 | G50: =SmtRes!K45 -> Погрузчики, грузоподъемность 5 т | H50: =SmtRes!O45 -> маш.-ч | I50: =SmtRes!Y45*Source!I43 -> 0.0654225 | J50: =SmtRes!AO45 -> 1 | K50: =SmtRes!AF45 -> 89.99 | L50: =SmtRes!DB45 -> 43.875 | M50: =ROUND(ROUND(L50*Source!I43, 6)*1, 2) -> 5.89 | N50: =SmtRes!AB45 -> 1297.66 | O50: =ROUND(ROUND(L50*Source!I43, 6)*SmtRes!DA45, 2) -> 84.91 | P50: =SmtRes!AG45 -> 10.06 | Q50: =SmtRes!DC45 -> 4.9 | R50: =ROUND(ROUND(Q50*Source!I43, 6)*1, 2) -> 0.66 | S50: =SmtRes!AC45 -> 395.66 | T50: =ROUND(ROUND(Q50*Source!I43, 6)*SmtRes!AK45, 2) -> 25.86 | U50: 2 | Z50: =SmtRes!X45 -> -1845589996 | AA50: -544468788 | AB50: 1449851093
A51: 20 | B51: 43 | C51: 1 | D51: 0 | E51: =SmtRes!AV43 -> 1 | F51: =SmtRes!I43 -> 1-100-47 | G51: =SmtRes!K43 -> Рабочий среднего разряда 4.7 | H51: =SmtRes!O43 -> чел.-ч. | I51: =SmtRes!Y43*Source!I43 -> 84.8815 | J51: =SmtRes!AO43 -> 1 | K51: =SmtRes!AH43 -> 10.65 | L51: =SmtRes!DB43 -> 6736.125 | M51: =ROUND(ROUND(L51*Source!I43, 6)*1, 2) -> 903.99 | N51: =SmtRes!AD43 -> 418.86 | O51: =ROUND(ROUND(L51*Source!I43, 6)*SmtRes!DA43, 2) -> 35553.85 | P51: =SmtRes!AG43 -> 0 | Q51: =SmtRes!DC43 -> 0 | R51: =ROUND(ROUND(Q51*Source!I43, 6)*1, 2) -> 0 | S51: =SmtRes!AC43 -> 0 | T51: =ROUND(ROUND(Q51*Source!I43, 6)*SmtRes!AK43, 2) -> 0 | U51: 1 | Z51: =SmtRes!X43 -> 1145761654 | AA51: 1330369000 | AB51: -621965525
A52: =Source!A46 -> 18 | B52: 46 | C52: 3 | D52: =Source!BI46 -> 1 | E52: =Source!FS46 -> 0 | F52: =Source!F46 -> 06.2.05.03-1000 | G52: =Source!G46 -> Плитка керамогранитная, размер 300x300x8 мм | H52: =Source!H46 -> м2 | I52: =Source!I46 -> 13.5542 | J52: 1 | K52: =Source!AC46 -> 47.83 | M52: =ROUND(K52*I52, 2) -> 648.3 | N52: =Source!AC46*IF(Source!BC46<> 0, Source!BC46, 1) -> 420.4257 | O52: =ROUND(N52*I52, 2) -> 5698.53 | P52: =Source!AE46 -> 0 | R52: =ROUND(P52*I52, 2) -> 0 | S52: =Source!AE46*IF(Source!BS46<> 0, Source!BS46, 1) -> 0 | T52: =ROUND(S52*I52, 2) -> 0 | U52: 3 | Z52: =Source!GF46 -> -773684841 | AA52: 920425757 | AB52: -1994779640
A53: 20 | B53: 66 | C53: 3 | D53: 0 | E53: =SmtRes!AV66 -> 0 | F53: =SmtRes!I66 -> 04.3.01.09-0023 | G53: =SmtRes!K66 -> Раствор отделочный тяжелый цементный, состав 1:3 | H53: =SmtRes!O66 -> м3 | I53: =SmtRes!Y66*Source!I47 -> 0.162 | J53: =SmtRes!AO66 -> 1 | K53: =SmtRes!AE66 -> 497 | L53: =SmtRes!DB66 -> 994 | M53: =ROUND(ROUND(L53*Source!I47, 6)*1, 2) -> 80.51 | N53: =SmtRes!AA66 -> 4368.63 | O53: =ROUND(ROUND(L53*Source!I47, 6)*SmtRes!DA66, 2) -> 707.72 | P53: =SmtRes!AG66 -> 0 | Q53: =SmtRes!DC66 -> 0 | R53: =ROUND(ROUND(Q53*Source!I47, 6)*1, 2) -> 0 | S53: =SmtRes!AC66 -> 0 | T53: =ROUND(ROUND(Q53*Source!I47, 6)*SmtRes!AK66, 2) -> 0 | U53: 3 | Z53: =SmtRes!X66 -> 940109158 | AA53: 211625266 | AB53: -2077712775
A54: 20 | B54: 64 | C54: 3 | D54: 0 | E54: =SmtRes!AV64 -> 0 | F54: =SmtRes!I64 -> 03.2.01.04-0002 | G54: =SmtRes!K64 -> Цемент пуццолановый М400 ППЦ (ЦЕМ IV 32,5Н) | H54: =SmtRes!O64 -> т | I54: =SmtRes!Y64*Source!I47 -> 0.00324 | J54: =SmtRes!AO64 -> 1 | K54: =SmtRes!AE64 -> 412 | L54: =SmtRes!DB64 -> 16.48 | M54: =ROUND(ROUND(L54*Source!I47, 6)*1, 2) -> 1.33 | N54: =SmtRes!AA64 -> 3621.48 | O54: =ROUND(ROUND(L54*Source!I47, 6)*SmtRes!DA64, 2) -> 11.73 | P54: =SmtRes!AG64 -> 0 | Q54: =SmtRes!DC64 -> 0 | R54: =ROUND(ROUND(Q54*Source!I47, 6)*1, 2) -> 0 | S54: =SmtRes!AC64 -> 0 | T54: =ROUND(ROUND(Q54*Source!I47, 6)*SmtRes!AK64, 2) -> 0 | U54: 3 | Z54: =SmtRes!X64 -> -1326156508 | AA54: -660917209 | AB54: 1154186002
A55: 20 | B55: 63 | C55: 3 | D55: 0 | E55: =SmtRes!AV63 -> 0 | F55: =SmtRes!I63 -> 01.7.20.08-0051 | G55: =SmtRes!K63 -> Ветошь | H55: =SmtRes!O63 -> кг | I55: =SmtRes!Y63*Source!I47 -> 0.0405 | J55: =SmtRes!AO63 -> 1 | K55: =SmtRes!AE63 -> 1.82 | L55: =SmtRes!DB63 -> 0.91 | M55: =ROUND(ROUND(L55*Source!I47, 6)*1, 2) -> 0.07 | N55: =SmtRes!AA63 -> 16 | O55: =ROUND(ROUND(L55*Source!I47, 6)*SmtRes!DA63, 2) -> 0.65 | P55: =SmtRes!AG63 -> 0 | Q55: =SmtRes!DC63 -> 0 | R55: =ROUND(ROUND(Q55*Source!I47, 6)*1, 2) -> 0 | S55: =SmtRes!AC63 -> 0 | T55: =ROUND(ROUND(Q55*Source!I47, 6)*SmtRes!AK63, 2) -> 0 | U55: 3 | Z55: =SmtRes!X63 -> 1052716416 | AA55: -605706354 | AB55: 688655737
A56: 20 | B56: 62 | C56: 3 | D56: 0 | E56: =SmtRes!AV62 -> 0 | F56: =SmtRes!I62 -> 01.7.03.01-0001 | G56: =SmtRes!K62 -> Вода | H56: =SmtRes!O62 -> м3 | I56: =SmtRes!Y62*Source!I47 -> 0.0405 | J56: =SmtRes!AO62 -> 1 | K56: =SmtRes!AE62 -> 2.44 | L56: =SmtRes!DB62 -> 1.22 | M56: =ROUND(ROUND(L56*Source!I47, 6)*1, 2) -> 0.1 | N56: =SmtRes!AA62 -> 21.45 | O56: =ROUND(ROUND(L56*Source!I47, 6)*SmtRes!DA62, 2) -> 0.87 | P56: =SmtRes!AG62 -> 0 | Q56: =SmtRes!DC62 -> 0 | R56: =ROUND(ROUND(Q56*Source!I47, 6)*1, 2) -> 0 | S56: =SmtRes!AC62 -> 0 | T56: =ROUND(ROUND(Q56*Source!I47, 6)*SmtRes!AK62, 2) -> 0 | U56: 3 | Z56: =SmtRes!X62 -> -143474561 | AA56: 197266994 | AB56: 1852311330
A57: 20 | B57: 61 | C57: 2 | D57: 0 | E57: =SmtRes!AV61 -> 0 | F57: =SmtRes!I61 -> 91.06.06-048 | G57: =SmtRes!K61 -> Подъемники одномачтовые, грузоподъемность до 500 кг, высота подъема 45 м | H57: =SmtRes!O61 -> маш.-ч. | I57: =SmtRes!Y61*Source!I47 -> 0.1225125 | J57: =SmtRes!AO61 -> 1 | K57: =SmtRes!AF61 -> 31.26 | L57: =SmtRes!DB61 -> 47.275 | M57: =ROUND(ROUND(L57*Source!I47, 6)*1, 2) -> 3.83 | N57: =SmtRes!AB61 -> 450.77 | O57: =ROUND(ROUND(L57*Source!I47, 6)*SmtRes!DA61, 2) -> 55.22 | P57: =SmtRes!AG61 -> 13.5 | Q57: =SmtRes!DC61 -> 20.425 | R57: =ROUND(ROUND(Q57*Source!I47, 6)*1, 2) -> 1.65 | S57: =SmtRes!AC61 -> 530.96 | T57: =ROUND(ROUND(Q57*Source!I47, 6)*SmtRes!AK61, 2) -> 65.07 | U57: 2 | Z57: =SmtRes!X61 -> 1232162608 | AA57: 142210996 | AB57: 550578493
A58: 20 | B58: 60 | C58: 2 | D58: 0 | E58: =SmtRes!AV60 -> 0 | F58: =SmtRes!I60 -> 91.06.05-011 | G58: =SmtRes!K60 -> Погрузчики, грузоподъемность 5 т | H58: =SmtRes!O60 -> маш.-ч. | I58: =SmtRes!Y60*Source!I47 -> 0.0111375 | J58: =SmtRes!AO60 -> 1 | K58: =SmtRes!AF60 -> 89.99 | L58: =SmtRes!DB60 -> 12.375 | M58: =ROUND(ROUND(L58*Source!I47, 6)*1, 2) -> 1 | N58: =SmtRes!AB60 -> 1297.66 | O58: =ROUND(ROUND(L58*Source!I47, 6)*SmtRes!DA60, 2) -> 14.45 | P58: =SmtRes!AG60 -> 10.06 | Q58: =SmtRes!DC60 -> 1.3875 | R58: =ROUND(ROUND(Q58*Source!I47, 6)*1, 2) -> 0.11 | S58: =SmtRes!AC60 -> 395.66 | T58: =ROUND(ROUND(Q58*Source!I47, 6)*SmtRes!AK60, 2) -> 4.42 | U58: 2 | Z58: =SmtRes!X60 -> -896236776 | AA58: 136637897 | AB58: 520652551
A59: 20 | B59: 58 | C59: 1 | D59: 0 | E59: =SmtRes!AV58 -> 1 | F59: =SmtRes!I58 -> 1-100-38 | G59: =SmtRes!K58 -> Затраты труда рабочих (Средний разряд - 3,8) | H59: =SmtRes!O58 -> чел.-ч. | I59: =SmtRes!Y58*Source!I47 -> 25.1505 | J59: =SmtRes!AO58 -> 1 | K59: =SmtRes!AH58 -> 9.4 | L59: =SmtRes!DB58 -> 2918.7 | M59: =ROUND(ROUND(L59*Source!I47, 6)*1, 2) -> 236.41 | N59: =SmtRes!AD58 -> 369.7 | O59: =ROUND(ROUND(L59*Source!I47, 6)*SmtRes!DA58, 2) -> 9298.19 | P59: =SmtRes!AG58 -> 0 | Q59: =SmtRes!DC58 -> 0 | R59: =ROUND(ROUND(Q59*Source!I47, 6)*1, 2) -> 0 | S59: =SmtRes!AC58 -> 0 | T59: =ROUND(ROUND(Q59*Source!I47, 6)*SmtRes!AK58, 2) -> 0 | U59: 1 | Z59: =SmtRes!X58 -> -2012709214 | AA59: 1763359681 | AB59: -1426927726
A60: =Source!A48 -> 18 | B60: 48 | C60: 3 | D60: =Source!BI48 -> 1 | E60: =Source!FS48 -> 0 | F60: =Source!F48 -> 06.2.05.03-1000 | G60: =Source!G48 -> Плитка керамогранитная, размер 300x300x8 мм | H60: =Source!H48 -> м2 | I60: =Source!I48 -> 8.1 | J60: 1 | K60: =Source!AC48 -> 47.83 | M60: =ROUND(K60*I60, 2) -> 387.42 | N60: =Source!AC48*IF(Source!BC48<> 0, Source!BC48, 1) -> 420.4257 | O60: =ROUND(N60*I60, 2) -> 3405.45 | P60: =Source!AE48 -> 0 | R60: =ROUND(P60*I60, 2) -> 0 | S60: =Source!AE48*IF(Source!BS48<> 0, Source!BS48, 1) -> 0 | T60: =ROUND(S60*I60, 2) -> 0 | U60: 3 | Z60: =Source!GF48 -> -773684841 | AA60: 920425757 | AB60: -1994779640
A61: 20 | B61: 74 | C61: 3 | D61: 0 | E61: =SmtRes!AV74 -> 0 | F61: =SmtRes!I74 -> 01.7.15.14-0166 | G61: =SmtRes!K74 -> Шурупы с полукруглой головкой 5x35 мм | H61: =SmtRes!O74 -> т | I61: =SmtRes!Y74*Source!I53 -> 0.000183 | J61: =SmtRes!AO74 -> 1 | K61: =SmtRes!AE74 -> 12430 | L61: =SmtRes!DB74 -> 9.32 | M61: =ROUND(ROUND(L61*Source!I53, 6)*1, 2) -> 2.27 | N61: =SmtRes!AA74 -> 109259.7 | O61: =ROUND(ROUND(L61*Source!I53, 6)*SmtRes!DA74, 2) -> 19.99 | P61: =SmtRes!AG74 -> 0 | Q61: =SmtRes!DC74 -> 0 | R61: =ROUND(ROUND(Q61*Source!I53, 6)*1, 2) -> 0 | S61: =SmtRes!AC74 -> 0 | T61: =ROUND(ROUND(Q61*Source!I53, 6)*SmtRes!AK74, 2) -> 0 | U61: 3 | Z61: =SmtRes!X74 -> -1574380220 | AA61: -1945821663 | AB61: -459914792
A62: 20 | B62: 73 | C62: 2 | D62: 0 | E62: =SmtRes!AV73 -> 0 | F62: =SmtRes!I73 -> 91.14.02-001 | G62: =SmtRes!K73 -> Автомобили бортовые, грузоподъемность до 5 т | H62: =SmtRes!O73 -> маш.-ч. | I62: =SmtRes!Y73*Source!I53 -> 0.01525 | J62: =SmtRes!AO73 -> 1 | K62: =SmtRes!AF73 -> 65.71 | L62: =SmtRes!DB73 -> 4.1125 | M62: =ROUND(ROUND(L62*Source!I53, 6)*1, 2) -> 1 | N62: =SmtRes!AB73 -> 947.54 | O62: =ROUND(ROUND(L62*Source!I53, 6)*SmtRes!DA73, 2) -> 14.47 | P62: =SmtRes!AG73 -> 11.6 | Q62: =SmtRes!DC73 -> 0.725 | R62: =ROUND(ROUND(Q62*Source!I53, 6)*1, 2) -> 0.18 | S62: =SmtRes!AC73 -> 456.23 | T62: =ROUND(ROUND(Q62*Source!I53, 6)*SmtRes!AK73, 2) -> 6.96 | U62: 2 | Z62: =SmtRes!X73 -> 509054691 | AA62: 1555251513 | AB62: -341607382
A63: 20 | B63: 71 | C63: 1 | D63: 0 | E63: =SmtRes!AV71 -> 1 | F63: =SmtRes!I71 -> 1-100-37 | G63: =SmtRes!K71 -> Затраты труда рабочих (Средний разряд - 3,7) | H63: =SmtRes!O71 -> чел.-ч. | I63: =SmtRes!Y71*Source!I53 -> 3.541172 | J63: =SmtRes!AO71 -> 1 | K63: =SmtRes!AH71 -> 9.29 | L63: =SmtRes!DB71 -> 134.826 | M63: =ROUND(ROUND(L63*Source!I53, 6)*1, 2) -> 32.9 | N63: =SmtRes!AD71 -> 365.38 | O63: =ROUND(ROUND(L63*Source!I53, 6)*SmtRes!DA71, 2) -> 1293.86 | P63: =SmtRes!AG71 -> 0 | Q63: =SmtRes!DC71 -> 0 | R63: =ROUND(ROUND(Q63*Source!I53, 6)*1, 2) -> 0 | S63: =SmtRes!AC71 -> 0 | T63: =ROUND(ROUND(Q63*Source!I53, 6)*SmtRes!AK71, 2) -> 0 | U63: 1 | Z63: =SmtRes!X71 -> -881424154 | AA63: -16767708 | AB63: 553408591
A64: =Source!A56 -> 18 | B64: 56 | C64: 3 | D64: =Source!BI56 -> 1 | E64: =Source!FS56 -> 0 | F64: =Source!F56 -> 07.2.06.03-0228 | G64: =Source!G56 -> Профиль угловой ПУ 25x25 мм для защиты углов, алюминиевый | H64: =Source!H56 -> м | I64: =Source!I56 -> 24.4 | J64: 1 | K64: =Source!AC56 -> 5.01 | M64: =ROUND(K64*I64, 2) -> 122.24 | N64: =Source!AC56*IF(Source!BC56<> 0, Source!BC56, 1) -> 44.0379 | O64: =ROUND(N64*I64, 2) -> 1074.52 | P64: =Source!AE56 -> 0 | R64: =ROUND(P64*I64, 2) -> 0 | S64: =Source!AE56*IF(Source!BS56<> 0, Source!BS56, 1) -> 0 | T64: =ROUND(S64*I64, 2) -> 0 | U64: 3 | Z64: =Source!GF56 -> 771637963 | AA64: 2009287780 | AB64: 1788961215
A65: 20 | B65: 78 | C65: 1 | D65: 0 | E65: =SmtRes!AV78 -> 1 | F65: =SmtRes!I78 -> 1-100-30 | G65: =SmtRes!K78 -> Затраты труда рабочих (Средний разряд - 3) | H65: =SmtRes!O78 -> чел.-ч. | I65: =SmtRes!Y78*Source!I57 -> 12.42 | J65: =SmtRes!AO78 -> 1 | K65: =SmtRes!AH78 -> 8.53 | L65: =SmtRes!DB78 -> 8.832 | M65: =ROUND(ROUND(L65*Source!I57, 6)*1, 2) -> 105.98 | N65: =SmtRes!AD78 -> 335.48 | O65: =ROUND(ROUND(L65*Source!I57, 6)*SmtRes!DA78, 2) -> 4168.35 | P65: =SmtRes!AG78 -> 0 | Q65: =SmtRes!DC78 -> 0 | R65: =ROUND(ROUND(Q65*Source!I57, 6)*1, 2) -> 0 | S65: =SmtRes!AC78 -> 0 | T65: =ROUND(ROUND(Q65*Source!I57, 6)*SmtRes!AK78, 2) -> 0 | U65: 1 | Z65: =SmtRes!X78 -> 1049124552 | AA65: 835615299 | AB65: 1140953449
A66: 20 | B66: 89 | C66: 3 | D66: 0 | E66: =SmtRes!AV89 -> 0 | F66: =SmtRes!I89 -> 14.5.09.07-0022 | G66: =SmtRes!K89 -> Растворитель № 646 | H66: =SmtRes!O89 -> т | I66: =SmtRes!Y89*Source!I58 -> 0.00036 | J66: =SmtRes!AO89 -> 1 | K66: =SmtRes!AE89 -> 10465 | L66: =SmtRes!DB89 -> 31.4 | M66: =ROUND(ROUND(L66*Source!I58, 6)*1, 2) -> 3.77 | N66: =SmtRes!AA89 -> 91987.35 | O66: =ROUND(ROUND(L66*Source!I58, 6)*SmtRes!DA89, 2) -> 33.12 | P66: =SmtRes!AG89 -> 0 | Q66: =SmtRes!DC89 -> 0 | R66: =ROUND(ROUND(Q66*Source!I58, 6)*1, 2) -> 0 | S66: =SmtRes!AC89 -> 0 | T66: =ROUND(ROUND(Q66*Source!I58, 6)*SmtRes!AK89, 2) -> 0 | U66: 3 | Z66: =SmtRes!X89 -> -1250693108 | AA66: -498646716 | AB66: 1676543118
A67: 20 | B67: 88 | C67: 3 | D67: 0 | E67: =SmtRes!AV88 -> 0 | F67: =SmtRes!I88 -> 14.5.09.04-0111 | G67: =SmtRes!K88 -> Отвердитель № 1 | H67: =SmtRes!O88 -> т | I67: =SmtRes!Y88*Source!I58 -> 0.00024 | J67: =SmtRes!AO88 -> 1 | K67: =SmtRes!AE88 -> 67872 | L67: =SmtRes!DB88 -> 135.74 | M67: =ROUND(ROUND(L67*Source!I58, 6)*1, 2) -> 16.29 | N67: =SmtRes!AA88 -> 596594.88 | O67: =ROUND(ROUND(L67*Source!I58, 6)*SmtRes!DA88, 2) -> 143.18 | P67: =SmtRes!AG88 -> 0 | Q67: =SmtRes!DC88 -> 0 | R67: =ROUND(ROUND(Q67*Source!I58, 6)*1, 2) -> 0 | S67: =SmtRes!AC88 -> 0 | T67: =ROUND(ROUND(Q67*Source!I58, 6)*SmtRes!AK88, 2) -> 0 | U67: 3 | Z67: =SmtRes!X88 -> -1709569930 | AA67: 487104698 | AB67: 627078738
A68: 20 | B68: 87 | C68: 3 | D68: 0 | E68: =SmtRes!AV87 -> 0 | F68: =SmtRes!I87 -> 14.4.01.09-0430 | G68: =SmtRes!K87 -> Грунтовка двухкомпонентная на основе эпоксидной смолы | H68: =SmtRes!O87 -> т | I68: =SmtRes!Y87*Source!I58 -> 0.0024 | J68: =SmtRes!AO87 -> 1 | K68: =SmtRes!AE87 -> 53320 | L68: =SmtRes!DB87 -> 1066.4 | M68: =ROUND(ROUND(L68*Source!I58, 6)*1, 2) -> 127.97 | N68: =SmtRes!AA87 -> 468682.8 | O68: =ROUND(ROUND(L68*Source!I58, 6)*SmtRes!DA87, 2) -> 1124.84 | P68: =SmtRes!AG87 -> 0 | Q68: =SmtRes!DC87 -> 0 | R68: =ROUND(ROUND(Q68*Source!I58, 6)*1, 2) -> 0 | S68: =SmtRes!AC87 -> 0 | T68: =ROUND(ROUND(Q68*Source!I58, 6)*SmtRes!AK87, 2) -> 0 | U68: 3 | Z68: =SmtRes!X87 -> -1217403070 | AA68: -1468364578 | AB68: -286131530
A69: 20 | B69: 84 | C69: 2 | D69: 0 | E69: =SmtRes!AV84 -> 0 | F69: =SmtRes!I84 -> 91.21.01-012 | G69: =SmtRes!K84 -> Агрегаты окрасочные высокого давления для окраски поверхностей конструкций, мощность 1 кВт | H69: =SmtRes!O84 -> маш.-ч. | I69: =SmtRes!Y84*Source!I58 -> 0.168 | J69: =SmtRes!AO84 -> 1 | K69: =SmtRes!AF84 -> 6.82 | L69: =SmtRes!DB84 -> 9.55 | M69: =ROUND(ROUND(L69*Source!I58, 6)*1, 2) -> 1.15 | N69: =SmtRes!AB84 -> 98.34 | O69: =ROUND(ROUND(L69*Source!I58, 6)*SmtRes!DA84, 2) -> 16.53 | P69: =SmtRes!AG84 -> 0 | Q69: =SmtRes!DC84 -> 0 | R69: =ROUND(ROUND(Q69*Source!I58, 6)*1, 2) -> 0 | S69: =SmtRes!AC84 -> 0 | T69: =ROUND(ROUND(Q69*Source!I58, 6)*SmtRes!AK84, 2) -> 0 | U69: 2 | Z69: =SmtRes!X84 -> -1745017968 | AA69: 2100240186 | AB69: -975903495
A70: 20 | B70: 83 | C70: 2 | D70: 0 | E70: =SmtRes!AV83 -> 0 | F70: =SmtRes!I83 -> 91.14.02-001 | G70: =SmtRes!K83 -> Автомобили бортовые, грузоподъемность до 5 т | H70: =SmtRes!O83 -> маш.-ч. | I70: =SmtRes!Y83*Source!I58 -> 0.0015 | J70: =SmtRes!AO83 -> 1 | K70: =SmtRes!AF83 -> 65.71 | L70: =SmtRes!DB83 -> 0.825 | M70: =ROUND(ROUND(L70*Source!I58, 6)*1, 2) -> 0.1 | N70: =SmtRes!AB83 -> 947.54 | O70: =ROUND(ROUND(L70*Source!I58, 6)*SmtRes!DA83, 2) -> 1.43 | P70: =SmtRes!AG83 -> 11.6 | Q70: =SmtRes!DC83 -> 0.15 | R70: =ROUND(ROUND(Q70*Source!I58, 6)*1, 2) -> 0.02 | S70: =SmtRes!AC83 -> 456.23 | T70: =ROUND(ROUND(Q70*Source!I58, 6)*SmtRes!AK83, 2) -> 0.71 | U70: 2 | Z70: =SmtRes!X83 -> 509054691 | AA70: 1555251513 | AB70: -341607382
A71: 20 | B71: 82 | C71: 2 | D71: 0 | E71: =SmtRes!AV82 -> 0 | F71: =SmtRes!I82 -> 91.06.05-011 | G71: =SmtRes!K82 -> Погрузчики, грузоподъемность 5 т | H71: =SmtRes!O82 -> маш.-ч. | I71: =SmtRes!Y82*Source!I58 -> 0.0015 | J71: =SmtRes!AO82 -> 1 | K71: =SmtRes!AF82 -> 89.99 | L71: =SmtRes!DB82 -> 1.125 | M71: =ROUND(ROUND(L71*Source!I58, 6)*1, 2) -> 0.14 | N71: =SmtRes!AB82 -> 1297.66 | O71: =ROUND(ROUND(L71*Source!I58, 6)*SmtRes!DA82, 2) -> 1.95 | P71: =SmtRes!AG82 -> 10.06 | Q71: =SmtRes!DC82 -> 0.125 | R71: =ROUND(ROUND(Q71*Source!I58, 6)*1, 2) -> 0.02 | S71: =SmtRes!AC82 -> 395.66 | T71: =ROUND(ROUND(Q71*Source!I58, 6)*SmtRes!AK82, 2) -> 0.59 | U71: 2 | Z71: =SmtRes!X82 -> -896236776 | AA71: 136637897 | AB71: 520652551
A72: 20 | B72: 81 | C72: 2 | D72: 0 | E72: =SmtRes!AV81 -> 0 | F72: =SmtRes!I81 -> 91.06.03-060 | G72: =SmtRes!K81 -> Лебедки электрические тяговым усилием до 5,79 кН (0,59 т) | H72: =SmtRes!O81 -> маш.-ч. | I72: =SmtRes!Y81*Source!I58 -> 0.0015 | J72: =SmtRes!AO81 -> 1 | K72: =SmtRes!AF81 -> 1.7 | L72: =SmtRes!DB81 -> 0.025 | M72: =ROUND(ROUND(L72*Source!I58, 6)*1, 2) -> 0 | N72: =SmtRes!AB81 -> 24.51 | O72: =ROUND(ROUND(L72*Source!I58, 6)*SmtRes!DA81, 2) -> 0.04 | P72: =SmtRes!AG81 -> 0 | Q72: =SmtRes!DC81 -> 0 | R72: =ROUND(ROUND(Q72*Source!I58, 6)*1, 2) -> 0 | S72: =SmtRes!AC81 -> 0 | T72: =ROUND(ROUND(Q72*Source!I58, 6)*SmtRes!AK81, 2) -> 0 | U72: 2 | Z72: =SmtRes!X81 -> 208619310 | AA72: 1081998786 | AB72: -1087507982
A73: 20 | B73: 79 | C73: 1 | D73: 0 | E73: =SmtRes!AV79 -> 1 | F73: =SmtRes!I79 -> 1-100-49 | G73: =SmtRes!K79 -> Затраты труда рабочих (Средний разряд - 4,9) | H73: =SmtRes!O79 -> чел.-ч. | I73: =SmtRes!Y79*Source!I58 -> 0.64032 | J73: =SmtRes!AO79 -> 1 | K73: =SmtRes!AH79 -> 10.94 | L73: =SmtRes!DB79 -> 58.374 | M73: =ROUND(ROUND(L73*Source!I58, 6)*1, 2) -> 7 | N73: =SmtRes!AD79 -> 430.27 | O73: =ROUND(ROUND(L73*Source!I58, 6)*SmtRes!DA79, 2) -> 275.5 | P73: =SmtRes!AG79 -> 0 | Q73: =SmtRes!DC79 -> 0 | R73: =ROUND(ROUND(Q73*Source!I58, 6)*1, 2) -> 0 | S73: =SmtRes!AC79 -> 0 | T73: =ROUND(ROUND(Q73*Source!I58, 6)*SmtRes!AK79, 2) -> 0 | U73: 1 | Z73: =SmtRes!X79 -> 1423317190 | AA73: 940826111 | AB73: -775616230
A74: 20 | B74: 99 | C74: 3 | D74: 0 | E74: =SmtRes!AV99 -> 0 | F74: =SmtRes!I99 -> 14.5.09.07-0030 | G74: =SmtRes!K99 -> Растворитель Р-4 | H74: =SmtRes!O99 -> кг | I74: =SmtRes!Y99*Source!I61 -> 0.324 | J74: =SmtRes!AO99 -> 1 | K74: =SmtRes!AE99 -> 9.42 | L74: =SmtRes!DB99 -> 25.43 | M74: =ROUND(ROUND(L74*Source!I61, 6)*1, 2) -> 3.05 | N74: =SmtRes!AA99 -> 82.8 | O74: =ROUND(ROUND(L74*Source!I61, 6)*SmtRes!DA99, 2) -> 26.82 | P74: =SmtRes!AG99 -> 0 | Q74: =SmtRes!DC99 -> 0 | R74: =ROUND(ROUND(Q74*Source!I61, 6)*1, 2) -> 0 | S74: =SmtRes!AC99 -> 0 | T74: =ROUND(ROUND(Q74*Source!I61, 6)*SmtRes!AK99, 2) -> 0 | U74: 3 | Z74: =SmtRes!X99 -> -1449230318 | AA74: 519563086 | AB74: 1321358672
A75: 20 | B75: 98 | C75: 3 | D75: 0 | E75: =SmtRes!AV98 -> 0 | F75: =SmtRes!I98 -> 14.5.09.04-0115 | G75: =SmtRes!K98 -> Отвердитель амино-фенольный | H75: =SmtRes!O98 -> кг | I75: =SmtRes!Y98*Source!I61 -> 0.06 | J75: =SmtRes!AO98 -> 1 | K75: =SmtRes!AE98 -> 48.6 | L75: =SmtRes!DB98 -> 24.3 | M75: =ROUND(ROUND(L75*Source!I61, 6)*1, 2) -> 2.92 | N75: =SmtRes!AA98 -> 427.19 | O75: =ROUND(ROUND(L75*Source!I61, 6)*SmtRes!DA98, 2) -> 25.63 | P75: =SmtRes!AG98 -> 0 | Q75: =SmtRes!DC98 -> 0 | R75: =ROUND(ROUND(Q75*Source!I61, 6)*1, 2) -> 0 | S75: =SmtRes!AC98 -> 0 | T75: =ROUND(ROUND(Q75*Source!I61, 6)*SmtRes!AK98, 2) -> 0 | U75: 3 | Z75: =SmtRes!X98 -> -1936602384 | AA75: -1887617499 | AB75: -1406023943
A76: 20 | B76: 96 | C76: 3 | D76: 0 | E76: =SmtRes!AV96 -> 0 | F76: =SmtRes!I96 -> 14.4.04.11-0005 | G76: =SmtRes!K96 -> Эмаль двухкомпонентная из сополимера винилхлорида, модифицированного эпоксидной смолой | H76: =SmtRes!O96 -> т | I76: =SmtRes!Y96*Source!I61 -> 0.00324 | J76: =SmtRes!AO96 -> 1 | K76: =SmtRes!AE96 -> 48307 | L76: =SmtRes!DB96 -> 1304.29 | M76: =ROUND(ROUND(L76*Source!I61, 6)*1, 2) -> 156.51 | N76: =SmtRes!AA96 -> 424618.53 | O76: =ROUND(ROUND(L76*Source!I61, 6)*SmtRes!DA96, 2) -> 1375.77 | P76: =SmtRes!AG96 -> 0 | Q76: =SmtRes!DC96 -> 0 | R76: =ROUND(ROUND(Q76*Source!I61, 6)*1, 2) -> 0 | S76: =SmtRes!AC96 -> 0 | T76: =ROUND(ROUND(Q76*Source!I61, 6)*SmtRes!AK96, 2) -> 0 | U76: 3 | Z76: =SmtRes!X96 -> -1481682458 | AA76: 777935512 | AB76: 1893772075
A77: 20 | B77: 95 | C77: 2 | D77: 0 | E77: =SmtRes!AV95 -> 0 | F77: =SmtRes!I95 -> 91.21.01-012 | G77: =SmtRes!K95 -> Агрегаты окрасочные высокого давления для окраски поверхностей конструкций, мощность 1 кВт | H77: =SmtRes!O95 -> маш.-ч. | I77: =SmtRes!Y95*Source!I61 -> 0.2925 | J77: =SmtRes!AO95 -> 1 | K77: =SmtRes!AF95 -> 6.82 | L77: =SmtRes!DB95 -> 16.625 | M77: =ROUND(ROUND(L77*Source!I61, 6)*1, 2) -> 2 | N77: =SmtRes!AB95 -> 98.34 | O77: =ROUND(ROUND(L77*Source!I61, 6)*SmtRes!DA95, 2) -> 28.77 | P77: =SmtRes!AG95 -> 0 | Q77: =SmtRes!DC95 -> 0 | R77: =ROUND(ROUND(Q77*Source!I61, 6)*1, 2) -> 0 | S77: =SmtRes!AC95 -> 0 | T77: =ROUND(ROUND(Q77*Source!I61, 6)*SmtRes!AK95, 2) -> 0 | U77: 2 | Z77: =SmtRes!X95 -> -1745017968 | AA77: 2100240186 | AB77: -975903495
A78: 20 | B78: 94 | C78: 2 | D78: 0 | E78: =SmtRes!AV94 -> 0 | F78: =SmtRes!I94 -> 91.14.02-001 | G78: =SmtRes!K94 -> Автомобили бортовые, грузоподъемность до 5 т | H78: =SmtRes!O94 -> маш.-ч. | I78: =SmtRes!Y94*Source!I61 -> 0.0045 | J78: =SmtRes!AO94 -> 1 | K78: =SmtRes!AF94 -> 65.71 | L78: =SmtRes!DB94 -> 2.4625 | M78: =ROUND(ROUND(L78*Source!I61, 6)*1, 2) -> 0.3 | N78: =SmtRes!AB94 -> 947.54 | O78: =ROUND(ROUND(L78*Source!I61, 6)*SmtRes!DA94, 2) -> 4.26 | P78: =SmtRes!AG94 -> 11.6 | Q78: =SmtRes!DC94 -> 0.4375 | R78: =ROUND(ROUND(Q78*Source!I61, 6)*1, 2) -> 0.05 | S78: =SmtRes!AC94 -> 456.23 | T78: =ROUND(ROUND(Q78*Source!I61, 6)*SmtRes!AK94, 2) -> 2.06 | U78: 2 | Z78: =SmtRes!X94 -> 509054691 | AA78: 1555251513 | AB78: -341607382
A79: 20 | B79: 93 | C79: 2 | D79: 0 | E79: =SmtRes!AV93 -> 0 | F79: =SmtRes!I93 -> 91.06.05-011 | G79: =SmtRes!K93 -> Погрузчики, грузоподъемность 5 т | H79: =SmtRes!O93 -> маш.-ч. | I79: =SmtRes!Y93*Source!I61 -> 0.0015 | J79: =SmtRes!AO93 -> 1 | K79: =SmtRes!AF93 -> 89.99 | L79: =SmtRes!DB93 -> 1.125 | M79: =ROUND(ROUND(L79*Source!I61, 6)*1, 2) -> 0.14 | N79: =SmtRes!AB93 -> 1297.66 | O79: =ROUND(ROUND(L79*Source!I61, 6)*SmtRes!DA93, 2) -> 1.95 | P79: =SmtRes!AG93 -> 10.06 | Q79: =SmtRes!DC93 -> 0.125 | R79: =ROUND(ROUND(Q79*Source!I61, 6)*1, 2) -> 0.02 | S79: =SmtRes!AC93 -> 395.66 | T79: =ROUND(ROUND(Q79*Source!I61, 6)*SmtRes!AK93, 2) -> 0.59 | U79: 2 | Z79: =SmtRes!X93 -> -896236776 | AA79: 136637897 | AB79: 520652551
A80: 20 | B80: 92 | C80: 2 | D80: 0 | E80: =SmtRes!AV92 -> 0 | F80: =SmtRes!I92 -> 91.06.03-060 | G80: =SmtRes!K92 -> Лебедки электрические тяговым усилием до 5,79 кН (0,59 т) | H80: =SmtRes!O92 -> маш.-ч. | I80: =SmtRes!Y92*Source!I61 -> 0.0015 | J80: =SmtRes!AO92 -> 1 | K80: =SmtRes!AF92 -> 1.7 | L80: =SmtRes!DB92 -> 0.025 | M80: =ROUND(ROUND(L80*Source!I61, 6)*1, 2) -> 0 | N80: =SmtRes!AB92 -> 24.51 | O80: =ROUND(ROUND(L80*Source!I61, 6)*SmtRes!DA92, 2) -> 0.04 | P80: =SmtRes!AG92 -> 0 | Q80: =SmtRes!DC92 -> 0 | R80: =ROUND(ROUND(Q80*Source!I61, 6)*1, 2) -> 0 | S80: =SmtRes!AC92 -> 0 | T80: =ROUND(ROUND(Q80*Source!I61, 6)*SmtRes!AK92, 2) -> 0 | U80: 2 | Z80: =SmtRes!X92 -> 208619310 | AA80: 1081998786 | AB80: -1087507982
A81: 20 | B81: 90 | C81: 1 | D81: 0 | E81: =SmtRes!AV90 -> 1 | F81: =SmtRes!I90 -> 1-100-35 | G81: =SmtRes!K90 -> Затраты труда рабочих (Средний разряд - 3,5) | H81: =SmtRes!O90 -> чел.-ч. | I81: =SmtRes!Y90*Source!I61 -> 0.38364 | J81: =SmtRes!AO90 -> 1 | K81: =SmtRes!AH90 -> 9.07 | L81: =SmtRes!DB90 -> 28.9915 | M81: =ROUND(ROUND(L81*Source!I61, 6)*1, 2) -> 3.48 | N81: =SmtRes!AD90 -> 356.72 | O81: =ROUND(ROUND(L81*Source!I61, 6)*SmtRes!DA90, 2) -> 136.83 | P81: =SmtRes!AG90 -> 0 | Q81: =SmtRes!DC90 -> 0 | R81: =ROUND(ROUND(Q81*Source!I61, 6)*1, 2) -> 0 | S81: =SmtRes!AC90 -> 0 | T81: =ROUND(ROUND(Q81*Source!I61, 6)*SmtRes!AK90, 2) -> 0 | U81: 1 | Z81: =SmtRes!X90 -> 1893946532 | AA81: 1619794217 | AB81: 612535488
A82: 999

Sheet Смета по ФЕР 421+557пр (12
A1: =Source!B1 -> Smeta.RU (495) 974-1589
B3: "СОГЛАСОВАНО" | H3: "УТВЕРЖДАЮ"
B6: =CONCATENATE("______________________ ", IF(Source!AL12<>"", Source!AL12, "")) -> ______________________
B7: "_____"________________ 2026 г.
A10: Наименование программного продукта | F10: Программа для ЭВМ «Программа: «Smeta.RU» версия 11»
A12: Наименование редакции сметных нормативов | F12: =IF([1]Source!CQ12<>"",[1]Source!CQ12,"") -> Приказ Минстроя России от 26.12.2019 г. № 876/пр; Приказ Минстроя России от 04.08.2020 г. № 421/пр; Приказ Минстроя России от 21.12.2020 г. № 812/пр; Приказ Минстроя России от 11.12.2020 г. № 774/пр
A14: Реквизиты приказов об утверждении дополнений и изменений к сметным нормативам | F14: =IF([1]Source!CV12<>"",[1]Source!CV12,"") -> Приказ Минстроя России от 30.03.2020 г. № 172/пр; Приказ Минстроя России от 01.06.2020 г. № 294/пр; Приказ Минстроя России от 30.06.2020 г. № 352/пр; Приказ Минстроя России от 20.10.2020 г. № 636/пр; Приказ Минстроя России от 9.02.2021 г. № 51/пр; Приказ Минстроя России от 24.05.2021 г. № 321/пр; Приказ Минстроя России от 24.06.2021 г. № 408/пр; Приказ Минстроя России от 14.10.2021 г. № 746/пр; Приказ Минстроя России от 20.12.2021 г. № 962/пр; Приказ Минстроя России от 07.07.2022 г. № 557/пр, Приказ Минстроя России от 30.01.2024 г. № 55/пр; Приказ Минстроя России от 02.09.2021 г. № 636/пр, Приказ Минстроя России от 26.07.2022 г. № 611/пр; Приказ Минстроя России от 22.04.2022 г. № 317/пр
A16: Реквизиты письма Минстроя России об индексах изменения сметной стоимости строительства, включаемые в федеральный реестр сметных нормативов и размещаемые в федеральной государственной информационной системе ценообразования в строительстве, подготовленного в соответствии с пунктом 85 Методики расчета индексов изменения сметной стоимости строительства, утвержденной приказом Министерства строительства и жилищно-коммунального хозяйства Российской Федерации от 5 июня 2019 г. N 326/пр | F16: Письма Минстроя России: от 23.07.2026 г №45358-ИФ/09; от 13.08.2026 г. №50058-ИФ/09
A18: Нормативный правовой акт об утверждении оплаты труда, утверждаемый в соответствии с пунктом 22(1) Правилами мониторинга цен, утвержденными постановлением Правительства Российской Федерации от 23 декабря 2016 г. N 1452
A20: Наименование субъекта Российской Федерации | F20: (44) Костромская область
A22: Наименование зоны субъекта Российской Федерации | F22: Центральный Федеральный округ
A25: Волжская межрегиональная природоохранная прокуратура
A26: (наименование стройки)
A28: Костромская межрайонная природоохранная прокуратура
A29: (наименование объекта капитального строительства)
A31: ЛОКАЛЬНАЯ СМЕТА № 2
A33: ремонт крыльца Костромской межрайонной природоохранной прокуратуры по адресу :г.Кострома, пер.Кадыевский, д.4
A34: (наименование работ и затрат)
A37: Составлен | C37: Базисно-индексным | D37: методом
A39: Основание | C39: Дефектная ведомость
C40: (проектная и (или) иная техническая документация)
A42: Составлена в ценах III квартал 2026 года (1.01.2000) Капитальный ремонт жилых и общественных зданий
A44: Сметная стоимость | C44: =C47+C48+C49+C50 -> 161.92 | D44: =D47+D48+D49+D50 -> 6.15 | F44: тыс. руб.
B45: с НДС22% | C45: =L362/1000 -> 197.54339 | F45: тыс. руб.
B46: в том числе: | G46: Средства на оплату труда рабочих | I46: =ROUND(SUM(AR58:AR362)/1000, 2) -> 56.55 | J46: =ROUND((SUM(S58:S362))/1000, 2) -> 1.44 | K46: тыс. руб.
B47: строительных работ | C47: =ROUND((Source!F111)/1000, 2) -> 161.92 | D47: =ROUND((SUM(BH58:BH362)+SUMIF(CD58:CD362, 1, AG58:AG362)+SUMIF(CD58:CD362, 1, AF58:AF362))/1000, 2) -> 6.15 | F47: тыс. руб. | G47: Нормативные затраты труда рабочих | J47: =Source!F116 -> 144.32885 | K47: чел.-ч.
B48: монтажных работ | C48: =ROUND((Source!F112)/1000, 2) -> 0 | D48: =ROUND((SUM(BI58:BI362)+SUMIF(CD58:CD362, 2, AG58:AG362)+SUMIF(CD58:CD362, 2, AF58:AF362))/1000, 2) -> 0 | F48: тыс. руб. | G48: Нормативные затраты труда машинистов | J48: =Source!F117 -> 1.03834 | K48: чел.-ч.
B49: оборудования | C49: =ROUND((Source!F103)/1000, 2) -> 0 | D49: =ROUND((SUM(BJ58:BJ362)+SUM(AH58:AH362))/1000, 2) -> 0 | F49: тыс. руб.
B50: прочих затрат | C50: =ROUND((Source!F113)/1000, 2) -> 0 | D50: =ROUND((SUM(BL58:BL362)+SUMIF(CD58:CD362, 4, AG58:AG362)+SUM(BM58:BM362)+SUM(BN58:BN362)+SUMIF(CD58:CD362, 4, AF58:AF362))/1000, 2) -> 0 | F50: тыс. руб.
A52: № п/п | B52: Обоснование | C52: Наименование работ и затрат | D52: Единица измерения | E52: Количество | H52: Сметная стоимость в базисном уровне цен (в текущем уровне цен (гр.8) для ресурсов, отсутствующих в ФРСН), руб. | K52: Индексы | L52: Сметная стоимость в текущем уровне цен, руб.
E56: на единицу измерения | F56: коэффициенты | G56: всего с учетом коэффициентов | H56: на единицу измерения | I56: коэффициенты | J56: всего
A57: 1 | B57: 2 | C57: 3 | D57: 4 | E57: 5 | F57: 6 | G57: 7 | H57: 8 | I57: 9 | J57: 10 | K57: 11 | L57: 12
A59: Раздел: 1. Крыльцо
A60: 1 | B60: =Source!F28 -> 57-2-3 | C60: =Source!G28 -> Разборка покрытий полов: из керамических плиток | D60: =Source!H28 -> 100 м2 | E60: =Source!K28 -> 0.1225 | G60: =Source!I28 -> 0.1225
C61: ="Объем: "&Source!I28&"=12,25/"&"100" -> Объем: 0,1225=12,25/100
B62: 1 | C62: ОТ | H62: =Source!AO28 -> 595.99 | J62: =ROUND(Source!AF28*Source!I28, 2) -> 73.01 | K62: =IF(Source!BA28<> 0, Source!BA28, 1) -> 39.33 | L62: =Source!S28 -> 2871.44
B63: 2 | C63: ЭМ | H63: =Source!AM28 -> 45.01 | J63: =(ROUND((ROUND(((Source!ET28)*Source!I28),2)),2)+ROUND((ROUND(((Source!AE28-(Source!EU28))*Source!I28),2)),2)) -> 5.51 | K63: =IF(Source!BB28<> 0, Source!BB28, 1) -> 14.42 | L63: =Source!Q28 -> 79.45
B64: 3 | C64: в т.ч. ОТм | H64: =Source!AN28 -> 19.44 | J64: =(ROUND((ROUND(((Source!EU28)*Source!I28),2)),2)+ROUND((ROUND(((Source!AE28-(Source!EU28))*Source!I28),2)),2)) -> 2.38 | K64: =IF(Source!BS28<> 0, Source!BS28, 1) -> 39.33 | L64: =Source!R28 -> 93.61
C65: ЗТ | D65: чел.-ч. | E65: =Source!AQ28 -> 69.87 | G65: =ROUND(Source!U28, 7) -> 8.559075
C66: ЗТм | D66: чел.-ч. | E66: =Source!AR28 -> 1.44 | G66: =ROUND(Source!V28, 7) -> 0.1764
C67: Итого по расценке | H67: =H62+H63 -> 641 | J67: =J62+J63 -> 78.52 | L67: =L62+L63 -> 2950.89
A68: 1.1 | B68: =Source!F29 -> 999-9900 | C68: =Source!G29 -> Строительный мусор | D68: =Source!H29 -> т | E68: =SmtRes!AT4 -> 5.2 | G68: =Source!I29 -> 0.637 | H68: =Source!AL29+Source!AO29+Source!AM29 -> 0 | J68: =ROUND(Source!AC29*Source!I29, 2)+(ROUND((ROUND(((Source!ET29)*Source!I29),2)),2)+ROUND((ROUND(((Source!AE29-(Source!EU29))*Source!I29),2)),2))+ROUND(Source!AF29*Source!I29, 2) -> 0 | K68: =IF(Source!BC29<> 0, Source!BC29, 1) -> 8.79 | L68: =Source!P29 -> 0 | O68: =J68 -> 0 | AA68: =J68 -> 0 | AD68: =ROUND((Source!AT29/100)*((ROUND(Source!AF29*Source!I29, 2)+(ROUND((ROUND(((Source!EU29)*Source!I29),2)),2)+ROUND((ROUND(((Source!AE29-(Source!EU29))*Source!I29),2)),2)))), 2) -> 0 | AE68: =ROUND((Source!AU29/100)*((ROUND(Source!AF29*Source!I29, 2)+(ROUND((ROUND(((Source!EU29)*Source!I29),2)),2)+ROUND((ROUND(((Source!AE29-(Source!EU29))*Source!I29),2)),2)))), 2) -> 0 | AN68: =L68 -> 0 | AW68: =L68 -> 0 | AZ68: =Source!X29 -> 0 | BA68: =Source!Y29 -> 0 | BH68: =J68 -> 0 | CD68: 1
C69: ФОТ | J69: =SUM(S60:S72)+SUM(T60:T72)+SUM(X60:X72)+SUM(Y60:Y72)+SUM(Z60:Z72) -> 75.39 | L69: =SUM(AR60:AR72)+SUM(AS60:AS72)+SUM(AT60:AT72)+SUM(AU60:AU72)+SUM(AV60:AV72) -> 2965.05
B70: Пр/812-091.0-1 | C70: НР Полы | D70: % | E70: =Source!BZ28 -> 89 | G70: =Source!AT28 -> 89 | J70: =SUM(AD60:AD72) -> 67.1 | L70: =SUM(AZ60:AZ72) -> 2638.89
B71: Пр/774-091.0 | C71: СП Полы | D71: % | E71: =Source!CA28 -> 49 | G71: =Source!AU28 -> 49 | J71: =SUM(AE60:AE72) -> 36.94 | L71: =SUM(BA60:BA72) -> 1452.87
C72: Всего по позиции | I72: =J62+J63+J70+J71+SUM(J68:J68)-SUMIF(CE68:CE68, 1, J68:J68) -> 182.56 | K72: =L62+L63+L70+L71+SUM(L68:L68)-SUMIF(CE68:CE68, 1, L68:L68) -> 7042.65 | O72: =J62+J63+J70+J71 -> 182.56 | P72: =J63 -> 5.51 | R72: = | S72: =J62 -> 73.01 | U72: =J62 -> 73.01 | X72: =J64 -> 2.38 | Z72: = | AA72: =0 -> 0 | AD72: =ROUND((Source!AT28/100)*((ROUND(Source!AF28*Source!I28, 2)+(ROUND((ROUND(((Source!EU28)*Source!I28),2)),2)+ROUND((ROUND(((Source!AE28-(Source!EU28))*Source!I28),2)),2)))), 2) -> 67.1 | AE72: =ROUND((Source!AU28/100)*((ROUND(Source!AF28*Source!I28, 2)+(ROUND((ROUND(((Source!EU28)*Source!I28),2)),2)+ROUND((ROUND(((Source!AE28-(Source!EU28))*Source!I28),2)),2)))), 2) -> 36.94 | AN72: =L62+L63+L70+L71 -> 7042.65 | AO72: =L63 -> 79.45 | AQ72: = | AR72: =L62 -> 2871.44 | AT72: =L64 -> 93.61 | AV72: = | AW72: =0 -> 0 | AZ72: =Source!X28 -> 2638.89 | BA72: =Source!Y28 -> 1452.87 | BH72: =J62+J63+J70+J71 -> 182.56 | CD72: 1
A73: 2 | B73: =Source!F30 -> 69-15-1 | C73: =Source!G30 -> Затаривание строительного мусора в мешки | D73: =Source!H30 -> т | E73: =Source!K30 -> 0.3308 | G73: =Source!I30 -> 0.3308
B74: 1 | C74: ОТ | H74: =Source!AO30 -> 7.41 | J74: =ROUND(Source!AF30*Source!I30, 2) -> 2.45 | K74: =IF(Source!BA30<> 0, Source!BA30, 1) -> 39.33 | L74: =Source!S30 -> 96.41
B75: 4 | C75: М | H75: =Source!AL30 -> 16.4 | J75: =ROUND(Source!AC30*Source!I30, 2) -> 5.43 | K75: =IF(Source!BC30<> 0, Source!BC30, 1) -> 8.79 | L75: =Source!P30 -> 47.69
C76: ЗТ | D76: чел.-ч. | E76: =Source!AQ30 -> 1.03 | G76: =ROUND(Source!U30, 7) -> 0.340724
C77: Итого по расценке | H77: =H74+H75 -> 23.81 | J77: =J74+J75 -> 7.88 | L77: =L74+L75 -> 144.1
C78: ФОТ | J78: =SUM(S73:S81)+SUM(T73:T81)+SUM(X73:X81)+SUM(Y73:Y81)+SUM(Z73:Z81) -> 2.45 | L78: =SUM(AR73:AR81)+SUM(AS73:AS81)+SUM(AT73:AT81)+SUM(AU73:AU81)+SUM(AV73:AV81) -> 96.41
B79: Пр/812-103.0-1 | C79: НР Прочие ремонтно-строительные работы | D79: % | E79: =Source!BZ30 -> 92 | G79: =Source!AT30 -> 92 | J79: =SUM(AD73:AD81) -> 2.25 | L79: =SUM(AZ73:AZ81) -> 88.7
B80: Пр/774-103.0 | C80: СП Прочие ремонтно-строительные работы | D80: % | E80: =Source!CA30 -> 44 | G80: =Source!AU30 -> 44 | J80: =SUM(AE73:AE81) -> 1.08 | L80: =SUM(BA73:BA81) -> 42.42
C81: Всего по позиции | I81: =J74+J75+J79+J80 -> 11.21 | K81: =L74+L75+L79+L80 -> 275.22 | O81: =J74+J75+J79+J80 -> 11.21 | P81: =0 -> 0 | R81: = | S81: =J74 -> 2.45 | U81: =J74 -> 2.45 | X81: =0 -> 0 | Z81: = | AA81: =J75 -> 5.43 | AD81: =ROUND((Source!AT30/100)*((ROUND(Source!AF30*Source!I30, 2)+(ROUND((ROUND(((Source!EU30)*Source!I30),2)),2)+ROUND((ROUND(((Source!AE30-(Source!EU30))*Source!I30),2)),2)))), 2) -> 2.25 | AE81: =ROUND((Source!AU30/100)*((ROUND(Source!AF30*Source!I30, 2)+(ROUND((ROUND(((Source!EU30)*Source!I30),2)),2)+ROUND((ROUND(((Source!AE30-(Source!EU30))*Source!I30),2)),2)))), 2) -> 1.08 | AN81: =L74+L75+L79+L80 -> 275.22 | AO81: =0 -> 0 | AQ81: = | AR81: =L74 -> 96.41 | AT81: =0 -> 0 | AV81: = | AW81: =L75 -> 47.69 | AZ81: =Source!X30 -> 88.7 | BA81: =Source!Y30 -> 42.42 | BH81: =J74+J75+J79+J80 -> 11.21 | CD81: 1
A82: 3 | B82: =Source!F31 -> 68-12-5 | C82: =Source!G31 -> Разборка покрытий и оснований: цементно-бетонных | D82: =Source!H31 -> 100 м3 | E82: =Source!K31 -> 0.0025 | G82: =Source!I31 -> 0.0025
C83: ="Объем: "&Source!I31&"=0,25/"&"100" -> Объем: 0,0025=0,25/100
B84: 1 | C84: ОТ | H84: =Source!AO31 -> 400.46 | J84: =ROUND(Source!AF31*Source!I31, 2) -> 1 | K84: =IF(Source!BA31<> 0, Source!BA31, 1) -> 39.33 | L84: =Source!S31 -> 39.38
B85: 2 | C85: ЭМ | H85: =Source!AM31 -> 1148.79 | J85: =(ROUND((ROUND(((Source!ET31)*Source!I31),2)),2)+ROUND((ROUND(((Source!AE31-(Source!EU31))*Source!I31),2)),2)) -> 2.87 | K85: =IF(Source!BB31<> 0, Source!BB31, 1) -> 14.42 | L85: =Source!Q31 -> 41.39
B86: 3 | C86: в т.ч. ОТм | H86: =Source!AN31 -> 144.86 | J86: =(ROUND((ROUND(((Source!EU31)*Source!I31),2)),2)+ROUND((ROUND(((Source!AE31-(Source!EU31))*Source!I31),2)),2)) -> 0.36 | K86: =IF(Source!BS31<> 0, Source!BS31, 1) -> 39.33 | L86: =Source!R31 -> 14.16
C87: ЗТ | D87: чел.-ч. | E87: =Source!AQ31 -> 49.5 | G87: =ROUND(Source!U31, 7) -> 0.12375
C88: ЗТм | D88: чел.-ч. | E88: =Source!AR31 -> 10.73 | G88: =ROUND(Source!V31, 7) -> 0.026825
C89: Итого по расценке | H89: =H84+H85 -> 1549.25 | J89: =J84+J85 -> 3.87 | L89: =L84+L85 -> 80.77
A90: 3.1 | B90: =Source!F32 -> 999-9900 | C90: =Source!G32 -> Строительный мусор | D90: =Source!H32 -> т | E90: =SmtRes!AT12 -> 240 | G90: =Source!I32 -> 0.6 | H90: =Source!AL32+Source!AO32+Source!AM32 -> 0 | J90: =ROUND(Source!AC32*Source!I32, 2)+(ROUND((ROUND(((Source!ET32)*Source!I32),2)),2)+ROUND((ROUND(((Source!AE32-(Source!EU32))*Source!I32),2)),2))+ROUND(Source!AF32*Source!I32, 2) -> 0 | K90: =IF(Source!BC32<> 0, Source!BC32, 1) -> 8.79 | L90: =Source!P32 -> 0 | O90: =J90 -> 0 | AA90: =J90 -> 0 | AD90: =ROUND((Source!AT32/100)*((ROUND(Source!AF32*Source!I32, 2)+(ROUND((ROUND(((Source!EU32)*Source!I32),2)),2)+ROUND((ROUND(((Source!AE32-(Source!EU32))*Source!I32),2)),2)))), 2) -> 0 | AE90: =ROUND((Source!AU32/100)*((ROUND(Source!AF32*Source!I32, 2)+(ROUND((ROUND(((Source!EU32)*Source!I32),2)),2)+ROUND((ROUND(((Source!AE32-(Source!EU32))*Source!I32),2)),2)))), 2) -> 0 | AN90: =L90 -> 0 | AW90: =L90 -> 0 | AZ90: =Source!X32 -> 0 | BA90: =Source!Y32 -> 0 | BH90: =J90 -> 0 | CD90: 1
C91: ФОТ | J91: =SUM(S82:S94)+SUM(T82:T94)+SUM(X82:X94)+SUM(Y82:Y94)+SUM(Z82:Z94) -> 1.36 | L91: =SUM(AR82:AR94)+SUM(AS82:AS94)+SUM(AT82:AT94)+SUM(AU82:AU94)+SUM(AV82:AV94) -> 53.54
B92: Пр/812-102.0-1 | C92: НР Благоустройство | D92: % | E92: =Source!BZ31 -> 102 | G92: =Source!AT31 -> 102 | J92: =SUM(AD82:AD94) -> 1.39 | L92: =SUM(AZ82:AZ94) -> 54.61
B93: Пр/774-102.0 | C93: СП Благоустройство | D93: % | E93: =Source!CA31 -> 54 | G93: =Source!AU31 -> 54 | J93: =SUM(AE82:AE94) -> 0.73 | L93: =SUM(BA82:BA94) -> 28.91
C94: Всего по позиции | I94: =J84+J85+J92+J93+SUM(J90:J90)-SUMIF(CE90:CE90, 1, J90:J90) -> 5.99 | K94: =L84+L85+L92+L93+SUM(L90:L90)-SUMIF(CE90:CE90, 1, L90:L90) -> 164.29 | O94: =J84+J85+J92+J93 -> 5.99 | P94: =J85 -> 2.87 | R94: = | S94: =J84 -> 1 | U94: =J84 -> 1 | X94: =J86 -> 0.36 | Z94: = | AA94: =0 -> 0 | AD94: =ROUND((Source!AT31/100)*((ROUND(Source!AF31*Source!I31, 2)+(ROUND((ROUND(((Source!EU31)*Source!I31),2)),2)+ROUND((ROUND(((Source!AE31-(Source!EU31))*Source!I31),2)),2)))), 2) -> 1.39 | AE94: =ROUND((Source!AU31/100)*((ROUND(Source!AF31*Source!I31, 2)+(ROUND((ROUND(((Source!EU31)*Source!I31),2)),2)+ROUND((ROUND(((Source!AE31-(Source!EU31))*Source!I31),2)),2)))), 2) -> 0.73 | AN94: =L84+L85+L92+L93 -> 164.29 | AO94: =L85 -> 41.39 | AQ94: = | AR94: =L84 -> 39.38 | AT94: =L86 -> 14.16 | AV94: = | AW94: =0 -> 0 | AZ94: =Source!X31 -> 54.61 | BA94: =Source!Y31 -> 28.91 | BH94: =J84+J85+J92+J93 -> 5.99 | CD94: 1
A95: 4 | B95: =Source!F33 -> т01-01-01-041 | C95: =Source!G33 -> Погрузка при автомобильных перевозках мусора строительного с погрузкой вручную | D95: =Source!H33 -> 1 Т ГРУЗА | E95: =Source!K33 -> 0.3308 | G95: =Source!I33 -> 0.3308 | H95: =Source!AK33 -> 42.98 | J95: =ROUND(Source!AB33*Source!I33, 2) -> 14.22 | K95: =Source!AZ33 -> 1 | L95: =Source!HD33 -> 14.22
C96: Всего по позиции | I96: =J95 -> 14.22 | K96: =L95 -> 14.22 | O96: =J95 -> 14.22 | Q96: =0 -> 0 | R96: = | T96: =0 -> 0 | U96: =0 -> 0 | Y96: =0 -> 0 | Z96: = | AD96: =ROUND((Source!AT33/100)*((ROUND(0*Source!I33, 2)+0)), 2) -> 0 | AE96: =ROUND((Source!AU33/100)*((ROUND(0*Source!I33, 2)+0)), 2) -> 0 | AF96: =J95 -> 14.22 | AN96: =L95 -> 14.22 | AP96: =0 -> 0 | AQ96: = | AS96: =0 -> 0 | AU96: =0 -> 0 | AV96: = | AZ96: =Source!X33 -> 0 | BA96: =Source!Y33 -> 0 | BB96: =L95 -> 14.22 | CD96: 1
A97: 5 | B97: =Source!F34 -> т03-02-01-015 | C97: =Source!G34 -> Перевозка грузов I класса автомобилями бортовыми грузоподъемностью до 5 т на расстояние до 15 км | D97: =Source!H34 -> 1 Т ГРУЗА | E97: =Source!K34 -> 0.3308 | G97: =Source!I34 -> 0.3308 | H97: =Source!AK34 -> 25.02 | J97: =ROUND(Source!AB34*Source!I34, 2) -> 8.28 | K97: =Source!AZ34 -> 17.8 | L97: =Source!HD34 -> 147.32
C98: Всего по позиции | I98: =J97 -> 8.28 | K98: =L97 -> 147.32 | O98: =J97 -> 8.28 | Q98: =0 -> 0 | R98: = | T98: =0 -> 0 | U98: =0 -> 0 | Y98: =0 -> 0 | Z98: = | AD98: =ROUND((Source!AT34/100)*((ROUND(0*Source!I34, 2)+0)), 2) -> 0 | AE98: =ROUND((Source!AU34/100)*((ROUND(0*Source!I34, 2)+0)), 2) -> 0 | AF98: =J97 -> 8.28 | AN98: =L97 -> 147.32 | AP98: =0 -> 0 | AQ98: = | AS98: =0 -> 0 | AU98: =0 -> 0 | AV98: = | AZ98: =Source!X34 -> 0 | BA98: =Source!Y34 -> 0 | BB98: =L97 -> 147.32 | CD98: 1
A99: 6 | B99: =Source!F35 -> 06-03-001-01 | C99: =Source!G35 -> Устройство опалубки (снизу) и поддерживающих ее конструкций для высоких ростверков (для крыльца) | D99: =Source!H35 -> 100 м2 | E99: =Source!K35 -> 0.0188 | G99: =Source!I35 -> 0.0188
B100: 421/пр_2020_п.58_пп.б | C100: ОТ *1,15; ЭМ *1,25; ОТм *1,25; ЗТ *1,15; ЗТм *1,25; НР *0,9; СП *0,85
C101: ="Объем: "&Source!I35&"=1,88/"&"100" -> Объем: 0,0188=1,88/100
B102: 1 | C102: ОТ | H102: =Source!AO35 -> 744.48 | I102: =ROUND(1.15,7) -> 1.15 | J102: =ROUND(Source!AF35*Source!I35, 2) -> 16.1 | K102: =IF(Source!BA35<> 0, Source!BA35, 1) -> 39.33 | L102: =Source!S35 -> 633.04
B103: 2 | C103: ЭМ | H103: =Source!AM35 -> 38.95 | I103: =ROUND(1.25,7) -> 1.25 | J103: =(ROUND((ROUND((((Source!ET35*ROUND(1.25,7)))*Source!I35),2)),2)+ROUND((ROUND(((Source!AE35-((Source!EU35*ROUND(1.25,7))))*Source!I35),2)),2)) -> 0.92 | K103: =IF(Source!BB35<> 0, Source!BB35, 1) -> 14.42 | L103: =Source!Q35 -> 13.27
B104: 3 | C104: в т.ч. ОТм | H104: =Source!AN35 -> 4.83 | I104: =ROUND(1.25,7) -> 1.25 | J104: =(ROUND((ROUND((((Source!EU35*ROUND(1.25,7)))*Source!I35),2)),2)+ROUND((ROUND(((Source!AE35-((Source!EU35*ROUND(1.25,7))))*Source!I35),2)),2)) -> 0.11 | K104: =IF(Source!BS35<> 0, Source!BS35, 1) -> 39.33 | L104: =Source!R35 -> 4.33
B105: 4 | C105: М | H105: =Source!AL35 -> 1300.68 | J105: =ROUND(Source!AC35*Source!I35, 2) -> 24.45 | K105: =IF(Source!BC35<> 0, Source!BC35, 1) -> 8.79 | L105: =Source!P35 -> 214.94
C106: ЗТ | D106: чел.-ч. | E106: =Source!AQ35 -> 88 | F106: =ROUND(1.15,7) -> 1.15 | G106: =ROUND(Source!U35, 7) -> 1.90256
C107: ЗТм | D107: чел.-ч. | E107: =Source!AR35 -> 0.44 | F107: =ROUND(1.25,7) -> 1.25 | G107: =ROUND(Source!V35, 7) -> 0.01034
C108: Итого по расценке | H108: =H102+H103+H105 -> 2084.11 | J108: =J102+J103+J105 -> 41.47 | L108: =L102+L103+L105 -> 861.25
C109: ФОТ | J109: =SUM(S99:S112)+SUM(T99:T112)+SUM(X99:X112)+SUM(Y99:Y112)+SUM(Z99:Z112) -> 16.21 | L109: =SUM(AR99:AR112)+SUM(AS99:AS112)+SUM(AT99:AT112)+SUM(AU99:AU112)+SUM(AV99:AV112) -> 637.37
B110: Пр/812-006.0-1;_x000D_ п.25 | C110: НР Бетонные и железобетонные монолитные конструкции и работы в строительстве | D110: % | E110: =Source!BZ35 -> 102 | F110: =ROUND(0.9,7) -> 0.9 | G110: =Source!AT35 -> 91.8 | J110: =SUM(AD99:AD112) -> 14.88 | L110: =SUM(AZ99:AZ112) -> 585.11
B111: Пр/774-006.0;_x000D_ п.16 | C111: СП Бетонные и железобетонные монолитные конструкции и работы в строительстве | D111: % | E111: =Source!CA35 -> 58 | F111: =ROUND(0.85,7) -> 0.85 | G111: =Source!AU35 -> 49.3 | J111: =SUM(AE99:AE112) -> 7.99 | L111: =SUM(BA99:BA112) -> 314.22
C112: Всего по позиции | I112: =J102+J103+J105+J110+J111 -> 64.34 | K112: =L102+L103+L105+L110+L111 -> 1760.58 | O112: =J102+J103+J105+J110+J111 -> 64.34 | P112: =J103 -> 0.92 | R112: = | S112: =J102 -> 16.1 | U112: =J102 -> 16.1 | X112: =J104 -> 0.11 | Z112: = | AA112: =J105 -> 24.45 | AD112: =ROUND((Source!AT35/100)*((ROUND(Source!AF35*Source!I35, 2)+(ROUND((ROUND((((Source!EU35*ROUND(1.25,7)))*Source!I35),2)),2)+ROUND((ROUND(((Source!AE35-((Source!EU35*ROUND(1.25,7))))*Source!I35),2)),2)))), 2) -> 14.88 | AE112: =ROUND((Source!AU35/100)*((ROUND(Source!AF35*Source!I35, 2)+(ROUND((ROUND((((Source!EU35*ROUND(1.25,7)))*Source!I35),2)),2)+ROUND((ROUND(((Source!AE35-((Source!EU35*ROUND(1.25,7))))*Source!I35),2)),2)))), 2) -> 7.99 | AN112: =L102+L103+L105+L110+L111 -> 1760.58 | AO112: =L103 -> 13.27 | AQ112: = | AR112: =L102 -> 633.04 | AT112: =L104 -> 4.33 | AV112: = | AW112: =L105 -> 214.94 | AZ112: =Source!X35 -> 585.11 | BA112: =Source!Y35 -> 314.22 | BH112: =J102+J103+J105+J110+J111 -> 64.34 | CD112: 1
A113: 7 | B113: =Source!F36 -> 06-01-001-01 | C113: =Source!G36 -> Устройство бетонной подготовки | D113: =Source!H36 -> 100 м3 | E113: =Source!K36 -> 0.0025 | G113: =Source!I36 -> 0.0025
B114: 421/пр_2020_п.58_пп.б | C114: ОТ *1,15; ЭМ *1,25; ОТм *1,25; ЗТ *1,15; ЗТм *1,25; НР *0,9; СП *0,85
C115: ="Объем: "&Source!I36&"=0,25/"&"100" -> Объем: 0,0025=0,25/100
B116: 1 | C116: ОТ | H116: =Source!AO36 -> 1053 | I116: =ROUND(1.15,7) -> 1.15 | J116: =ROUND(Source!AF36*Source!I36, 2) -> 3.03 | K116: =IF(Source!BA36<> 0, Source!BA36, 1) -> 39.33 | L116: =Source!S36 -> 119.07
B117: 2 | C117: ЭМ | H117: =Source!AM36 -> 1566.06 | I117: =ROUND(1.25,7) -> 1.25 | J117: =(ROUND((ROUND((((Source!ET36*ROUND(1.25,7)))*Source!I36),2)),2)+ROUND((ROUND(((Source!AE36-((Source!EU36*ROUND(1.25,7))))*Source!I36),2)),2)) -> 4.89 | K117: =IF(Source!BB36<> 0, Source!BB36, 1) -> 14.42 | L117: =Source!Q36 -> 70.51
B118: 3 | C118: в т.ч. ОТм | H118: =Source!AN36 -> 244.39 | I118: =ROUND(1.25,7) -> 1.25 | J118: =(ROUND((ROUND((((Source!EU36*ROUND(1.25,7)))*Source!I36),2)),2)+ROUND((ROUND(((Source!AE36-((Source!EU36*ROUND(1.25,7))))*Source!I36),2)),2)) -> 0.76 | K118: =IF(Source!BS36<> 0, Source!BS36, 1) -> 39.33 | L118: =Source!R36 -> 29.89
B119: 4 | C119: М | H119: =Source!AL36 -> 909.27 | J119: =ROUND(Source!AC36*Source!I36, 2) -> 2.27 | K119: =IF(Source!BC36<> 0, Source!BC36, 1) -> 8.79 | L119: =Source!P36 -> 19.98
C120: ЗТ | D120: чел.-ч. | E120: =Source!AQ36 -> 135 | F120: =ROUND(1.15,7) -> 1.15 | G120: =ROUND(Source!U36, 7) -> 0.388125
C121: ЗТм | D121: чел.-ч. | E121: =Source!AR36 -> 18.12 | F121: =ROUND(1.25,7) -> 1.25 | G121: =ROUND(Source!V36, 7) -> 0.056625
C122: Итого по расценке | H122: =H116+H117+H119 -> 3528.33 | J122: =J116+J117+J119 -> 10.19 | L122: =L116+L117+L119 -> 209.56
A123: 7.1 | B123: =Source!F37 -> 04.1.02.05-0007 | C123: =Source!G37 -> Смеси бетонные тяжелого бетона (БСТ), класс В20 (М250) | D123: =Source!H37 -> м3 | E123: =SmtRes!AT31 -> 102 | G123: =Source!I37 -> 0.255 | H123: =Source!AL37+Source!AO37+Source!AM37 -> 665 | J123: =ROUND(Source!AC37*Source!I37, 2)+(ROUND((ROUND(((Source!ET37)*Source!I37),2)),2)+ROUND((ROUND(((Source!AE37-(Source!EU37))*Source!I37),2)),2))+ROUND(Source!AF37*Source!I37, 2) -> 169.58 | K123: =IF(Source!BC37<> 0, Source!BC37, 1) -> 8.79 | L123: =Source!P37 -> 1490.56 | O123: =J123 -> 169.58 | AA123: =J123 -> 169.58 | AD123: =ROUND((Source!AT37/100)*((ROUND(Source!AF37*Source!I37, 2)+(ROUND((ROUND(((Source!EU37)*Source!I37),2)),2)+ROUND((ROUND(((Source!AE37-(Source!EU37))*Source!I37),2)),2)))), 2) -> 0 | AE123: =ROUND((Source!AU37/100)*((ROUND(Source!AF37*Source!I37, 2)+(ROUND((ROUND(((Source!EU37)*Source!I37),2)),2)+ROUND((ROUND(((Source!AE37-(Source!EU37))*Source!I37),2)),2)))), 2) -> 0 | AN123: =L123 -> 1490.56 | AW123: =L123 -> 1490.56 | AZ123: =Source!X37 -> 0 | BA123: =Source!Y37 -> 0 | BH123: =J123 -> 169.58 | CD123: 1
C124: ФОТ | J124: =SUM(S113:S127)+SUM(T113:T127)+SUM(X113:X127)+SUM(Y113:Y127)+SUM(Z113:Z127) -> 3.79 | L124: =SUM(AR113:AR127)+SUM(AS113:AS127)+SUM(AT113:AT127)+SUM(AU113:AU127)+SUM(AV113:AV127) -> 148.96
B125: Пр/812-006.0-1;_x000D_ п.25 | C125: НР Бетонные и железобетонные монолитные конструкции и работы в строительстве | D125: % | E125: =Source!BZ36 -> 102 | F125: =ROUND(0.9,7) -> 0.9 | G125: =Source!AT36 -> 91.8 | J125: =SUM(AD113:AD127) -> 3.48 | L125: =SUM(AZ113:AZ127) -> 136.75
B126: Пр/774-006.0;_x000D_ п.16 | C126: СП Бетонные и железобетонные монолитные конструкции и работы в строительстве | D126: % | E126: =Source!CA36 -> 58 | F126: =ROUND(0.85,7) -> 0.85 | G126: =Source!AU36 -> 49.3 | J126: =SUM(AE113:AE127) -> 1.87 | L126: =SUM(BA113:BA127) -> 73.44
...

Sheet Source
A1: 0 | B1: Smeta.RU (495) 974-1589 | D1: _PS_ | F1: 0 | G1: 0 | H1: 0 | I1: Smeta.RU | K1: 1 | L1: 37979 | M1: 10 | N1: 11 | O1: 11 | P1: 0 | Q1: 3
A12: 1 | B12: 182 | C12: 0 | D12: =ROW(A126) -> 126 | E12: 0 | F12: Новый объект | G12: Ремонт крыльца у здания Костромской межрайонной природоохранной прокуратуры | I12: 0 | K12: 0 | L12: 0 | M12: 131595 | O12: 0 | P12: 0 | Q12: 0 | R12: 0 | T12: 4 | V12: 0 | AH12: Шаталов А.И. | AI12: Заместитель прокурора | AJ12: Волжская межрегональная природоохранная прокуратура | AN12: ИП Крайнова Татьяна Николаевна | BB12: 2 | BH12: Сметные нормы списания | BI12: Коды ценников | BJ12: 1 | BK12: 1 | BL12: 0 | BM12: 0 | BN12: 1 | BO12: 0 | BP12: 6 | BQ12: 2 | BR12: 1 | BS12: 1 | BT12: 0 | BU12: 0 | BV12: 0 | BW12: 0 | BX12: 0 | BZ12: Версия 1.7.6 ГСН (ГЭСН, ФЕР) и ТЕР (Методики НР (812/пр, 636/пр, 611/пр) и СП (774/пр и 317/пр) для версии 11.14.0.0 (1) [(Sm_Cloud ФЕР 2020 И9 Январь 2026 г.) на Текущий ремонт инженерных систем в здании НИУ ВШЭ по адресу: ВНИИСОК, ул. Дениса Давы~ | CE12: Поправки для ГСН (ФЕР) 2020 от 18.04.2024 г И9 (55/пр+648/пр) Капитальный ремонт жилых и общественных зданий | CF12: 0 | CG12: 0 | CH12: 403177472 | CK12: 0 | CY12: 0 | CZ12: Костромская область | EC12: 0
A15: 15 | B15: 1
A18: 52 | B18: =B126 -> 182 | C18: =C126 -> 1 | D18: =D126 -> 12 | E18: =E126 -> 0 | F18: =F126 -> Новый объект | G18: =G126 -> Ремонт крыльца у здания Костромской межрайонной природоохранной прокуратуры | O18: =O126 -> 79708.36 | P18: =P126 -> 22459.31 | Q18: =Q126 -> 701.53 | R18: =R126 -> 533.32 | S18: =S126 -> 56547.52 | T18: =T126 -> 0 | U18: =U126 -> 144.32885 | V18: =V126 -> 1.03834 | ... GX18: =GX126 -> 0
A20: 3 | B20: 1 | D20: =ROW(A94) -> 94 | G20: Ремонт крыльца | I20: 0 | K20: -1 | L20: Новая локальная смета | S20: 0 | V20: 0 | BX20: 0 | CF20: 0 | CG20: 0
A22: 52 | B22: =B94 -> 1 | C22: =C94 -> 3 | D22: =D94 -> 20 | E22: =E94 -> 0 | F22: =F94 | G22: =G94 -> Ремонт крыльца | O22: =O94 -> 79708.36 | P22: =P94 -> 22459.31 | Q22: =Q94 -> 701.53 | R22: =R94 -> 533.32 | S22: =S94 -> 56547.52 | T22: =T94 -> 0 | U22: =U94 -> 144.32885 | V22: =V94 -> 1.03834 | ... GX22: =GX94 -> 0
A24: 4 | B24: 1 | D24: =ROW(A64) -> 64 | F24: Новый раздел | G24: 1. Крыльцо | I24: 0 | K24: 0 | S24: 0 | V24: 0 | BX24: 0 | CJ24: 0
A26: 52 | B26: =B64 -> 1 | C26: =C64 -> 4 | D26: =D64 -> 24 | E26: =E64 -> 0 | F26: =F64 -> Новый раздел | G26: =G64 -> 1. Крыльцо | O26: =O64 -> 79708.36 | P26: =P64 -> 22459.31 | Q26: =Q64 -> 701.53 | R26: =R64 -> 533.32 | S26: =S64 -> 56547.52 | T26: =T64 -> 0 | U26: =U64 -> 144.32885 | V26: =V64 -> 1.03834 | ... GX26: =GX64 -> 0
A28: 17 | B28: 1 | C28: =ROW(SmtRes!A4) -> 4 | D28: =ROW(EtalonRes!A4) -> 4 | E28: 1 | F28: 57-2-3 | G28: Разборка покрытий полов: из керамических плиток | H28: 100 м2 | I28: =ROUND(12.25/100,7) -> 0.1225 | J28: 0 | K28: =ROUND(12.25/100,7) -> 0.1225 | O28: =ROUND(CP28,2) -> 2950.89 | P28: =ROUND(CQ28*I28,2) -> 0 | Q28: =(ROUND((ROUND(((ET28)*I28),2)*BB28),2)+ROUND((ROUND(((AE28-(EU28))*I28),2)*BS28),2)) -> 79.45 | R28: =(ROUND((ROUND(((EU28)*I28),2)*BS28),2)+ROUND((ROUND(((AE28-(EU28))*I28),2)*BS28),2)) -> 93.61 | S28: =ROUND(CT28*I28,2) -> 2871.44 | T28: =ROUND(CU28*I28,2) -> 0 | U28: =ROUND(CV28*I28,7) -> 8.559075 | V28: =ROUND(CW28*I28,7) -> 0.1764 | W28: =ROUND(CX28*I28,2) -> 0 | X28: =ROUND(CY28,2) -> 2638.89 | Y28: =ROUND(CZ28,2) -> 1452.87 | AA28: 53360025 | AB28: =ROUND((AC28+AD28+AF28),6) -> 641 | AC28: =ROUND((ES28),6) -> 0 | AD28: =ROUND((((ET28)-(EU28))+AE28),6) -> 45.01 | AE28: =ROUND((EU28),6) -> 19.44 | AF28: =ROUND((EV28),6) -> 595.99 | AG28: =ROUND((AP28),6) -> 0 | AH28: =(EW28) -> 69.87 | AI28: =(EX28) -> 1.44 | AJ28: =(AS28) -> 0 | AK28: 641 | AL28: 0 | AM28: 45.01 | AN28: 19.44 | AO28: 595.99 | AP28: 0 | AQ28: 69.87 | AR28: 1.44 | AS28: 0 | AT28: 89 | AU28: 49 | AV28: 1 | AW28: 1 | AZ28: 1 | BA28: 39.33 | BB28: 14.42 | BC28: 8.79 | BH28: 0 | BI28: 1 | BJ28: ФЕРр-2001 доп.8, 57-2-3, приказ Минстроя России № 746/пр от 14.10.2021 | BM28: 57001 | BN28: 0 | BO28: письмо Минстроя России от 23.07.2026 № 45358-ИФ/09. Регистрационный номер 420; письмо Минстроя России от 23.07.2026 № 45358-ИФ/09. Регистрационный номер 420; письмо Минстроя России от 23.07.2026 № 45358-ИФ/09. Регистрационный номер 420; письмо Минстроя России от 23.07.2026 № 45358-ИФ/09. Регистрационный номер 420; | BP28: 1 | BQ28: 6 | BR28: 0 | BS28: 39.33 | BT28: 1 | BU28: 1 | BV28: 1 | BW28: 1 | BX28: 1 | BZ28: 89 | CA28: 49 | CE28: 12 | CF28: 0 | CG28: 0 | CM28: 0 | CO28: 0 | CP28: =(P28+Q28+S28) -> 2950.89 | CQ28: =AC28*BC28 -> 0 | CR28: =(ROUND((ROUND(((ET28)*1),2)*BB28),2)+ROUND((ROUND(((AE28-(EU28))*1),2)*BS28),2)) -> 649.04 | CS28: =(ROUND((ROUND(((EU28)*1),2)*BS28),2)+ROUND((ROUND(((AE28-(EU28))*1),2)*BS28),2)) -> 764.58 | CT28: =AF28*BA28 -> 23440.287 | CU28: =AG28 -> 0 | CV28: =AH28 -> 69.87 | CW28: =AI28 -> 1.44 | CX28: =AJ28 -> 0 | CY28: =(((S28+R28)*AT28)/100) -> 2638.8945 | CZ28: =(((S28+R28)*AU28)/100) -> 1452.8745 | DN28: 0 | DO28: 0 | DP28: 1 | DQ28: 1 | DU28: 1005 | DV28: 100 м2 | DW28: 100 м2 | DX28: 100 | EE28: 53151429 | EF28: 6 | EG28: Ремонтно-строительные работы | EH28: 11 | EI28: Полы | EJ28: 1 | EK28: 57001 | EL28: Полы | EM28: рФЕР-57 | EQ28: 1310720 | ER28: 641 | ES28: 0 | ET28: 45.01 | EU28: 19.44 | EV28: 595.99 | EW28: 69.87 | EX28: 1.44 | EY28: 0 | FQ28: 0 | FR28: =ROUND(IF(BI28=3,GM28,0),2) -> 0 | FS28: 0 | FX28: 89 | FY28: 49 | GD28: 1 | GF28: 913237570 | GG28: 2 | GH28: 1 | GI28: 4 | GJ28: 0 | GK28: 0 | GL28: =ROUND(IF(AND(BH28=3,BI28=3,FS28<>0),P28,0),2) -> 0 | GM28: =ROUND(O28+X28+Y28,2)+GX28 -> 7042.65 | GN28: =IF(OR(BI28=0,BI28=1),GM28-GX28,0) -> 7042.65 | GO28: =IF(BI28=2,GM28-GX28,0) -> 0 | GP28: =IF(BI28=4,GM28-GX28,0) -> 0 | GR28: 0 | GS28: 3 | GT28: 0 | GV28: =ROUND((GT28),6) -> 0 | GW28: 1 | GX28: =ROUND(HC28*I28,2) -> 0 | HA28: 0 | HB28: 0 | HC28: =GV28*GW28 -> 0 | HN28: Пр/812-091.0-1 | HO28: Пр/774-091.0 | HP28: Полы | HQ28: Полы | IK28: 0
A29: 18 | B29: 1 | C29: 4 | E29: 1,1 | F29: 999-9900 | G29: Строительный мусор | H29: т | I29: =I28*J29 -> 0.637 | J29: 5.2 | K29: 5.2 | O29: =ROUND(CP29,2) -> 0 | P29: =ROUND(CQ29*I29,2) -> 0 | Q29: =(ROUND((ROUND(((ET29)*I29),2)*BB29),2)+ROUND((ROUND(((AE29-(EU29))*I29),2)*BS29),2)) -> 0 | R29: =(ROUND((ROUND(((EU29)*I29),2)*BS29),2)+ROUND((ROUND(((AE29-(EU29))*I29),2)*BS29),2)) -> 0 | S29: =ROUND(CT29*I29,2) -> 0 | T29: =ROUND(CU29*I29,2) -> 0 | U29: =ROUND(CV29*I29,7) -> 0 | V29: =ROUND(CW29*I29,7) -> 0 | W29: =ROUND(CX29*I29,2) -> 0 | X29: =ROUND(CY29,2) -> 0 | Y29: =ROUND(CZ29,2) -> 0 | AA29: 53360025 | AB29: =ROUND((AC29+AD29+AF29),6) -> 0 | AC29: =ROUND((ES29),6) -> 0 | AD29: =ROUND((((ET29)-(EU29))+AE29),6) -> 0 | AE29: =ROUND((EU29),6) -> 0 | AF29: =ROUND((EV29),6) -> 0 | AG29: =ROUND((AP29),6) -> 0 | AH29: =(EW29) -> 0 | AI29: =(EX29) -> 0 | AJ29: =(AS29) -> 0 | AK29: 0 | AL29: 0 | AM29: 0 | AN29: 0 | AO29: 0 | AP29: 0 | AQ29: 0 | AR29: 0 | AS29: 0 | AT29: 89 | AU29: 49 | AV29: 1 | AW29: 1 | AZ29: 1 | BA29: 1 | BB29: 1 | BC29: 8.79 | BH29: 3 | BI29: 1 | BM29: 57001 | BN29: 0 | BO29: письмо Минстроя России от 23.07.2026 № 45358-ИФ/09. Регистрационный номер 420 | BP29: 1 | BQ29: 6 | BR29: 0 | BS29: 1 | BT29: 1 | BU29: 1 | BV29: 1 | BW29: 1 | BX29: 1 | BZ29: 89 | CA29: 49 | CE29: 12 | CF29: 0 | CG29: 0 | CM29: 0 | CO29: 0 | CP29: =(P29+Q29+S29) -> 0 | CQ29: =AC29*BC29 -> 0 | CR29: =(ROUND((ROUND(((ET29)*1),2)*BB29),2)+ROUND((ROUND(((AE29-(EU29))*1),2)*BS29),2)) -> 0 | CS29: =(ROUND((ROUND(((EU29)*1),2)*BS29),2)+ROUND((ROUND(((AE29-(EU29))*1),2)*BS29),2)) -> 0 | CT29: =AF29*BA29 -> 0 | CU29: =AG29 -> 0 | CV29: =AH29 -> 0 | CW29: =AI29 -> 0 | CX29: =AJ29 -> 0 | CY29: =(((S29+R29)*AT29)/100) -> 0 | CZ29: =(((S29+R29)*AU29)/100) -> 0 | DN29: 0 | DO29: 0 | DP29: 1 | DQ29: 1 | DU29: 1009 | DV29: т | DW29: т | DX29: 1000 | EE29: 53151429 | EF29: 6 | EG29: Ремонтно-строительные работы | EH29: 11 | EI29: Полы | EJ29: 1 | EK29: 57001 | EL29: Полы | EM29: рФЕР-57 | EQ29: 0 | ER29: 0 | ES29: 0 | ET29: 0 | EU29: 0 | EV29: 0 | EW29: 0 | EX29: 0 | FQ29: 0 | FR29: =ROUND(IF(BI29=3,GM29,0),2) -> 0 | FS29: 0 | FX29: 89 | FY29: 49 | GD29: 1 | GF29: 2102561428 | GG29: 2 | GH29: 1 | GI29: 4 | GJ29: 0 | GK29: 0 | GL29: =ROUND(IF(AND(BH29=3,BI29=3,FS29<>0),P29,0),2) -> 0 | GM29: =ROUND(O29+X29+Y29,2)+GX29 -> 0 | GN29: =IF(OR(BI29=0,BI29=1),GM29-GX29,0) -> 0 | GO29: =IF(BI29=2,GM29-GX29,0) -> 0 | GP29: =IF(BI29=4,GM29-GX29,0) -> 0 | GR29: 0 | GS29: 3 | GT29: 0 | GV29: =ROUND((GT29),6) -> 0 | GW29: 1 | GX29: =ROUND(HC29*I29,2) -> 0 | HA29: 0 | HB29: 0 | HC29: =GV29*GW29 -> 0 | HN29: Пр/812-091.0-1 | HO29: Пр/774-091.0 | HP29: Полы | HQ29: Полы | IK29: 0
A30: 17 | B30: 1 | C30: =ROW(SmtRes!A6) -> 6 | D30: =ROW(EtalonRes!A6) -> 6 | E30: 2 | F30: 69-15-1 | G30: Затаривание строительного мусора в мешки | H30: т | I30: 0.3308 | J30: 0 | K30: 0.3308 | O30: =ROUND(CP30,2) -> 144.1 | P30: =ROUND(CQ30*I30,2) -> 47.69 | Q30: =(ROUND((ROUND(((ET30)*I30),2)*BB30),2)+ROUND((ROUND(((AE30-(EU30))*I30),2)*BS30),2)) -> 0 | R30: =(ROUND((ROUND(((EU30)*I30),2)*BS30),2)+ROUND((ROUND(((AE30-(EU30))*I30),2)*BS30),2)) -> 0 | S30: =ROUND(CT30*I30,2) -> 96.41 | T30: =ROUND(CU30*I30,2) -> 0 | U30: =ROUND(CV30*I30,7) -> 0.340724 | V30: =ROUND(CW30*I30,7) -> 0 | W30: =ROUND(CX30*I30,2) -> 0 | X30: =ROUND(CY30,2) -> 88.7 | Y30: =ROUND(CZ30,2) -> 42.42 | AA30: 53360025 | AB30: =ROUND((AC30+AD30+AF30),6) -> 23.81 | AC30: =ROUND((ES30),6) -> 16.4 | AD30: =ROUND((((ET30)-(EU30))+AE30),6) -> 0 | AE30: =ROUND((EU30),6) -> 0 | AF30: =ROUND((EV30),6) -> 7.41 | AG30: =ROUND((AP30),6) -> 0 | AH30: =(EW30) -> 1.03 | AI30: =(EX30) -> 0 | AJ30: =(AS30) -> 0 | AK30: 23.81 | AL30: 16.4 | AM30: 0 | AN30: 0 | AO30: 7.41 | AP30: 0 | AQ30: 1.03 | AR30: 0 | AS30: 0 | AT30: 92 | AU30: 44 | AV30: 1 | AW30: 1 | AZ30: 1 | BA30: 39.33 | BB30: 14.42 | BC30: 8.79 | BH30: 0 | BI30: 1 | BJ30: ФЕРр-2001, 69-15-1, приказ Минстроя России № 876/пр от 26.12.2019 | BM30: 69001 | BN30: 0 | BO30: письмо Минстроя России от 23.07.2026 № 45358-ИФ/09. Регистрационный номер 420; письмо Минстроя России от 23.07.2026 № 45358-ИФ/09. Регистрационный номер 420; письмо Минстроя России от 23.07.2026 № 45358-ИФ/09. Регистрационный номер 420; письмо Минстроя России от 23.07.2026 № 45358-ИФ/09. Регистрационный номер 420; | BP30: 1 | BQ30: 6 | BR30: 0 | BS30: 39.33 | BT30: 1 | BU30: 1 | BV30: 1 | BW30: 1 | BX30: 1 | BZ30: 92 | CA30: 44 | CE30: 12 | CF30: 0 | CG30: 0 | CM30: 0 | CO30: 0 | CP30: =(P30+Q30+S30) -> 144.1 | CQ30: =AC30*BC30 -> 144.156 | CR30: =(ROUND((ROUND(((ET30)*1),2)*BB30),2)+ROUND((ROUND(((AE30-(EU30))*1),2)*BS30),2)) -> 0 | CS30: =(ROUND((ROUND(((EU30)*1),2)*BS30),2)+ROUND((ROUND(((AE30-(EU30))*1),2)*BS30),2)) -> 0 | CT30: =AF30*BA30 -> 291.4353 | CU30: =AG30 -> 0 | CV30: =AH30 -> 1.03 | CW30: =AI30 -> 0 | CX30: =AJ30 -> 0 | CY30: =(((S30+R30)*AT30)/100) -> 88.6972 | CZ30: =(((S30+R30)*AU30)/100) -> 42.4204 | DN30: 0 | DO30: 0 | DP30: 1 | DQ30: 1 | DU30: 1009 | DV30: т | DW30: т | DX30: 1000 | EE30: 53151461 | EF30: 6 | EG30: Ремонтно-строительные работы | EH30: 103 | EI30: Прочие ремонтно-строительные работы | EJ30: 1 | EK30: 69001 | EL30: Прочие ремонтно-строительные работы | EM30: рФЕР-69 | EQ30: 1310720 | ER30: 23.81 | ES30: 16.4 | ET30: 0 | EU30: 0 | EV30: 7.41 | EW30: 1.03 | EX30: 0 | EY30: 0 | FQ30: 0 | FR30: =ROUND(IF(BI30=3,GM30,0),2) -> 0 | FS30: 0 | FX30: 92 | FY30: 44 | GD30: 1 | GF30: 459127888 | GG30: 2 | GH30: 1 | GI30: 4 | GJ30: 0 | GK30: 0 | GL30: =ROUND(IF(AND(BH30=3,BI30=3,FS30<>0),P30,0),2) -> 0 | GM30: =ROUND(O30+X30+Y30,2)+GX30 -> 275.22 | GN30: =IF(OR(BI30=0,BI30=1),GM30-GX30,0) -> 275.22 | GO30: =IF(BI30=2,GM30-GX30,0) -> 0 | GP30: =IF(BI30=4,GM30-GX30,0) -> 0 | GR30: 0 | GS30: 3 | GT30: 0 | GV30: =ROUND((GT30),6) -> 0 | GW30: 1 | GX30: =ROUND(HC30*I30,2) -> 0 | HA30: 0 | HB30: 0 | HC30: =GV30*GW30 -> 0 | HN30: Пр/812-103.0-1 | HO30: Пр/774-103.0 | HP30: Прочие ремонтно-строительные работы | HQ30: Прочие ремонтно-строительные работы | IK30: 0
A31: 17 | B31: 1 | C31: =ROW(SmtRes!A12) -> 12 | D31: =ROW(EtalonRes!A11) -> 11 | E31: 3 | F31: 68-12-5 | G31: Разборка покрытий и оснований: цементно-бетонных | H31: 100 м3 | I31: =ROUND(0.25/100,7) -> 0.0025 | J31: 0 | K31: =ROUND(0.25/100,7) -> 0.0025 | O31: =ROUND(CP31,2) -> 80.77 | P31: =ROUND(CQ31*I31,2) -> 0 | Q31: =(ROUND((ROUND(((ET31)*I31),2)*BB31),2)+ROUND((ROUND(((AE31-(EU31))*I31),2)*BS31),2)) -> 41.39 | R31: =(ROUND((ROUND(((EU31)*I31),2)*BS31),2)+ROUND((ROUND(((AE31-(EU31))*I31),2)*BS31),2)) -> 14.16 | S31: =ROUND(CT31*I31,2) -> 39.38 | T31: =ROUND(CU31*I31,2) -> 0 | U31: =ROUND(CV31*I31,7) -> 0.12375 | V31: =ROUND(CW31*I31,7) -> 0.026825 | W31: =ROUND(CX31*I31,2) -> 0 | X31: =ROUND(CY31,2) -> 54.61 | Y31: =ROUND(CZ31,2) -> 28.91 | AA31: 53360025 | AB31: =ROUND((AC31+AD31+AF31),6) -> 1549.25 | AC31: =ROUND((ES31),6) -> 0 | AD31: =ROUND((((ET31)-(EU31))+AE31),6) -> 1148.79 | AE31: =ROUND((EU31),6) -> 144.86 | AF31: =ROUND((EV31),6) -> 400.46 | AG31: =ROUND((AP31),6) -> 0 | AH31: =(EW31) -> 49.5 | AI31: =(EX31) -> 10.73 | AJ31: =(AS31) -> 0 | AK31: 1549.25 | AL31: 0 | AM31: 1148.79 | AN31: 144.86 | AO31: 400.46 | AP31: 0 | AQ31: 49.5 | AR31: 10.73 | AS31: 0 | AT31: 102 | AU31: 54 | AV31: 1 | AW31: 1 | AZ31: 1 | BA31: 39.33 | BB31: 14.42 | BC31: 8.79 | BH31: 0 | BI31: 1 | BJ31: ФЕРр-2001, 68-12-5, приказ Минстроя России № 876/пр от 26.12.2019 | BM31: 68001 | BN31: 0 | BO31: письмо Минстроя России от 23.07.2026 № 45358-ИФ/09. Регистрационный номер 420; письмо Минстроя России от 23.07.2026 № 45358-ИФ/09. Регистрационный номер 420; письмо Минстроя России от 23.07.2026 № 45358-ИФ/09. Регистрационный номер 420; письмо Минстроя России от 23.07.2026 № 45358-ИФ/09. Регистрационный номер 420; | BP31: 1 | BQ31: 6 | BR31: 0 | BS31: 39.33 | BT31: 1 | BU31: 1 | BV31: 1 | BW31: 1 | BX31: 1 | BZ31: 102 | CA31: 54 | CE31: 12 | CF31: 0 | CG31: 0 | CM31: 0 | CO31: 0 | CP31: =(P31+Q31+S31) -> 80.77 | CQ31: =AC31*BC31 -> 0 | CR31: =(ROUND((ROUND(((ET31)*1),2)*BB31),2)+ROUND((ROUND(((AE31-(EU31))*1),2)*BS31),2)) -> 16565.55 | CS31: =(ROUND((ROUND(((EU31)*1),2)*BS31),2)+ROUND((ROUND(((AE31-(EU31))*1),2)*BS31),2)) -> 5697.34 | CT31: =AF31*BA31 -> 15750.092 | CU31: =AG31 -> 0 | CV31: =AH31 -> 49.5 | CW31: =AI31 -> 10.73 | CX31: =AJ31 -> 0 | CY31: =(((S31+R31)*AT31)/100) -> 54.6108 | CZ31: =(((S31+R31)*AU31)/100) -> 28.9116 | DN31: 0 | DO31: 0 | DP31: 1 | DQ31: 1 | DU31: 1007 | DV31: 100 м3 | DW31: 100 м3 | DX31: 100 | EE31: 53151460 | EF31: 6 | EG31: Ремонтно-строительные работы | EH31: 102 | EI31: Благоустройство | EJ31: 1 | EK31: 68001 | EL31: Благоустройство | EM31: рФЕР-68 | EQ31: 1310720 | ER31: 1549.25 | ES31: 0 | ET31: 1148.79 | EU31: 144.86 | EV31: 400.46 | EW31: 49.5 | EX31: 10.73 | EY31: 0 | FQ31: 0 | FR31: =ROUND(IF(BI31=3,GM31,0),2) -> 0 | FS31: 0 | FX31: 102 | FY31: 54 | GD31: 1 | GF31: 1362116616 | GG31: 2 | GH31: 1 | GI31: 4 | GJ31: 0 | GK31: 0 | GL31: =ROUND(IF(AND(BH31=3,BI31=3,FS31<>0),P31,0),2) -> 0 | GM31: =ROUND(O31+X31+Y31,2)+GX31 -> 164.29 | GN31: =IF(OR(BI31=0,BI31=1),GM31-GX31,0) -> 164.29 | GO31: =IF(BI31=2,GM31-GX31,0) -> 0 | GP31: =IF(BI31=4,GM31-GX31,0) -> 0 | GR31: 0 | GS31: 3 | GT31: 0 | GV31: =ROUND((GT31),6) -> 0 | GW31: 1 | GX31: =ROUND(HC31*I31,2) -> 0 | HA31: 0 | HB31: 0 | HC31: =GV31*GW31 -> 0 | HN31: Пр/812-102.0-1 | HO31: Пр/774-102.0 | HP31: Благоустройство | HQ31: Благоустройство | IK31: 0
A32: 18 | B32: 1 | C32: 12 | E32: 3,1 | F32: 999-9900 | G32: Строительный мусор | H32: т | I32: =I31*J32 -> 0.6 | J32: 240 | K32: 240 | O32: =ROUND(CP32,2) -> 0 | P32: =ROUND(CQ32*I32,2) -> 0 | Q32: =(ROUND((ROUND(((ET32)*I32),2)*BB32),2)+ROUND((ROUND(((AE32-(EU32))*I32),2)*BS32),2)) -> 0 | R32: =(ROUND((ROUND(((EU32)*I32),2)*BS32),2)+ROUND((ROUND(((AE32-(EU32))*I32),2)*BS32),2)) -> 0 | S32: =ROUND(CT32*I32,2) -> 0 | T32: =ROUND(CU32*I32,2) -> 0 | U32: =ROUND(CV32*I32,7) -> 0 | V32: =ROUND(CW32*I32,7) -> 0 | W32: =ROUND(CX32*I32,2) -> 0 | X32: =ROUND(CY32,2) -> 0 | Y32: =ROUND(CZ32,2) -> 0 | AA32: 53360025 | AB32: =ROUND((AC32+AD32+AF32),6) -> 0 | AC32: =ROUND((ES32),6) -> 0 | AD32: =ROUND((((ET32)-(EU32))+AE32),6) -> 0 | AE32: =ROUND((EU32),6) -> 0 | AF32: =ROUND((EV32),6) -> 0 | AG32: =ROUND((AP32),6) -> 0 | AH32: =(EW32) -> 0 | AI32: =(EX32) -> 0 | AJ32: =(AS32) -> 0 | AK32: 0 | AL32: 0 | AM32: 0 | AN32: 0 | AO32: 0 | AP32: 0 | AQ32: 0 | AR32: 0 | AS32: 0 | AT32: 89 | AU32: 49 | AV32: 1 | AW32: 1 | AZ32: 1 | BA32: 1 | BB32: 1 | BC32: 8.79 | BH32: 3 | BI32: 1 | BM32: 57001 | BN32: 0 | BO32: письмо Минстроя России от 23.07.2026 № 45358-ИФ/09. Регистрационный номер 420 | BP32: 1 | BQ32: 6 | BR32: 0 | BS32: 1 | BT32: 1 | BU32: 1 | BV32: 1 | BW32: 1 | BX32: 1 | BZ32: 89 | CA32: 49 | CE32: 12 | CF32: 0 | CG32: 0 | CM32: 0 | CO32: 0 | CP32: =(P32+Q32+S32) -> 0 | CQ32: =AC32*BC32 -> 0 | CR32: =(ROUND((ROUND(((ET32)*1),2)*BB32),2)+ROUND((ROUND(((AE32-(EU32))*1),2)*BS32),2)) -> 0 | CS32: =(ROUND((ROUND(((EU32)*1),2)*BS32),2)+ROUND((ROUND(((AE32-(EU32))*1),2)*BS32),2)) -> 0 | CT32: =AF32*BA32 -> 0 | CU32: =AG32 -> 0 | CV32: =AH32 -> 0 | CW32: =AI32 -> 0 | CX32: =AJ32 -> 0 | CY32: =(((S32+R32)*AT32)/100) -> 0 | CZ32: =(((S32+R32)*AU32)/100) -> 0 | DN32: 0 | DO32: 0 | DP32: 1 | DQ32: 1 | DU32: 1009 | DV32: т | DW32: т | DX32: 1000 | EE32: 53151429 | EF32: 6 | EG32: Ремонтно-строительные работы | EH32: 11 | EI32: Полы | EJ32: 1 | EK32: 57001 | EL32: Полы | EM32: рФЕР-57 | EQ32: 0 | ER32: 0 | ES32: 0 | ET32: 0 | EU32: 0 | EV32: 0 | EW32: 0 | EX32: 0 | FQ32: 0 | FR32: =ROUND(IF(BI32=3,GM32,0),2) -> 0 | FS32: 0 | FX32: 89 | FY32: 49 | GD32: 1 | GF32: 2102561428 | GG32: 2 | GH32: 1 | GI32: 4 | GJ32: 0 | GK32: 0 | GL32: =ROUND(IF(AND(BH32=3,BI32=3,FS32<>0),P32,0),2) -> 0 | GM32: =ROUND(O32+X32+Y32,2)+GX32 -> 0 | GN32: =IF(OR(BI32=0,BI32=1),GM32-GX32,0) -> 0 | GO32: =IF(BI32=2,GM32-GX32,0) -> 0 | GP32: =IF(BI32=4,GM32-GX32,0) -> 0 | GR32: 0 | GS32: 3 | GT32: 0 | GV32: =ROUND((GT32),6) -> 0 | GW32: 1 | GX32: =ROUND(HC32*I32,2) -> 0 | HA32: 0 | HB32: 0 | HC32: =GV32*GW32 -> 0 | HN32: Пр/812-091.0-1 | HO32: Пр/774-091.0 | HP32: Полы | HQ32: Полы | IK32: 0
A33: 17 | B33: 1 | E33: 4 | F33: т01-01-01-041 | G33: Погрузка при автомобильных перевозках мусора строительного с погрузкой вручную | H33: 1 Т ГРУЗА | I33: 0.3308 | J33: 0 | K33: 0.3308 | O33: =0 -> 0 | P33: =0 -> 0 | Q33: =0 -> 0 | R33: =0 -> 0 | S33: =0 -> 0 | T33: =0 -> 0 | U33: =0 -> 0 | V33: =0 -> 0 | ... Y33: =0 -> 0 | AA33: 53360025 | AB33: =ROUND((AK33),6) -> 42.98 | AC33: =0 -> 0 | AD33: =0 -> 0 | AE33: =0 -> 0 | AF33: =0 -> 0 | AG33: =0 -> 0 | AH33: =0 -> 0 | AI33: =0 -> 0 | AJ33: =0 -> 0 | AK33: 42.98 | AL33: 0 | AM33: 0 | AN33: 0 | AO33: 0 | AP33: 0 | AQ33: 0 | AR33: 0 | AS33: 0 | AT33: 0 | AU33: 0 | AV33: 1 | AW33: 1 | AZ33: 1 | BA33: 1 | BB33: 1 | BC33: 1 | BH33: 0 | BI33: 1 | BJ33: ФССЦпг-2001, т01-01-01-041, приказ Минстроя России №876/пр от 26.12.2019 | BM33: 700030 | BN33: 0 | BP33: 0 | BQ33: 20 | BR33: 0 | BS33: 1 | BT33: 1 | BU33: 1 | BV33: 1 | BW33: 1 | BX33: 1 | BZ33: 0 | CA33: 0 | CE33: 12 | CF33: 0 | CG33: 0 | CM33: 0 | CO33: 0 | CP33: =AB33*AZ33 -> 42.98 | CQ33: 0 | CR33: 0 | CS33: 0 | CT33: 0 | CU33: 0 | CV33: 0 | CW33: 0 | CX33: 0 | CY33: 0 | CZ33: 0 | DN33: 0 | DO33: 0 | DP33: 1 | DQ33: 1 | DU33: 1013 | DV33: 1 Т ГРУЗА | DW33: 1 Т ГРУЗА | DX33: 1 | EE33: 53151604 | EF33: 20 | EG33: Погр.-разгр. работы вручную | EH33: 106 | EI33: Погрузочно-разгрузочные работы | EJ33: 1 | EK33: 700030 | EL33: Погрузочно-разгрузочные работы вручную | EM33: ФССЦпр пог. а/п (2011,изм. 4-6) | EQ33: 1310720 | ER33: 0 | ES33: 0 | ET33: 0 | EU33: 0 | EV33: 0 | EW33: 0 | EX33: 0 | EY33: 0 | FQ33: 0 | FR33: =ROUND(IF(BI33=3,GM33,0),2) -> 0 | FS33: 0 | FX33: 0 | FY33: 0 | GD33: 1 | GF33: 1276011705 | GG33: 2 | GH33: 1 | GI33: 4 | GJ33: 2 | GK33: 0 | GL33: =ROUND(IF(AND(BH33=3,BI33=3,FS33<>0),P33,0),2) -> 0 | GM33: =ROUND(CP33*I33,2) -> 14.22 | GN33: =IF(OR(BI33=0,BI33=1),GM33-GX33,0) -> 14.22 | GO33: =IF(BI33=2,GM33-GX33,0) -> 0 | GP33: =IF(BI33=4,GM33-GX33,0) -> 0 | GR33: 0 | GS33: 3 | GT33: 0 | GV33: =0 -> 0 | GW33: 1 | GX33: =0 -> 0 | HA33: 0 | HB33: 0 | HC33: 0 | HD33: =GM33 -> 14.22 | IK33: 0
A34: 17 | B34: 1 | E34: 5 | F34: т03-02-01-015 | G34: Перевозка грузов I класса автомобилями бортовыми грузоподъемностью до 5 т на расстояние до 15 км | H34: 1 Т ГРУЗА | I34: 0.3308 | J34: 0 | K34: 0.3308 | O34: =0 -> 0 | P34: =0 -> 0 | Q34: =0 -> 0 | R34: =0 -> 0 | S34: =0 -> 0 | T34: =0 -> 0 | U34: =0 -> 0 | V34: =0 -> 0 | ... Y34: =0 -> 0 | AA34: 53360025 | AB34: =ROUND((AK34),6) -> 25.02 | AC34: =0 -> 0 | AD34: =0 -> 0 | AE34: =0 -> 0 | AF34: =0 -> 0 | AG34: =0 -> 0 | AH34: =0 -> 0 | AI34: =0 -> 0 | AJ34: =0 -> 0 | AK34: 25.02 | AL34: 0 | AM34: 0 | AN34: 0 | AO34: 0 | AP34: 0 | AQ34: 0 | AR34: 0 | AS34: 0 | AT34: 0 | AU34: 0 | AV34: 1 | AW34: 1 | AZ34: 17.8 | BA34: 1 | BB34: 1 | BC34: 1 | BH34: 0 | BI34: 1 | BJ34: ФССЦпг-2001, т03-02-01-015, приказ Минстроя России №876/пр от 26.12.2019 | BM34: 700005 | BN34: 0 | BO34: письмо Минстроя России от 23.07.2026 № 45358-ИФ/09. Регистрационный номер 420 | BP34: 1 | BQ34: 10 | BR34: 0 | BS34: 1 | BT34: 1 | BU34: 1 | BV34: 1 | BW34: 1 | BX34: 1 | BZ34: 0 | CA34: 0 | CE34: 12 | CF34: 0 | CG34: 0 | CM34: 0 | CO34: 0 | CP34: =AB34*AZ34 -> 445.356 | CQ34: 0 | CR34: 0 | CS34: 0 | CT34: 0 | CU34: 0 | CV34: 0 | CW34: 0 | CX34: 0 | CY34: 0 | CZ34: 0 | DN34: 0 | DO34: 0 | DP34: 1 | DQ34: 1 | DU34: 1013 | DV34: 1 Т ГРУЗА | DW34: 1 Т ГРУЗА | DX34: 1 | EE34: 53151594 | EF34: 10 | EG34: Автомобили бортовые | EH34: 107 | EI34: Перевозка строительных грузов автомобильным транспортом | EJ34: 1 | EK34: 700005 | EL34: Перевозка строительных грузов автомобильным транспортом | EM34: ФССЦпр , изм. 7 | EQ34: 1310720 | ER34: 0 | ES34: 0 | ET34: 0 | EU34: 0 | EV34: 0 | EW34: 0 | EX34: 0 | EY34: 0 | FQ34: 0 | FR34: =ROUND(IF(BI34=3,GM34,0),2) -> 0 | FS34: 0 | FX34: 0 | FY34: 0 | GD34: 1 | GF34: -292668168 | GG34: 2 | GH34: 1 | GI34: 4 | GJ34: 2 | GK34: 0 | GL34: =ROUND(IF(AND(BH34=3,BI34=3,FS34<>0),P34,0),2) -> 0 | GM34: =ROUND(CP34*I34,2) -> 147.32 | GN34: =IF(OR(BI34=0,BI34=1),GM34-GX34,0) -> 147.32 | GO34: =IF(BI34=2,GM34-GX34,0) -> 0 | GP34: =IF(BI34=4,GM34-GX34,0) -> 0 | GR34: 0 | GS34: 3 | GT34: 0 | GV34: =0 -> 0 | GW34: 1 | GX34: =0 -> 0 | HA34: 0 | HB34: 0 | HC34: 0 | HD34: =GM34 -> 147.32 | IK34: 0
A35: 17 | B35: 1 | C35: =ROW(SmtRes!A23) -> 23 | D35: =ROW(EtalonRes!A22) -> 22 | E35: 6 | F35: 06-03-001-01 | G35: Устройство опалубки (снизу) и поддерживающих ее конструкций для высоких ростверков (для крыльца) | H35: 100 м2 | I35: =ROUND(1.88/100,7) -> 0.0188 | J35: 0 | K35: =ROUND(1.88/100,7) -> 0.0188 | O35: =ROUND(CP35,2) -> 861.25 | P35: =ROUND(CQ35*I35,2) -> 214.94 | Q35: =(ROUND((ROUND((((ET35*ROUND(1.25,7)))*I35),2)*BB35),2)+ROUND((ROUND(((AE35-((EU35*ROUND(1.25,7))))*I35),2)*BS35),2)) -> 13.27 | R35: =(ROUND((ROUND((((EU35*ROUND(1.25,7)))*I35),2)*BS35),2)+ROUND((ROUND(((AE35-((EU35*ROUND(1.25,7))))*I35),2)*BS35),2)) -> 4.33 | S35: =ROUND(CT35*I35,2) -> 633.04 | T35: =ROUND(CU35*I35,2) -> 0 | U35: =ROUND(CV35*I35,7) -> 1.90256 | V35: =ROUND(CW35*I35,7) -> 0.01034 | W35: =ROUND(CX35*I35,2) -> 0 | X35: =ROUND(CY35,2) -> 585.11 | Y35: =ROUND(CZ35,2) -> 314.22 | AA35: 53360025 | AB35: =ROUND((AC35+AD35+AF35),6) -> 2205.5195 | AC35: =ROUND((ES35),6) -> 1300.68 | AD35: =ROUND(((((ET35*ROUND(1.25,7)))-((EU35*ROUND(1.25,7))))+AE35),6) -> 48.6875 | AE35: =ROUND(((EU35*ROUND(1.25,7))),6) -> 6.0375 | AF35: =ROUND(((EV35*ROUND(1.15,7))),6) -> 856.152 | AG35: =ROUND((AP35),6) -> 0 | AH35: =((EW35*ROUND(1.15,7))) -> 101.2 | AI35: =((EX35*ROUND(1.25,7))) -> 0.55 | AJ35: =(AS35) -> 0 | AK35: 2084.11 | AL35: 1300.68 | AM35: 38.95 | AN35: 4.83 | AO35: 744.48 | AP35: 0 | AQ35: 88 | AR35: 0.44 | AS35: 0 | AT35: 91.8 | AU35: 49.3 | AV35: 1 | AW35: 1 | AZ35: 1 | BA35: 39.33 | BB35: 14.42 | BC35: 8.79 | BH35: 0 | BI35: 1 | BJ35: ФЕР-2001, 06-03-001-01, приказ Минстроя России № 876/пр от 26.12.2019 | BM35: 6001 | BN35: 0 | BO35: письмо Минстроя России от 23.07.2026 № 45358-ИФ/09. Регистрационный номер 420; письмо Минстроя России от 23.07.2026 № 45358-ИФ/09. Регистрационный номер 420; письмо Минстроя России от 23.07.2026 № 45358-ИФ/09. Регистрационный номер 420; письмо Минстроя России от 23.07.2026 № 45358-ИФ/09. Регистрационный номер 420; | BP35: 1 | BQ35: 2 | BR35: 0 | BS35: 39.33 | BT35: 1 | BU35: 1 | BV35: 1 | BW35: 1 | BX35: 1 | BZ35: 102 | CA35: 58 | CE35: 12 | CF35: 0 | CG35: 0 | CM35: 0 | CN35: Поправка: 421/пр_2020_п.58_пп.б Наименование: При отсутствии необходимых норм (единичных расценок), включенных в сборники ГЭСНр (ФЕРр, ТЕРр), сметные затраты на работы по капитальному ремонту и реконструкции объектов капитального строительства могут быть определены по сметным нормам, включенным в ГЭСН (ФЕР, ТЕР), аналогичным технологическим процессам в новом строительстве, в том числе по возведению новых конструктивных элементов | CO35: 0 | CP35: =(P35+Q35+S35) -> 861.25 | CQ35: =AC35*BC35 -> 11432.977 | CR35: =(ROUND((ROUND((((ET35*ROUND(1.25,7)))*1),2)*BB35),2)+ROUND((ROUND(((AE35-((EU35*ROUND(1.25,7))))*1),2)*BS35),2)) -> 702.11 | CS35: =(ROUND((ROUND((((EU35*ROUND(1.25,7)))*1),2)*BS35),2)+ROUND((ROUND(((AE35-((EU35*ROUND(1.25,7))))*1),2)*BS35),2)) -> 237.55 | CT35: =AF35*BA35 -> 33672.458 | CU35: =AG35 -> 0 | CV35: =AH35 -> 101.2 | CW35: =AI35 -> 0.55 | CX35: =AJ35 -> 0 | CY35: =(((S35+R35)*AT35)/100) -> 585.10566 | CZ35: =(((S35+R35)*AU35)/100) -> 314.22341 | DB35: 1 | DE35: *1,25 | DF35: *1,25 | DG35: *1,15 | DI35: *1,15 | DJ35: *1,25 | DL35: *0,9 | DM35: *0,85 | DN35: 0 | DO35: 0 | DP35: 1 | DQ35: 1 | DU35: 1005 | DV35: 100 м2 | DW35: 100 м2 | DX35: 100 | EE35: 53151275 | EF35: 2 | EG35: Общестроительные работы | EH35: 6 | EI35: Бетонные и железобетонные монолитные конструкции и работы в строительстве | EJ35: 1 | EK35: 6001 | EL35: Бетонные и железобетонные монолитные конструкции и работы в строительстве | EM35: ФЕР-06 | EO35: Поправка: 421/пр_2020_п.58_пп.б | EQ35: 1311232 | ER35: 2084.11 | ES35: 1300.68 | ET35: 38.95 | EU35: 4.83 | EV35: 744.48 | EW35: 88 | EX35: 0.44 | EY35: 0 | FQ35: 0 | FR35: =ROUND(IF(BI35=3,GM35,0),2) -> 0 | FS35: 0 | FX35: 91.8 | FY35: 49.3 | GD35: 1 | GF35: 47938511 | GG35: 2 | GH35: 1 | GI35: 4 | GJ35: 0 | GK35: 0 | GL35: =ROUND(IF(AND(BH35=3,BI35=3,FS35<>0),P35,0),2) -> 0 | GM35: =ROUND(O35+X35+Y35,2)+GX35 -> 1760.58 | GN35: =IF(OR(BI35=0,BI35=1),GM35-GX35,0) -> 1760.58 | GO35: =IF(BI35=2,GM35-GX35,0) -> 0 | GP35: =IF(BI35=4,GM35-GX35,0) -> 0 | GR35: 0 | GS35: 3 | GT35: 0 | GV35: =ROUND((GT35),6) -> 0 | GW35: 1 | GX35: =ROUND(HC35*I35,2) -> 0 | HA35: 0 | HB35: 0 | HC35: =GV35*GW35 -> 0 | HN35: Пр/812-006.0-1 | HO35: Пр/774-006.0 | HP35: Бетонные и железобетонные монолитные конструкции и работы в строительстве | HQ35: Бетонные и железобетонные монолитные конструкции и работы в строительстве | IK35: 0
A36: 17 | B36: 1 | C36: =ROW(SmtRes!A31) -> 31 | D36: =ROW(EtalonRes!A30) -> 30 | E36: 7 | F36: 06-01-001-01 | G36: Устройство бетонной подготовки | H36: 100 м3 | I36: =ROUND(0.25/100,7) -> 0.0025 | J36: 0 | K36: =ROUND(0.25/100,7) -> 0.0025 | O36: =ROUND(CP36,2) -> 209.56 | P36: =ROUND(CQ36*I36,2) -> 19.98 | Q36: =(ROUND((ROUND((((ET36*ROUND(1.25,7)))*I36),2)*BB36),2)+ROUND((ROUND(((AE36-((EU36*ROUND(1.25,7))))*I36),2)*BS36),2)) -> 70.51 | R36: =(ROUND((ROUND((((EU36*ROUND(1.25,7)))*I36),2)*BS36),2)+ROUND((ROUND(((AE36-((EU36*ROUND(1.25,7))))*I36),2)*BS36),2)) -> 29.89 | S36: =ROUND(CT36*I36,2) -> 119.07 | T36: =ROUND(CU36*I36,2) -> 0 | U36: =ROUND(CV36*I36,7) -> 0.388125 | V36: =ROUND(CW36*I36,7) -> 0.056625 | W36: =ROUND(CX36*I36,2) -> 0 | X36: =ROUND(CY36,2) -> 136.75 | Y36: =ROUND(CZ36,2) -> 73.44 | AA36: 53360025 | AB36: =ROUND((AC36+AD36+AF36),6) -> 4077.795 | AC36: =ROUND((ES36),6) -> 909.27 | AD36: =ROUND(((((ET36*ROUND(1.25,7)))-((EU36*ROUND(1.25,7))))+AE36),6) -> 1957.575 | AE36: =ROUND(((EU36*ROUND(1.25,7))),6) -> 305.4875 | AF36: =ROUND(((EV36*ROUND(1.15,7))),6) -> 1210.95 | AG36: =ROUND((AP36),6) -> 0 | AH36: =((EW36*ROUND(1.15,7))) -> 155.25 | AI36: =((EX36*ROUND(1.25,7))) -> 22.65 | AJ36: =(AS36) -> 0 | AK36: 3528.33 | AL36: 909.27 | AM36: 1566.06 | AN36: 244.39 | AO36: 1053 | AP36: 0 | AQ36: 135 | AR36: 18.12 | AS36: 0 | AT36: 91.8 | AU36: 49.3 | AV36: 1 | AW36: 1 | AZ36: 1 | BA36: 39.33 | BB36: 14.42 | BC36: 8.79 | BH36: 0 | BI36: 1 | BJ36: ФЕР-2001, 06-01-001-01, приказ Минстроя России № 876/пр от 26.12.2019 | BM36: 6001 | BN36: 0 | BO36: письмо Минстроя России от 23.07.2026 № 45358-ИФ/09. Регистрационный номер 420; письмо Минстроя России от 23.07.2026 № 45358-ИФ/09. Регистрационный номер 420; письмо Минстроя России от 23.07.2026 № 45358-ИФ/09. Регистрационный номер 420; письмо Минстроя России от 23.07.2026 № 45358-ИФ/09. Регистрационный номер 420; | BP36: 1 | BQ36: 2 | BR36: 0 | BS36: 39.33 | BT36: 1 | BU36: 1 | BV36: 1 | BW36: 1 | BX36: 1 | BZ36: 102 | CA36: 58 | CE36: 12 | CF36: 0 | CG36: 0 | CM36: 0 | CN36: Поправка: 421/пр_2020_п.58_пп.б Наименование: При отсутствии необходимых норм (единичных расценок), включенных в сборники ГЭСНр (ФЕРр, ТЕРр), сметные затраты на работы по капитальному ремонту и реконструкции объектов капитального строительства могут быть определены по сметным нормам, включенным в ГЭСН (ФЕР, ТЕР), аналогичным технологическим процессам в новом строительстве, в том числе по возведению новых конструктивных элементов | CO36: 0 | CP36: =(P36+Q36+S36) -> 209.56 | CQ36: =AC36*BC36 -> 7992.4833 | CR36: =(ROUND((ROUND((((ET36*ROUND(1.25,7)))*1),2)*BB36),2)+ROUND((ROUND(((AE36-((EU36*ROUND(1.25,7))))*1),2)*BS36),2)) -> 28228.3 | CS36: =(ROUND((ROUND((((EU36*ROUND(1.25,7)))*1),2)*BS36),2)+ROUND((ROUND(((AE36-((EU36*ROUND(1.25,7))))*1),2)*BS36),2)) -> 12014.92 | CT36: =AF36*BA36 -> 47626.664 | CU36: =AG36 -> 0 | CV36: =AH36 -> 155.25 | CW36: =AI36 -> 22.65 | CX36: =AJ36 -> 0 | CY36: =(((S36+R36)*AT36)/100) -> 136.74528 | CZ36: =(((S36+R36)*AU36)/100) -> 73.43728 | DB36: 2 | DE36: *1,25 | DF36: *1,25 | DG36: *1,15 | DI36: *1,15 | DJ36: *1,25 | DL36: *0,9 | DM36: *0,85 | DN36: 0 | DO36: 0 | DP36: 1 | DQ36: 1 | DU36: 1007 | DV36: 100 м3 | DW36: 100 м3 | DX36: 100 | EE36: 53151275 | EF36: 2 | EG36: Общестроительные работы | EH36: 6 | EI36: Бетонные и железобетонные монолитные конструкции и работы в строительстве | EJ36: 1 | EK36: 6001 | EL36: Бетонные и железобетонные монолитные конструкции и работы в строительстве | EM36: ФЕР-06 | EO36: Поправка: 421/пр_2020_п.58_пп.б | EQ36: 1311232 | ER36: 3528.33 | ES36: 909.27 | ET36: 1566.06 | EU36: 244.39 | EV36: 1053 | EW36: 135 | EX36: 18.12 | EY36: 0 | FQ36: 0 | FR36: =ROUND(IF(BI36=3,GM36,0),2) -> 0 | FS36: 0 | FX36: 91.8 | FY36: 49.3 | GD36: 1 | GF36: 2073913559 | GG36: 2 | GH36: 1 | GI36: 4 | GJ36: 0 | GK36: 0 | GL36: =ROUND(IF(AND(BH36=3,BI36=3,FS36<>0),P36,0),2) -> 0 | GM36: =ROUND(O36+X36+Y36,2)+GX36 -> 419.75 | GN36: =IF(OR(BI36=0,BI36=1),GM36-GX36,0) -> 419.75 | GO36: =IF(BI36=2,GM36-GX36,0) -> 0 | GP36: =IF(BI36=4,GM36-GX36,0) -> 0 | GR36: 0 | GS36: 3 | GT36: 0 | GV36: =ROUND((GT36),6) -> 0 | GW36: 1 | GX36: =ROUND(HC36*I36,2) -> 0 | HA36: 0 | HB36: 0 | HC36: =GV36*GW36 -> 0 | HN36: Пр/812-006.0-1 | HO36: Пр/774-006.0 | HP36: Бетонные и железобетонные монолитные конструкции и работы в строительстве | HQ36: Бетонные и железобетонные монолитные конструкции и работы в строительстве | IK36: 0
A37: 18 | B37: 1 | C37: 31 | E37: 7,1 | F37: 04.1.02.05-0007 | G37: Смеси бетонные тяжелого бетона (БСТ), класс В20 (М250) | H37: м3 | I37: =I36*J37 -> 0.255 | J37: 102 | K37: 102 | O37: =ROUND(CP37,2) -> 1490.56 | P37: =ROUND(CQ37*I37,2) -> 1490.56 | Q37: =(ROUND((ROUND(((ET37)*I37),2)*BB37),2)+ROUND((ROUND(((AE37-(EU37))*I37),2)*BS37),2)) -> 0 | R37: =(ROUND((ROUND(((EU37)*I37),2)*BS37),2)+ROUND((ROUND(((AE37-(EU37))*I37),2)*BS37),2)) -> 0 | S37: =ROUND(CT37*I37,2) -> 0 | T37: =ROUND(CU37*I37,2) -> 0 | U37: =ROUND(CV37*I37,7) -> 0 | V37: =ROUND(CW37*I37,7) -> 0 | W37: =ROUND(CX37*I37,2) -> 0 | X37: =ROUND(CY37,2) -> 0 | Y37: =ROUND(CZ37,2) -> 0 | AA37: 53360025 | AB37: =ROUND((AC37+AD37+AF37),6) -> 665 | AC37: =ROUND((ES37),6) -> 665 | AD37: =ROUND((((ET37)-(EU37))+AE37),6) -> 0 | AE37: =ROUND((EU37),6) -> 0 | AF37: =ROUND((EV37),6) -> 0 | AG37: =ROUND((AP37),6) -> 0 | AH37: =(EW37) -> 0 | AI37: =(EX37) -> 0 | AJ37: =(AS37) -> 0 | AK37: 665 | AL37: 665 | AM37: 0 | AN37: 0 | AO37: 0 | AP37: 0 | AQ37: 0 | AR37: 0 | AS37: 0 | AT37: 102 | AU37: 58 | AV37: 1 | AW37: 1 | AZ37: 1 | BA37: 1 | BB37: 1 | BC37: 8.79 | BH37: 3 | BI37: 1 | BJ37: ФССЦ-2001, 04.1.02.05-0007, приказ Минстроя России № 876/пр от 26.12.2019 | BM37: 6001 | BN37: 0 | BO37: письмо Минстроя России от 23.07.2026 № 45358-ИФ/09. Регистрационный номер 420 | BP37: 1 | BQ37: 2 | BR37: 0 | BS37: 1 | BT37: 1 | BU37: 1 | BV37: 1 | BW37: 1 | BX37: 1 | BZ37: 102 | CA37: 58 | CE37: 12 | CF37: 0 | CG37: 0 | CM37: 0 | CO37: 0 | CP37: =(P37+Q37+S37) -> 1490.56 | CQ37: =AC37*BC37 -> 5845.35 | CR37: =(ROUND((ROUND(((ET37)*1),2)*BB37),2)+ROUND((ROUND(((AE37-(EU37))*1),2)*BS37),2)) -> 0 | CS37: =(ROUND((ROUND(((EU37)*1),2)*BS37),2)+ROUND((ROUND(((AE37-(EU37))*1),2)*BS37),2)) -> 0 | CT37: =AF37*BA37 -> 0 | CU37: =AG37 -> 0 | CV37: =AH37 -> 0 | CW37: =AI37 -> 0 | CX37: =AJ37 -> 0 | CY37: =(((S37+R37)*AT37)/100) -> 0 | CZ37: =(((S37+R37)*AU37)/100) -> 0 | DN37: 0 | DO37: 0 | DP37: 1 | DQ37: 1 | DU37: 1007 | DV37: м3 | DW37: м3 | DX37: 1 | EE37: 53151275 | EF37: 2 | EG37: Общестроительные работы | EH37: 6 | EI37: Бетонные и железобетонные монолитные конструкции и работы в строительстве | EJ37: 1 | EK37: 6001 | EL37: Бетонные и железобетонные монолитные конструкции и работы в строительстве | EM37: ФЕР-06 | EQ37: 0 | ER37: 665 | ES37: 665 | ET37: 0 | EU37: 0 | EV37: 0 | EW37: 0 | EX37: 0 | FQ37: 0 | FR37: =ROUND(IF(BI37=3,GM37,0),2) -> 0 | FS37: 0 | FX37: 102 | FY37: 58 | GD37: 1 | GF37: -1590786868 | GG37: 2 | GH37: 1 | GI37: 4 | GJ37: 0 | GK37: 0 | GL37: =ROUND(IF(AND(BH37=3,BI37=3,FS37<>0),P37,0),2) -> 0 | GM37: =ROUND(O37+X37+Y37,2)+GX37 -> 1490.56 | GN37: =IF(OR(BI37=0,BI37=1),GM37-GX37,0) -> 1490.56 | GO37: =IF(BI37=2,GM37-GX37,0) -> 0 | GP37: =IF(BI37=4,GM37-GX37,0) -> 0 | GR37: 0 | GS37: 3 | GT37: 0 | GV37: =ROUND((GT37),6) -> 0 | GW37: 1 | GX37: =ROUND(HC37*I37,2) -> 0 | HA37: 0 | HB37: 0 | HC37: =GV37*GW37 -> 0 | HN37: Пр/812-006.0-1 | HO37: Пр/774-006.0 | HP37: Бетонные и железобетонные монолитные конструкции и работы в строительстве | HQ37: Бетонные и железобетонные монолитные конструкции и работы в строительстве | IK37: 0
A38: 17 | B38: 1 | C38: =ROW(SmtRes!A42) -> 42 | D38: =ROW(EtalonRes!A39) -> 39 | E38: 8 | F38: 11-01-027-03 | G38: Устройство покрытий на цементном растворе из плиток: керамических для полов одноцветных с красителем | H38: 100 м2 | I38: =ROUND(4.92/100,7) -> 0.0492 | J38: 0 | K38: =ROUND(4.92/100,7) -> 0.0492 | O38: =ROUND(CP38,2) -> 5548.85 | P38: =ROUND(CQ38*I38,2) -> 3378.38 | Q38: =(ROUND((ROUND((((ET38*ROUND(1.25,7)))*I38),2)*BB38),2)+ROUND((ROUND(((AE38-((EU38*ROUND(1.25,7))))*I38),2)*BS38),2)) -> 108.87 | R38: =(ROUND((ROUND((((EU38*ROUND(1.25,7)))*I38),2)*BS38),2)+ROUND((ROUND(((AE38-((EU38*ROUND(1.25,7))))*I38),2)*BS38),2)) -> 91.64 | S38: =ROUND(CT38*I38,2) -> 2061.6 | T38: =ROUND(CU38*I38,2) -> 0 | U38: =ROUND(CV38*I38,7) -> 5.99748 | V38: =ROUND(CW38*I38,7) -> 0.18081 | W38: =ROUND(CX38*I38,2) -> 0 | X38: =ROUND(CY38,2) -> 2170.47 | Y38: =ROUND(CZ38,2) -> 1189.67 | AA38: 53360025 | AB38: =ROUND((AC38+AD38+AF38),6) -> 9030.631 | AC38: =ROUND((ES38),6) -> 7811.85 | AD38: =ROUND(((((ET38*ROUND(1.25,7)))-((EU38*ROUND(1.25,7))))+AE38),6) -> 153.375 | AE38: =ROUND(((EU38*ROUND(1.25,7))),6) -> 47.4 | AF38: =ROUND(((EV38*ROUND(1.15,7))),6) -> 1065.406 | AG38: =ROUND((AP38),6) -> 0 | AH38: =((EW38*ROUND(1.15,7))) -> 121.9 | AI38: =((EX38*ROUND(1.25,7))) -> 3.675 | AJ38: =(AS38) -> 0 | AK38: 8860.99 | AL38: 7811.85 | AM38: 122.7 | AN38: 37.92 | AO38: 926.44 | AP38: 0 | AQ38: 106 | AR38: 2.94 | AS38: 0 | AT38: 100.8 | AU38: 55.25 | AV38: 1 | AW38: 1 | AZ38: 1 | BA38: 39.33 | BB38: 14.42 | BC38: 8.79 | BH38: 0 | BI38: 1 | BJ38: ФЕР-2001 доп.4, 11-01-027-03, приказ Минстроя России № 636/пр от 20.10.2020 | BM38: 11001 | BN38: 0 | BO38: письмо Минстроя России от 23.07.2026 № 45358-ИФ/09. Регистрационный номер 420; письмо Минстроя России от 23.07.2026 № 45358-ИФ/09. Регистрационный номер 420; письмо Минстроя России от 23.07.2026 № 45358-ИФ/09. Регистрационный номер 420; письмо Минстроя России от 23.07.2026 № 45358-ИФ/09. Регистрационный номер 420; | BP38: 1 | BQ38: 2 | BR38: 0 | BS38: 39.33 | BT38: 1 | BU38: 1 | BV38: 1 | BW38: 1 | BX38: 1 | BZ38: 112 | CA38: 65 | CE38: 12 | CF38: 0 | CG38: 0 | CM38: 0 | CN38: Поправка: 421/пр_2020_п.58_пп.б Наименование: При отсутствии необходимых норм (единичных расценок), включенных в сборники ГЭСНр (ФЕРр, ТЕРр), сметные затраты на работы по капитальному ремонту и реконструкции объектов капитального строительства могут быть определены по сметным нормам, включенным в ГЭСН (ФЕР, ТЕР), аналогичным технологическим процессам в новом строительстве, в том числе по возведению новых конструктивных элементов | CO38: 0 | CP38: =(P38+Q38+S38) -> 5548.85 | CQ38: =AC38*BC38 -> 68666.162 | CR38: =(ROUND((ROUND((((ET38*ROUND(1.25,7)))*1),2)*BB38),2)+ROUND((ROUND(((AE38-((EU38*ROUND(1.25,7))))*1),2)*BS38),2)) -> 2211.74 | CS38: =(ROUND((ROUND((((EU38*ROUND(1.25,7)))*1),2)*BS38),2)+ROUND((ROUND(((AE38-((EU38*ROUND(1.25,7))))*1),2)*BS38),2)) -> 1864.24 | CT38: =AF38*BA38 -> 41902.418 | CU38: =AG38 -> 0 | CV38: =AH38 -> 121.9 | CW38: =AI38 -> 3.675 | CX38: =AJ38 -> 0 | CY38: =(((S38+R38)*AT38)/100) -> 2170.4659 | CZ38: =(((S38+R38)*AU38)/100) -> 1189.6651 | DB38: 3 | DE38: *1,25 | DF38: *1,25 | DG38: *1,15 | DI38: *1,15 | DJ38: *1,25 | DL38: *0,9 | DM38: *0,85 | DN38: 0 | DO38: 0 | DP38: 1 | DQ38: 1 | DU38: 1005 | DV38: 100 м2 | DW38: 100 м2 | DX38: 100 | EE38: 53151326 | EF38: 2 | EG38: Общестроительные работы | EH38: 11 | EI38: Полы | EJ38: 1 | EK38: 11001 | EL38: Полы | EM38: ФЕР-11 | EO38: Поправка: 421/пр_2020_п.58_пп.б | EQ38: 1311232 | ER38: 8860.99 | ES38: 7811.85 | ET38: 122.7 | EU38: 37.92 | EV38: 926.44 | EW38: 106 | EX38: 2.94 | EY38: 0 | FQ38: 0 | FR38: =ROUND(IF(BI38=3,GM38,0),2) -> 0 | FS38: 0 | FX38: 100.8 | FY38: 55.25 | GD38: 1 | GF38: 818160250 | GG38: 2 | GH38: 1 | GI38: 4 | GJ38: 0 | GK38: 0 | GL38: =ROUND(IF(AND(BH38=3,BI38=3,FS38<>0),P38,0),2) -> 0 | GM38: =ROUND(O38+X38+Y38,2)+GX38 -> 8908.99 | GN38: =IF(OR(BI38=0,BI38=1),GM38-GX38,0) -> 8908.99 | GO38: =IF(BI38=2,GM38-GX38,0) -> 0 | GP38: =IF(BI38=4,GM38-GX38,0) -> 0 | GR38: 0 | GS38: 3 | GT38: 0 | GV38: =ROUND((GT38),6) -> 0 | GW38: 1 | GX38: =ROUND(HC38*I38,2) -> 0 | HA38: 0 | HB38: 0 | HC38: =GV38*GW38 -> 0 | HN38: Пр/812-011.0-1 | HO38: Пр/774-011.0 | HP38: Полы | HQ38: Полы | IK38: 0
A39: 18 | B39: 1 | C39: 40 | E39: 8,1 | F39: 06.2.02.01-0071 | G39: Плитка керамическая неглазурованная для полов гладкая, одноцветная с красителем квадратная и прямоугольная | H39: м2 | I39: =I38*J39 -> -5.0184 | J39: -102 | K39: -102 | O39: =ROUND(CP39,2) -> -2990.78 | P39: =ROUND(CQ39*I39,2) -> -2990.78 | Q39: =(ROUND((ROUND(((ET39)*I39),2)*BB39),2)+ROUND((ROUND(((AE39-(EU39))*I39),2)*BS39),2)) -> 0 | R39: =(ROUND((ROUND(((EU39)*I39),2)*BS39),2)+ROUND((ROUND(((AE39-(EU39))*I39),2)*BS39),2)) -> 0 | S39: =ROUND(CT39*I39,2) -> 0 | T39: =ROUND(CU39*I39,2) -> 0 | U39: =ROUND(CV39*I39,7) -> 0 | V39: =ROUND(CW39*I39,7) -> 0 | W39: =ROUND(CX39*I39,2) -> 0 | X39: =ROUND(CY39,2) -> 0 | Y39: =ROUND(CZ39,2) -> 0 | AA39: 53360025 | AB39: =ROUND((AC39+AD39+AF39),6) -> 67.8 | AC39: =ROUND((ES39),6) -> 67.8 | AD39: =ROUND((((ET39)-(EU39))+AE39),6) -> 0 | AE39: =ROUND((EU39),6) -> 0 | AF39: =ROUND((EV39),6) -> 0 | AG39: =ROUND((AP39),6) -> 0 | AH39: =(EW39) -> 0 | AI39: =(EX39) -> 0 | AJ39: =(AS39) -> 0 | AK39: 67.8 | AL39: 67.8 | AM39: 0 | AN39: 0 | AO39: 0 | AP39: 0 | AQ39: 0 | AR39: 0 | AS39: 0 | AT39: 112 | AU39: 65 | AV39: 1 | AW39: 1 | AZ39: 1 | BA39: 1 | BB39: 1 | BC39: 8.79 | BH39: 3 | BI39: 1 | BJ39: ФССЦ-2001, 06.2.02.01-0071, приказ Минстроя России № 876/пр от 26.12.2019 | BM39: 11001 | BN39: 0 | BO39: письмо Минстроя России от 23.07.2026 № 45358-ИФ/09. Регистрационный номер 420 | BP39: 1 | BQ39: 2 | BR39: 1 | BS39: 1 | BT39: 1 | BU39: 1 | BV39: 1 | BW39: 1 | BX39: 1 | BZ39: 112 | CA39: 65 | CE39: 12 | CF39: 0 | CG39: 0 | CM39: 0 | CO39: 0 | CP39: =(P39+Q39+S39) -> -2990.78 | CQ39: =AC39*BC39 -> 595.962 | CR39: =(ROUND((ROUND(((ET39)*1),2)*BB39),2)+ROUND((ROUND(((AE39-(EU39))*1),2)*BS39),2)) -> 0 | CS39: =(ROUND((ROUND(((EU39)*1),2)*BS39),2)+ROUND((ROUND(((AE39-(EU39))*1),2)*BS39),2)) -> 0 | CT39: =AF39*BA39 -> 0 | CU39: =AG39 -> 0 | CV39: =AH39 -> 0 | CW39: =AI39 -> 0 | CX39: =AJ39 -> 0 | CY39: =(((S39+R39)*AT39)/100) -> 0 | CZ39: =(((S39+R39)*AU39)/100) -> 0 | DN39: 0 | DO39: 0 | DP39: 1 | DQ39: 1 | DU39: 1005 | DV39: м2 | DW39: м2 | DX39: 1 | EE39: 53151326 | EF39: 2 | EG39: Общестроительные работы | EH39: 11 | EI39: Полы | EJ39: 1 | EK39: 11001 | EL39: Полы | EM39: ФЕР-11 | EQ39: 33280 | ER39: 67.8 | ES39: 67.8 | ET39: 0 | EU39: 0 | EV39: 0 | EW39: 0 | EX39: 0 | FQ39: 0 | FR39: =ROUND(IF(BI39=3,GM39,0),2) -> 0 | FS39: 0 | FX39: 112 | FY39: 65 | GD39: 1 | GF39: -581727036 | GG39: 2 | GH39: 1 | GI39: 4 | GJ39: 0 | GK39: 0 | GL39: =ROUND(IF(AND(BH39=3,BI39=3,FS39<>0),P39,0),2) -> 0 | GM39: =ROUND(O39+X39+Y39,2)+GX39 -> -2990.78 | GN39: =IF(OR(BI39=0,BI39=1),GM39-GX39,0) -> -2990.78 | GO39: =IF(BI39=2,GM39-GX39,0) -> 0 | GP39: =IF(BI39=4,GM39-GX39,0) -> 0 | GR39: 0 | GS39: 3 | GT39: 0 | GV39: =ROUND((GT39),6) -> 0 | GW39: 1 | GX39: =ROUND(HC39*I39,2) -> 0 | HA39: 0 | HB39: 0 | HC39: =GV39*GW39 -> 0 | HN39: Пр/812-011.0-1 | HO39: Пр/774-011.0 | HP39: Полы | HQ39: Полы | IK39: 0
A40: 18 | B40: 1 | C40: 39 | E40: 8,2 | F40: 04.3.01.09-0016 | G40: Раствор готовый кладочный, цементный, М200 | H40: м3 | I40: =I38*J40 -> -0.06396 | J40: -1.3 | K40: -1.3 | O40: =ROUND(CP40,2) -> -337.33 | P40: =ROUND(CQ40*I40,2) -> -337.33 | Q40: =(ROUND((ROUND(((ET40)*I40),2)*BB40),2)+ROUND((ROUND(((AE40-(EU40))*I40),2)*BS40),2)) -> 0 | R40: =(ROUND((ROUND(((EU40)*I40),2)*BS40),2)+ROUND((ROUND(((AE40-(EU40))*I40),2)*BS40),2)) -> 0 | S40: =ROUND(CT40*I40,2) -> 0 | T40: =ROUND(CU40*I40,2) -> 0 | U40: =ROUND(CV40*I40,7) -> 0 | V40: =ROUND(CW40*I40,7) -> 0 | W40: =ROUND(CX40*I40,2) -> 0 | X40: =ROUND(CY40,2) -> 0 | Y40: =ROUND(CZ40,2) -> 0 | AA40: 53360025 | AB40: =ROUND((AC40+AD40+AF40),6) -> 600 | AC40: =ROUND((ES40),6) -> 600 | AD40: =ROUND((((ET40)-(EU40))+AE40),6) -> 0 | AE40: =ROUND((EU40),6) -> 0 | AF40: =ROUND((EV40),6) -> 0 | AG40: =ROUND((AP40),6) -> 0 | AH40: =(EW40) -> 0 | AI40: =(EX40) -> 0 | AJ40: =(AS40) -> 0 | AK40: 600 | AL40: 600 | AM40: 0 | AN40: 0 | AO40: 0 | AP40: 0 | AQ40: 0 | AR40: 0 | AS40: 0 | AT40: 112 | AU40: 65 | AV40: 1 | AW40: 1 | AZ40: 1 | BA40: 1 | BB40: 1 | BC40: 8.79 | BH40: 3 | BI40: 1 | BJ40: ФССЦ-2001, 04.3.01.09-0016, приказ Минстроя России № 876/пр от 26.12.2019 | BM40: 11001 | BN40: 0 | BO40: письмо Минстроя России от 23.07.2026 № 45358-ИФ/09. Регистрационный номер 420 | BP40: 1 | BQ40: 2 | BR40: 1 | BS40: 1 | BT40: 1 | BU40: 1 | BV40: 1 | BW40: 1 | BX40: 1 | BZ40: 112 | CA40: 65 | CE40: 12 | CF40: 0 | CG40: 0 | CM40: 0 | CO40: 0 | CP40: =(P40+Q40+S40) -> -337.33 | CQ40: =AC40*BC40 -> 5274 | CR40: =(ROUND((ROUND(((ET40)*1),2)*BB40),2)+ROUND((ROUND(((AE40-(EU40))*1),2)*BS40),2)) -> 0 | CS40: =(ROUND((ROUND(((EU40)*1),2)*BS40),2)+ROUND((ROUND(((AE40-(EU40))*1),2)*BS40),2)) -> 0 | CT40: =AF40*BA40 -> 0 | CU40: =AG40 -> 0 | CV40: =AH40 -> 0 | CW40: =AI40 -> 0 | CX40: =AJ40 -> 0 | CY40: =(((S40+R40)*AT40)/100) -> 0 | CZ40: =(((S40+R40)*AU40)/100) -> 0 | DN40: 0 | DO40: 0 | DP40: 1 | DQ40: 1 | DU40: 1007 | DV40: м3 | DW40: м3 | DX40: 1 | EE40: 53151326 | EF40: 2 | EG40: Общестроительные работы | EH40: 11 | EI40: Полы | EJ40: 1 | EK40: 11001 | EL40: Полы | EM40: ФЕР-11 | EQ40: 33280 | ER40: 600 | ES40: 600 | ET40: 0 | EU40: 0 | EV40: 0 | EW40: 0 | EX40: 0 | FQ40: 0 | FR40: =ROUND(IF(BI40=3,GM40,0),2) -> 0 | FS40: 0 | FX40: 112 | FY40: 65 | GD40: 1 | GF40: 1129920326 | GG40: 2 | GH40: 1 | GI40: 4 | GJ40: 0 | GK40: 0 | GL40: =ROUND(IF(AND(BH40=3,BI40=3,FS40<>0),P40,0),2) -> 0 | GM40: =ROUND(O40+X40+Y40,2)+GX40 -> -337.33 | GN40: =IF(OR(BI40=0,BI40=1),GM40-GX40,0) -> -337.33 | GO40: =IF(BI40=2,GM40-GX40,0) -> 0 | GP40: =IF(BI40=4,GM40-GX40,0) -> 0 | GR40: 0 | GS40: 3 | GT40: 0 | GV40: =ROUND((GT40),6) -> 0 | GW40: 1 | GX40: =ROUND(HC40*I40,2) -> 0 | HA40: 0 | HB40: 0 | HC40: =GV40*GW40 -> 0 | HN40: Пр/812-011.0-1 | HO40: Пр/774-011.0 | HP40: Полы | HQ40: Полы | IK40: 0
A41: 18 | B41: 1 | C41: 42 | E41: 8,3 | F41: 14.1.06.04-0010 | G41: Клей плиточный «Боларс Аква» | H41: кг | I41: =I38*J41 -> 75 | J41: 1524.3902 | K41: 1524.3902 | O41: =ROUND(CP41,2) -> 3250.1 | P41: =ROUND(CQ41*I41,2) -> 3250.1 | Q41: =(ROUND((ROUND(((ET41)*I41),2)*BB41),2)+ROUND((ROUND(((AE41-(EU41))*I41),2)*BS41),2)) -> 0 | R41: =(ROUND((ROUND(((EU41)*I41),2)*BS41),2)+ROUND((ROUND(((AE41-(EU41))*I41),2)*BS41),2)) -> 0 | S41: =ROUND(CT41*I41,2) -> 0 | T41: =ROUND(CU41*I41,2) -> 0 | U41: =ROUND(CV41*I41,7) -> 0 | V41: =ROUND(CW41*I41,7) -> 0 | W41: =ROUND(CX41*I41,2) -> 0 | X41: =ROUND(CY41,2) -> 0 | Y41: =ROUND(CZ41,2) -> 0 | AA41: 53360025 | AB41: =ROUND((AC41+AD41+AF41),6) -> 4.93 | AC41: =ROUND((ES41),6) -> 4.93 | AD41: =ROUND((((ET41)-(EU41))+AE41),6) -> 0 | AE41: =ROUND((EU41),6) -> 0 | AF41: =ROUND((EV41),6) -> 0 | AG41: =ROUND((AP41),6) -> 0 | AH41: =(EW41) -> 0 | AI41: =(EX41) -> 0 | AJ41: =(AS41) -> 0 | AK41: 4.93 | AL41: 4.93 | AM41: 0 | AN41: 0 | AO41: 0 | AP41: 0 | AQ41: 0 | AR41: 0 | AS41: 0 | AT41: 112 | AU41: 65 | AV41: 1 | AW41: 1 | AZ41: 1 | BA41: 1 | BB41: 1 | BC41: 8.79 | BH41: 3 | BI41: 1 | BJ41: ФССЦ-2001, 14.1.06.04-0010, приказ Минстроя России № 876/пр от 26.12.2019 | BM41: 11001 | BN41: 0 | BO41: письмо Минстроя России от 23.07.2026 № 45358-ИФ/09. Регистрационный номер 420 | BP41: 1 | BQ41: 2 | BR41: 0 | BS41: 1 | BT41: 1 | BU41: 1 | BV41: 1 | BW41: 1 | BX41: 1 | BZ41: 112 | CA41: 65 | CE41: 12 | CF41: 0 | CG41: 0 | CM41: 0 | CO41: 0 | CP41: =(P41+Q41+S41) -> 3250.1 | CQ41: =AC41*BC41 -> 43.3347 | CR41: =(ROUND((ROUND(((ET41)*1),2)*BB41),2)+ROUND((ROUND(((AE41-(EU41))*1),2)*BS41),2)) -> 0 | CS41: =(ROUND((ROUND(((EU41)*1),2)*BS41),2)+ROUND((ROUND(((AE41-(EU41))*1),2)*BS41),2)) -> 0 | CT41: =AF41*BA41 -> 0 | CU41: =AG41 -> 0 | CV41: =AH41 -> 0 | CW41: =AI41 -> 0 | CX41: =AJ41 -> 0 | CY41: =(((S41+R41)*AT41)/100) -> 0 | CZ41: =(((S41+R41)*AU41)/100) -> 0 | DN41: 0 | DO41: 0 | DP41: 1 | DQ41: 1 | DU41: 1009 | DV41: кг | DW41: кг | DX41: 1 | EE41: 53151326 | EF41: 2 | EG41: Общестроительные работы | EH41: 11 | EI41: Полы | EJ41: 1 | EK41: 11001 | EL41: Полы | EM41: ФЕР-11 | EQ41: 0 | ER41: 4.93 | ES41: 4.93 | ET41: 0 | EU41: 0 | EV41: 0 | EW41: 0 | EX41: 0 | FQ41: 0 | FR41: =ROUND(IF(BI41=3,GM41,0),2) -> 0 | FS41: 0 | FX41: 112 | FY41: 65 | GD41: 1 | GF41: 272805291 | GG41: 2 | GH41: 1 | GI41: 4 | GJ41: 0 | GK41: 0 | GL41: =ROUND(IF(AND(BH41=3,BI41=3,FS41<>0),P41,0),2) -> 0 | GM41: =ROUND(O41+X41+Y41,2)+GX41 -> 3250.1 | GN41: =IF(OR(BI41=0,BI41=1),GM41-GX41,0) -> 3250.1 | GO41: =IF(BI41=2,GM41-GX41,0) -> 0 | GP41: =IF(BI41=4,GM41-GX41,0) -> 0 | GR41: 0 | GS41: 3 | GT41: 0 | GV41: =ROUND((GT41),6) -> 0 | GW41: 1 | GX41: =ROUND(HC41*I41,2) -> 0 | HA41: 0 | HB41: 0 | HC41: =GV41*GW41 -> 0 | HN41: Пр/812-011.0-1 | HO41: Пр/774-011.0 | HP41: Полы | HQ41: Полы | IK41: 0
A42: 18 | B42: 1 | C42: 41 | E42: 8,4 | F42: 06.2.05.03-1000 | G42: Плитка керамогранитная, размер 300x300x8 мм | H42: м2 | I42: =I38*J42 -> 5.0184 | J42: 102 | K42: 102 | O42: =ROUND(CP42,2) -> 2109.86 | P42: =ROUND(CQ42*I42,2) -> 2109.86 | Q42: =(ROUND((ROUND(((ET42)*I42),2)*BB42),2)+ROUND((ROUND(((AE42-(EU42))*I42),2)*BS42),2)) -> 0 | R42: =(ROUND((ROUND(((EU42)*I42),2)*BS42),2)+ROUND((ROUND(((AE42-(EU42))*I42),2)*BS42),2)) -> 0 | S42: =ROUND(CT42*I42,2) -> 0 | T42: =ROUND(CU42*I42,2) -> 0 | U42: =ROUND(CV42*I42,7) -> 0 | V42: =ROUND(CW42*I42,7) -> 0 | W42: =ROUND(CX42*I42,2) -> 0 | X42: =ROUND(CY42,2) -> 0 | Y42: =ROUND(CZ42,2) -> 0 | AA42: 53360025 | AB42: =ROUND((AC42+AD42+AF42),6) -> 47.83 | AC42: =ROUND((ES42),6) -> 47.83 | AD42: =ROUND((((ET42)-(EU42))+AE42),6) -> 0 | AE42: =ROUND((EU42),6) -> 0 | AF42: =ROUND((EV42),6) -> 0 | AG42: =ROUND((AP42),6) -> 0 | AH42: =(EW42) -> 0 | AI42: =(EX42) -> 0 | AJ42: =(AS42) -> 0 | AK42: 47.83 | AL42: 47.83 | AM42: 0 | AN42: 0 | AO42: 0 | AP42: 0 | AQ42: 0 | AR42: 0 | AS42: 0 | AT42: 112 | AU42: 65 | AV42: 1 | AW42: 1 | AZ42: 1 | BA42: 1 | BB42: 1 | BC42: 8.79 | BH42: 3 | BI42: 1 | BJ42: ФССЦ-2001, 06.2.05.03-1000, приказ Минстроя России № 876/пр от 26.12.2019 | BM42: 11001 | BN42: 0 | BO42: письмо Минстроя России от 23.07.2026 № 45358-ИФ/09. Регистрационный номер 420 | BP42: 1 | BQ42: 2 | BR42: 0 | BS42: 1 | BT42: 1 | BU42: 1 | BV42: 1 | BW42: 1 | BX42: 1 | BZ42: 112 | CA42: 65 | CE42: 12 | CF42: 0 | CG42: 0 | CM42: 0 | CO42: 0 | CP42: =(P42+Q42+S42) -> 2109.86 | CQ42: =AC42*BC42 -> 420.4257 | CR42: =(ROUND((ROUND(((ET42)*1),2)*BB42),2)+ROUND((ROUND(((AE42-(EU42))*1),2)*BS42),2)) -> 0 | CS42: =(ROUND((ROUND(((EU42)*1),2)*BS42),2)+ROUND((ROUND(((AE42-(EU42))*1),2)*BS42),2)) -> 0 | CT42: =AF42*BA42 -> 0 | CU42: =AG42 -> 0 | CV42: =AH42 -> 0 | CW42: =AI42 -> 0 | CX42: =AJ42 -> 0 | CY42: =(((S42+R42)*AT42)/100) -> 0 | CZ42: =(((S42+R42)*AU42)/100) -> 0 | DN42: 0 | DO42: 0 | DP42: 1 | DQ42: 1 | DU42: 1005 | DV42: м2 | DW42: м2 | DX42: 1 | EE42: 53151326 | EF42: 2 | EG42: Общестроительные работы | EH42: 11 | EI42: Полы | EJ42: 1 | EK42: 11001 | EL42: Полы | EM42: ФЕР-11 | EQ42: 0 | ER42: 47.83 | ES42: 47.83 | ET42: 0 | EU42: 0 | EV42: 0 | EW42: 0 | EX42: 0 | FQ42: 0 | FR42: =ROUND(IF(BI42=3,GM42,0),2) -> 0 | FS42: 0 | FX42: 112 | FY42: 65 | GD42: 1 | GF42: -773684841 | GG42: 2 | GH42: 1 | GI42: 4 | GJ42: 0 | GK42: 0 | GL42: =ROUND(IF(AND(BH42=3,BI42=3,FS42<>0),P42,0),2) -> 0 | GM42: =ROUND(O42+X42+Y42,2)+GX42 -> 2109.86 | GN42: =IF(OR(BI42=0,BI42=1),GM42-GX42,0) -> 2109.86 | GO42: =IF(BI42=2,GM42-GX42,0) -> 0 | GP42: =IF(BI42=4,GM42-GX42,0) -> 0 | GR42: 0 | GS42: 3 | GT42: 0 | GV42: =ROUND((GT42),6) -> 0 | GW42: 1 | GX42: =ROUND(HC42*I42,2) -> 0 | HA42: 0 | HB42: 0 | HC42: =GV42*GW42 -> 0 | HN42: Пр/812-011.0-1 | HO42: Пр/774-011.0 | HP42: Полы | HQ42: Полы | IK42: 0
A43: 17 | B43: 1 | C43: =ROW(SmtRes!A57) -> 57 | D43: =ROW(EtalonRes!A53) -> 53 | E43: 9 | F43: 15-01-010-01 | G43: Облицовка ступеней и подступенников мраморными полированными плитами (прим. керамогранитными плитками) | H43: 100 м2 | I43: =ROUND(13.42/100,7) -> 0.1342 | J43: 0 | K43: =ROUND(13.42/100,7) -> 0.1342 | O43: =ROUND(CP43,2) -> 37429.97 | P43: =ROUND(CQ43*I43,2) -> 1627.09 | Q43: =(ROUND((ROUND((((ET43*ROUND(1.25,7)))*I43),2)*BB43),2)+ROUND((ROUND(((AE43-((EU43*ROUND(1.25,7))))*I43),2)*BS43),2)) -> 249.03 | R43: =(ROUND((ROUND((((EU43*ROUND(1.25,7)))*I43),2)*BS43),2)+ROUND((ROUND(((AE43-((EU43*ROUND(1.25,7))))*I43),2)*BS43),2)) -> 219.07 | S43: =ROUND(CT43*I43,2) -> 35553.85 | T43: =ROUND(CU43*I43,2) -> 0 | U43: =ROUND(CV43*I43,7) -> 84.8815 | V43: =ROUND(CW43*I43,7) -> 0.42944 | W43: =ROUND(CX43*I43,2) -> 0 | X43: =ROUND(CY43,2) -> 35772.92 | Y43: =ROUND(CZ43,2) -> 17528.73 | AA43: 53360025 | AB43: =ROUND((AC43+AD43+AF43),6) -> 8244.1275 | AC43: =ROUND((ES43),6) -> 1379.34 | AD43: =ROUND(((((ET43*ROUND(1.25,7)))-((EU43*ROUND(1.25,7))))+AE43),6) -> 128.6625 | AE43: =ROUND(((EU43*ROUND(1.25,7))),6) -> 41.525 | AF43: =ROUND(((EV43*ROUND(1.15,7))),6) -> 6736.125 | AG43: =ROUND((AP43),6) -> 0 | AH43: =((EW43*ROUND(1.15,7))) -> 632.5 | AI43: =((EX43*ROUND(1.25,7))) -> 3.2 | AJ43: =(AS43) -> 0 | AK43: 7339.77 | AL43: 1379.34 | AM43: 102.93 | AN43: 33.22 | AO43: 5857.5 | AP43: 0 | AQ43: 550 | AR43: 2.56 | AS43: 0 | AT43: 100 | AU43: 49 | AV43: 1 | AW43: 1 | AZ43: 1 | BA43: 39.33 | BB43: 14.42 | BC43: 8.79 | BH43: 0 | BI43: 1 | BJ43: ФЕР-2001, 15-01-010-01, приказ Минстроя России № 876/пр от 26.12.2019 | BM43: 15001 | BN43: 0 | BO43: письмо Минстроя России от 23.07.2026 № 45358-ИФ/09. Регистрационный номер 420; письмо Минстроя России от 23.07.2026 № 45358-ИФ/09. Регистрационный номер 420; письмо Минстроя России от 23.07.2026 № 45358-ИФ/09. Регистрационный номер 420; письмо Минстроя России от 23.07.2026 № 45358-ИФ/09. Регистрационный номер 420; | BP43: 1 | BQ43: 2 | BR43: 0 | BS43: 39.33 | BT43: 1 | BU43: 1 | BV43: 1 | BW43: 1 | BX43: 1 | BZ43: 100 | CA43: 49 | CE43: 12 | CF43: 0 | CG43: 0 | CM43: 0 | CO43: 0 | CP43: =(P43+Q43+S43) -> 37429.97 | CQ43: =AC43*BC43 -> 12124.399 | CR43: =(ROUND((ROUND((((ET43*ROUND(1.25,7)))*1),2)*BB43),2)+ROUND((ROUND(((AE43-((EU43*ROUND(1.25,7))))*1),2)*BS43),2)) -> 1855.28 | CS43: =(ROUND((ROUND((((EU43*ROUND(1.25,7)))*1),2)*BS43),2)+ROUND((ROUND(((AE43-((EU43*ROUND(1.25,7))))*1),2)*BS43),2)) -> 1633.37 | CT43: =AF43*BA43 -> 264931.8 | CU43: =AG43 -> 0 | CV43: =AH43 -> 632.5 | CW43: =AI43 -> 3.2 | CX43: =AJ43 -> 0 | CY43: =(((S43+R43)*AT43)/100) -> 35772.92 | CZ43: =(((S43+R43)*AU43)/100) -> 17528.731 | DE43: *1,25 | DF43: *1,25 | DG43: *1,15 | DI43: *1,15 | DJ43: *1,25 | DN43: 0 | DO43: 0 | DP43: 1 | DQ43: 1 | DU43: 1005 | DV43: 100 м2 | DW43: 100 м2 | DX43: 100 | EE43: 53151352 | EF43: 2 | EG43: Общестроительные работы | EH43: 15 | EI43: Отделочные работы | EJ43: 1 | EK43: 15001 | EL43: Отделочные работы | EM43: ФЕР-15 | EO43: Поправка: 421/пр_2020_п.58_пп.б | EQ43: 1311232 | ER43: 7339.77 | ES43: 1379.34 | ET43: 102.93 | EU43: 33.22 | EV43: 5857.5 | EW43: 550 | EX43: 2.56 | EY43: 0 | FQ43: 0 | FR43: =ROUND(IF(BI43=3,GM43,0),2) -> 0 | FS43: 0 | FX43: 100 | FY43: 49 | GD43: 1 | GF43: -1392104054 | GG43: 2 | GH43: 1 | GI43: 4 | GJ43: 0 | GK43: 0 | GL43: =ROUND(IF(AND(BH43=3,BI43=3,FS43<>0),P43,0),2) -> 0 | GM43: =ROUND(O43+X43+Y43,2)+GX43 -> 90731.62 | GN43: =IF(OR(BI43=0,BI43=1),GM43-GX43,0) -> 90731.62 | GO43: =IF(BI43=2,GM43-GX43,0) -> 0 | GP43: =IF(BI43=4,GM43-GX43,0) -> 0 | GR43: 0 | GS43: 3 | GT43: 0 | GV43: =ROUND((GT43),6) -> 0 | GW43: 1 | GX43: =ROUND(HC43*I43,2) -> 0 | HA43: 0 | HB43: 0 | HC43: =GV43*GW43 -> 0 | HN43: Пр/812-015.0-1 | HO43: Пр/774-015.0 | HP43: Отделочные работы | HQ43: Отделочные работы | IK43: 0
A44: 18 | B44: 1 | C44: 56 | E44: 9,1 | F44: 13.1.02.04 | G44: Плиты мраморные полированные для подступенков | H44: м2 | I44: =I43*J44 -> 2.684 | J44: 20 | K44: 20 | O44: =ROUND(CP44,2) -> 0 | P44: =ROUND(CQ44*I44,2) -> 0 | Q44: =(ROUND((ROUND(((ET44)*I44),2)*BB44),2)+ROUND((ROUND(((AE44-(EU44))*I44),2)*BS44),2)) -> 0 | R44: =(ROUND((ROUND(((EU44)*I44),2)*BS44),2)+ROUND((ROUND(((AE44-(EU44))*I44),2)*BS44),2)) -> 0 | S44: =ROUND(CT44*I44,2) -> 0 | T44: =ROUND(CU44*I44,2) -> 0 | U44: =ROUND(CV44*I44,7) -> 0 | V44: =ROUND(CW44*I44,7) -> 0 | W44: =ROUND(CX44*I44,2) -> 0 | X44: =ROUND(CY44,2) -> 0 | Y44: =ROUND(CZ44,2) -> 0 | AA44: 53360025 | AB44: =ROUND((AC44+AD44+AF44),6) -> 0 | AC44: =ROUND((ES44),6) -> 0 | AD44: =ROUND((((ET44)-(EU44))+AE44),6) -> 0 | AE44: =ROUND((EU44),6) -> 0 | AF44: =ROUND((EV44),6) -> 0 | AG44: =ROUND((AP44),6) -> 0 | AH44: =(EW44) -> 0 | AI44: =(EX44) -> 0 | AJ44: =(AS44) -> 0 | AK44: 0 | AL44: 0 | AM44: 0 | AN44: 0 | AO44: 0 | AP44: 0 | AQ44: 0 | AR44: 0 | AS44: 0 | AT44: 100 | AU44: 49 | AV44: 1 | AW44: 1 | AZ44: 1 | BA44: 1 | BB44: 1 | BC44: 8.79 | BH44: 3 | BI44: 1 | BM44: 15001 | BN44: 0 | BO44: письмо Минстроя России от 23.07.2026 № 45358-ИФ/09. Регистрационный номер 420 | BP44: 1 | BQ44: 2 | BR44: 0 | BS44: 1 | BT44: 1 | BU44: 1 | BV44: 1 | BW44: 1 | BX44: 1 | BZ44: 100 | CA44: 49 | CE44: 12 | CF44: 0 | CG44: 0 | CM44: 0 | CO44: 0 | CP44: =(P44+Q44+S44) -> 0 | CQ44: =AC44*BC44 -> 0 | CR44: =(ROUND((ROUND(((ET44)*1),2)*BB44),2)+ROUND((ROUND(((AE44-(EU44))*1),2)*BS44),2)) -> 0 | CS44: =(ROUND((ROUND(((EU44)*1),2)*BS44),2)+ROUND((ROUND(((AE44-(EU44))*1),2)*BS44),2)) -> 0 | CT44: =AF44*BA44 -> 0 | CU44: =AG44 -> 0 | CV44: =AH44 -> 0 | CW44: =AI44 -> 0 | CX44: =AJ44 -> 0 | CY44: =(((S44+R44)*AT44)/100) -> 0 | CZ44: =(((S44+R44)*AU44)/100) -> 0 | DN44: 0 | DO44: 0 | DP44: 1 | DQ44: 1 | DU44: 1005 | DV44: м2 | DW44: м2 | DX44: 1 | EE44: 53151352 | EF44: 2 | EG44: Общестроительные работы | EH44: 15 | EI44: Отделочные работы | EJ44: 1 | EK44: 15001 | EL44: Отделочные работы | EM44: ФЕР-15 | EQ44: 512 | ER44: 0 | ES44: 0 | ET44: 0 | EU44: 0 | EV44: 0 | EW44: 0 | EX44: 0 | FQ44: 0 | FR44: =ROUND(IF(BI44=3,GM44,0),2) -> 0 | FS44: 0 | FX44: 100 | FY44: 49 | GD44: 1 | GF44: -924750407 | GG44: 2 | GH44: 1 | GI44: 4 | GJ44: 0 | GK44: 0 | GL44: =ROUND(IF(AND(BH44=3,BI44=3,FS44<>0),P44,0),2) -> 0 | GM44: =ROUND(O44+X44+Y44,2)+GX44 -> 0 | GN44: =IF(OR(BI44=0,BI44=1),GM44-GX44,0) -> 0 | GO44: =IF(BI44=2,GM44-GX44,0) -> 0 | GP44: =IF(BI44=4,GM44-GX44,0) -> 0 | GR44: 0 | GS44: 3 | GT44: 0 | GV44: =ROUND((GT44),6) -> 0 | GW44: 1 | GX44: =ROUND(HC44*I44,2) -> 0 | HA44: 0 | HB44: 0 | HC44: =GV44*GW44 -> 0 | HN44: Пр/812-015.0-1 | HO44: Пр/774-015.0 | HP44: Отделочные работы | HQ44: Отделочные работы | IK44: 0
A45: 18 | B45: 1 | C45: 57 | E45: 9,2 | F45: 13.1.02.04 | G45: Плиты мраморные полированные для ступеней и подоконников | H45: м2 | I45: =I43*J45 -> 10.8702 | J45: 81 | K45: 81 | O45: =ROUND(CP45,2) -> 0 | P45: =ROUND(CQ45*I45,2) -> 0 | Q45: =(ROUND((ROUND(((ET45)*I45),2)*BB45),2)+ROUND((ROUND(((AE45-(EU45))*I45),2)*BS45),2)) -> 0 | R45: =(ROUND((ROUND(((EU45)*I45),2)*BS45),2)+ROUND((ROUND(((AE45-(EU45))*I45),2)*BS45),2)) -> 0 | S45: =ROUND(CT45*I45,2) -> 0 | T45: =ROUND(CU45*I45,2) -> 0 | U45: =ROUND(CV45*I45,7) -> 0 | V45: =ROUND(CW45*I45,7) -> 0 | W45: =ROUND(CX45*I45,2) -> 0 | X45: =ROUND(CY45,2) -> 0 | Y45: =ROUND(CZ45,2) -> 0 | AA45: 53360025 | AB45: =ROUND((AC45+AD45+AF45),6) -> 0 | AC45: =ROUND((ES45),6) -> 0 | AD45: =ROUND((((ET45)-(EU45))+AE45),6) -> 0 | AE45: =ROUND((EU45),6) -> 0 | AF45: =ROUND((EV45),6) -> 0 | AG45: =ROUND((AP45),6) -> 0 | AH45: =(EW45) -> 0 | AI45: =(EX45) -> 0 | AJ45: =(AS45) -> 0 | AK45: 0 | AL45: 0 | AM45: 0 | AN45: 0 | AO45: 0 | AP45: 0 | AQ45: 0 | AR45: 0 | AS45: 0 | AT45: 100 | AU45: 49 | AV45: 1 | AW45: 1 | AZ45: 1 | BA45: 1 | BB45: 1 | BC45: 8.79 | BH45: 3 | BI45: 1 | BM45: 15001 | BN45: 0 | BO45: письмо Минстроя России от 23.07.2026 № 45358-ИФ/09. Регистрационный номер 420 | BP45: 1 | BQ45: 2 | BR45: 0 | BS45: 1 | BT45: 1 | BU45: 1 | BV45: 1 | BW45: 1 | BX45: 1 | BZ45: 100 | CA45: 49 | CE45: 12 | CF45: 0 | CG45: 0 | CM45: 0 | CO45: 0 | CP45: =(P45+Q45+S45) -> 0 | CQ45: =AC45*BC45 -> 0 | CR45: =(ROUND((ROUND(((ET45)*1),2)*BB45),2)+ROUND((ROUND(((AE45-(EU45))*1),2)*BS45),2)) -> 0 | CS45: =(ROUND((ROUND(((EU45)*1),2)*BS45),2)+ROUND((ROUND(((AE45-(EU45))*1),2)*BS45),2)) -> 0 | CT45: =AF45*BA45 -> 0 | CU45: =AG45 -> 0 | CV45: =AH45 -> 0 | CW45: =AI45 -> 0 | CX45: =AJ45 -> 0 | CY45: =(((S45+R45)*AT45)/100) -> 0 | CZ45: =(((S45+R45)*AU45)/100) -> 0 | DN45: 0 | DO45: 0 | DP45: 1 | DQ45: 1 | DU45: 1005 | DV45: м2 | DW45: м2 | DX45: 1 | EE45: 53151352 | EF45: 2 | EG45: Общестроительные работы | EH45: 15 | EI45: Отделочные работы | EJ45: 1 | EK45: 15001 | EL45: Отделочные работы | EM45: ФЕР-15 | EQ45: 512 | ER45: 0 | ES45: 0 | ET45: 0 | EU45: 0 | EV45: 0 | EW45: 0 | EX45: 0 | FQ45: 0 | FR45: =ROUND(IF(BI45=3,GM45,0),2) -> 0 | FS45: 0 | FX45: 100 | FY45: 49 | GD45: 1 | GF45: 1478736296 | GG45: 2 | GH45: 1 | GI45: 4 | GJ45: 0 | GK45: 0 | GL45: =ROUND(IF(AND(BH45=3,BI45=3,FS45<>0),P45,0),2) -> 0 | GM45: =ROUND(O45+X45+Y45,2)+GX45 -> 0 | GN45: =IF(OR(BI45=0,BI45=1),GM45-GX45,0) -> 0 | GO45: =IF(BI45=2,GM45-GX45,0) -> 0 | GP45: =IF(BI45=4,GM45-GX45,0) -> 0 | GR45: 0 | GS45: 3 | GT45: 0 | GV45: =ROUND((GT45),6) -> 0 | GW45: 1 | GX45: =ROUND(HC45*I45,2) -> 0 | HA45: 0 | HB45: 0 | HC45: =GV45*GW45 -> 0 | HN45: Пр/812-015.0-1 | HO45: Пр/774-015.0 | HP45: Отделочные работы | HQ45: Отделочные работы | IK45: 0
A46: 18 | B46: 1 | C46: 54 | E46: 9,3 | F46: 06.2.05.03-1000 | G46: Плитка керамогранитная, размер 300x300x8 мм | H46: м2 | I46: =I43*J46 -> 13.5542 | J46: 101 | K46: 101 | O46: =ROUND(CP46,2) -> 5698.53 | P46: =ROUND(CQ46*I46,2) -> 5698.53 | Q46: =(ROUND((ROUND(((ET46)*I46),2)*BB46),2)+ROUND((ROUND(((AE46-(EU46))*I46),2)*BS46),2)) -> 0 | R46: =(ROUND((ROUND(((EU46)*I46),2)*BS46),2)+ROUND((ROUND(((AE46-(EU46))*I46),2)*BS46),2)) -> 0 | S46: =ROUND(CT46*I46,2) -> 0 | T46: =ROUND(CU46*I46,2) -> 0 | U46: =ROUND(CV46*I46,7) -> 0 | V46: =ROUND(CW46*I46,7) -> 0 | W46: =ROUND(CX46*I46,2) -> 0 | X46: =ROUND(CY46,2) -> 0 | Y46: =ROUND(CZ46,2) -> 0 | AA46: 53360025 | AB46: =ROUND((AC46+AD46+AF46),6) -> 47.83 | AC46: =ROUND((ES46),6) -> 47.83 | AD46: =ROUND((((ET46)-(EU46))+AE46),6) -> 0 | AE46: =ROUND((EU46),6) -> 0 | AF46: =ROUND((EV46),6) -> 0 | AG46: =ROUND((AP46),6) -> 0 | AH46: =(EW46) -> 0 | AI46: =(EX46) -> 0 | AJ46: =(AS46) -> 0 | AK46: 47.83 | AL46: 47.83 | AM46: 0 | AN46: 0 | AO46: 0 | AP46: 0 | AQ46: 0 | AR46: 0 | AS46: 0 | AT46: 112 | AU46: 65 | AV46: 1 | AW46: 1 | AZ46: 1 | BA46: 1 | BB46: 1 | BC46: 8.79 | BH46: 3 | BI46: 1 | BJ46: ФССЦ-2001, 06.2.05.03-1000, приказ Минстроя России № 876/пр от 26.12.2019 | BM46: 11001 | BN46: 0 | BO46: письмо Минстроя России от 23.07.2026 № 45358-ИФ/09. Регистрационный номер 420 | BP46: 1 | BQ46: 2 | BR46: 0 | BS46: 1 | BT46: 1 | BU46: 1 | BV46: 1 | BW46: 1 | BX46: 1 | BZ46: 112 | CA46: 65 | CE46: 12 | CF46: 0 | CG46: 0 | CM46: 0 | CO46: 0 | CP46: =(P46+Q46+S46) -> 5698.53 | CQ46: =AC46*BC46 -> 420.4257 | CR46: =(ROUND((ROUND(((ET46)*1),2)*BB46),2)+ROUND((ROUND(((AE46-(EU46))*1),2)*BS46),2)) -> 0 | CS46: =(ROUND((ROUND(((EU46)*1),2)*BS46),2)+ROUND((ROUND(((AE46-(EU46))*1),2)*BS46),2)) -> 0 | CT46: =AF46*BA46 -> 0 | CU46: =AG46 -> 0 | CV46: =AH46 -> 0 | CW46: =AI46 -> 0 | CX46: =AJ46 -> 0 | CY46: =(((S46+R46)*AT46)/100) -> 0 | CZ46: =(((S46+R46)*AU46)/100) -> 0 | DN46: 0 | DO46: 0 | DP46: 1 | DQ46: 1 | DU46: 1005 | DV46: м2 | DW46: м2 | DX46: 1 | EE46: 53151326 | EF46: 2 | EG46: Общестроительные работы | EH46: 11 | EI46: Полы | EJ46: 1 | EK46: 11001 | EL46: Полы | EM46: ФЕР-11 | EQ46: 512 | ER46: 47.83 | ES46: 47.83 | ET46: 0 | EU46: 0 | EV46: 0 | EW46: 0 | EX46: 0 | FQ46: 0 | FR46: =ROUND(IF(BI46=3,GM46,0),2) -> 0 | FS46: 0 | FX46: 112 | FY46: 65 | GD46: 1 | GF46: -773684841 | GG46: 2 | GH46: 1 | GI46: 4 | GJ46: 0 | GK46: 0 | GL46: =ROUND(IF(AND(BH46=3,BI46=3,FS46<>0),P46,0),2) -> 0 | GM46: =ROUND(O46+X46+Y46,2)+GX46 -> 5698.53 | GN46: =IF(OR(BI46=0,BI46=1),GM46-GX46,0) -> 5698.53 | GO46: =IF(BI46=2,GM46-GX46,0) -> 0 | GP46: =IF(BI46=4,GM46-GX46,0) -> 0 | GR46: 0 | GS46: 3 | GT46: 0 | GV46: =ROUND((GT46),6) -> 0 | GW46: 1 | GX46: =ROUND(HC46*I46,2) -> 0 | HA46: 0 | HB46: 0 | HC46: =GV46*GW46 -> 0 | HN46: Пр/812-011.0-1 | HO46: Пр/774-011.0 | HP46: Полы | HQ46: Полы | IK46: 0
A47: 17 | B47: 1 | C47: =ROW(SmtRes!A70) -> 70 | D47: =ROW(EtalonRes!A62) -> 62 | E47: 10 | F47: 15-01-016-02 | G47: Наружная облицовка по бетонной поверхности керамическими отдельными плитками: на цементном растворе стен | H47: 100 м2 | I47: =ROUND(8.1/100,7) -> 0.081 | J47: 0 | K47: =ROUND(8.1/100,7) -> 0.081 | O47: =ROUND(CP47,2) -> 10088.81 | P47: =ROUND(CQ47*I47,2) -> 720.97 | Q47: =(ROUND((ROUND((((ET47*ROUND(1.25,7)))*I47),2)*BB47),2)+ROUND((ROUND(((AE47-((EU47*ROUND(1.25,7))))*I47),2)*BS47),2)) -> 69.65 | R47: =(ROUND((ROUND((((EU47*ROUND(1.25,7)))*I47),2)*BS47),2)+ROUND((ROUND(((AE47-((EU47*ROUND(1.25,7))))*I47),2)*BS47),2)) -> 69.61 | S47: =ROUND(CT47*I47,2) -> 9298.19 | T47: =ROUND(CU47*I47,2) -> 0 | U47: =ROUND(CV47*I47,7) -> 25.1505 | V47: =ROUND(CW47*I47,7) -> 0.13365 | W47: =ROUND(CX47*I47,2) -> 0 | X47: =ROUND(CY47,2) -> 8431.02 | Y47: =ROUND(CZ47,2) -> 3901.69 | AA47: 53360025 | AB47: =ROUND((AC47+AD47+AF47),6) -> 3990.96 | AC47: =ROUND((ES47),6) -> 1012.61 | AD47: =ROUND(((((ET47*ROUND(1.25,7)))-((EU47*ROUND(1.25,7))))+AE47),6) -> 59.65 | AE47: =ROUND(((EU47*ROUND(1.25,7))),6) -> 21.8125 | AF47: =ROUND(((EV47*ROUND(1.15,7))),6) -> 2918.7 | AG47: =ROUND((AP47),6) -> 0 | AH47: =((EW47*ROUND(1.15,7))) -> 310.5 | AI47: =((EX47*ROUND(1.25,7))) -> 1.65 | AJ47: =(AS47) -> 0 | AK47: 3598.33 | AL47: 1012.61 | AM47: 47.72 | AN47: 17.45 | AO47: 2538 | AP47: 0 | AQ47: 270 | AR47: 1.32 | AS47: 0 | AT47: 90 | AU47: 41.65 | AV47: 1 | AW47: 1 | AZ47: 1 | BA47: 39.33 | BB47: 14.42 | BC47: 8.79 | BH47: 0 | BI47: 1 | BJ47: ФЕР-2001, 15-01-016-02, приказ Минстроя России № 876/пр от 26.12.2019 | BM47: 15001 | BN47: 0 | BO47: письмо Минстроя России от 23.07.2026 № 45358-ИФ/09. Регистрационный номер 420; письмо Минстроя России от 23.07.2026 № 45358-ИФ/09. Регистрационный номер 420; письмо Минстроя России от 23.07.2026 № 45358-ИФ/09. Регистрационный номер 420; письмо Минстроя России от 23.07.2026 № 45358-ИФ/09. Регистрационный номер 420; | BP47: 1 | BQ47: 2 | BR47: 0 | BS47: 39.33 | BT47: 1 | BU47: 1 | BV47: 1 | BW47: 1 | BX47: 1 | BZ47: 100 | CA47: 49 | CE47: 12 | CF47: 0 | CG47: 0 | CM47: 0 | CN47: Поправка: 421/пр_2020_п.58_пп.б Наименование: При отсутствии необходимых норм (единичных расценок), включенных в сборники ГЭСНр (ФЕРр, ТЕРр), сметные затраты на работы по капитальному ремонту и реконструкции объектов капитального строительства могут быть определены по сметным нормам, включенным в ГЭСН (ФЕР, ТЕР), аналогичным технологическим процессам в новом строительстве, в том числе по возведению новых конструктивных элементов | CO47: 0 | CP47: =(P47+Q47+S47) -> 10088.81 | CQ47: =AC47*BC47 -> 8900.8419 | CR47: =(ROUND((ROUND((((ET47*ROUND(1.25,7)))*1),2)*BB47),2)+ROUND((ROUND(((AE47-((EU47*ROUND(1.25,7))))*1),2)*BS47),2)) -> 860.15 | CS47: =(ROUND((ROUND((((EU47*ROUND(1.25,7)))*1),2)*BS47),2)+ROUND((ROUND(((AE47-((EU47*ROUND(1.25,7))))*1),2)*BS47),2)) -> 857.79 | CT47: =AF47*BA47 -> 114792.47 | CU47: =AG47 -> 0 | CV47: =AH47 -> 310.5 | CW47: =AI47 -> 1.65 | CX47: =AJ47 -> 0 | CY47: =(((S47+R47)*AT47)/100) -> 8431.02 | CZ47: =(((S47+R47)*AU47)/100) -> 3901.6887 | DB47: 4 | DE47: *1,25 | DF47: *1,25 | DG47: *1,15 | DI47: *1,15 | DJ47: *1,25 | DL47: *0,9 | DM47: *0,85 | DN47: 0 | DO47: 0 | DP47: 1 | DQ47: 1 | DU47: 1005 | DV47: 100 м2 | DW47: 100 м2 | DX47: 100 | EE47: 53151352 | EF47: 2 | EG47: Общестроительные работы | EH47: 15 | EI47: Отделочные работы | EJ47: 1 | EK47: 15001 | EL47: Отделочные работы | EM47: ФЕР-15 | EO47: Поправка: 421/пр_2020_п.58_пп.б | EQ47: 1311232 | ER47: 3598.33 | ES47: 1012.61 | ET47: 47.72 | EU47: 17.45 | EV47: 2538 | EW47: 270 | EX47: 1.32 | EY47: 0 | FQ47: 0 | FR47: =ROUND(IF(BI47=3,GM47,0),2) -> 0 | FS47: 0 | FX47: 90 | FY47: 41.65 | GD47: 1 | GF47: -1699479731 | GG47: 2 | GH47: 1 | GI47: 4 | GJ47: 0 | GK47: 0 | GL47: =ROUND(IF(AND(BH47=3,BI47=3,FS47<>0),P47,0),2) -> 0 | GM47: =ROUND(O47+X47+Y47,2)+GX47 -> 22421.52 | GN47: =IF(OR(BI47=0,BI47=1),GM47-GX47,0) -> 22421.52 | GO47: =IF(BI47=2,GM47-GX47,0) -> 0 | GP47: =IF(BI47=4,GM47-GX47,0) -> 0 | GR47: 0 | GS47: 3 | GT47: 0 | GV47: =ROUND((GT47),6) -> 0 | GW47: 1 | GX47: =ROUND(HC47*I47,2) -> 0 | HA47: 0 | HB47: 0 | HC47: =GV47*GW47 -> 0 | HN47: Пр/812-015.0-1 | HO47: Пр/774-015.0 | HP47: Отделочные работы | HQ47: Отделочные работы | IK47: 0
A48: 18 | B48: 1 | C48: 69 | E48: 10,1 | F48: 06.2.05.03-1000 | G48: Плитка керамогранитная, размер 300x300x8 мм | H48: м2 | I48: =I47*J48 -> 8.1 | J48: 100 | K48: 100 | O48: =ROUND(CP48,2) -> 3405.45 | P48: =ROUND(CQ48*I48,2) -> 3405.45 | Q48: =(ROUND((ROUND(((ET48)*I48),2)*BB48),2)+ROUND((ROUND(((AE48-(EU48))*I48),2)*BS48),2)) -> 0 | R48: =(ROUND((ROUND(((EU48)*I48),2)*BS48),2)+ROUND((ROUND(((AE48-(EU48))*I48),2)*BS48),2)) -> 0 | S48: =ROUND(CT48*I48,2) -> 0 | T48: =ROUND(CU48*I48,2) -> 0 | U48: =ROUND(CV48*I48,7) -> 0 | V48: =ROUND(CW48*I48,7) -> 0 | W48: =ROUND(CX48*I48,2) -> 0 | X48: =ROUND(CY48,2) -> 0 | Y48: =ROUND(CZ48,2) -> 0 | AA48: 53360025 | AB48: =ROUND((AC48+AD48+AF48),6) -> 47.83 | AC48: =ROUND((ES48),6) -> 47.83 | AD48: =ROUND((((ET48)-(EU48))+AE48),6) -> 0 | AE48: =ROUND((EU48),6) -> 0 | AF48: =ROUND((EV48),6) -> 0 | AG48: =ROUND((AP48),6) -> 0 | AH48: =(EW48) -> 0 | AI48: =(EX48) -> 0 | AJ48: =(AS48) -> 0 | AK48: 47.83 | AL48: 47.83 | AM48: 0 | AN48: 0 | AO48: 0 | AP48: 0 | AQ48: 0 | AR48: 0 | AS48: 0 | AT48: 112 | AU48: 65 | AV48: 1 | AW48: 1 | AZ48: 1 | BA48: 1 | BB48: 1 | BC48: 8.79 | BH48: 3 | BI48: 1 | BJ48: ФССЦ-2001, 06.2.05.03-1000, приказ Минстроя России № 876/пр от 26.12.2019 | BM48: 11001 | BN48: 0 | BO48: письмо Минстроя России от 23.07.2026 № 45358-ИФ/09. Регистрационный номер 420 | BP48: 1 | BQ48: 2 | BR48: 0 | BS48: 1 | BT48: 1 | BU48: 1 | BV48: 1 | BW48: 1 | BX48: 1 | BZ48: 112 | CA48: 65 | CE48: 12 | CF48: 0 | CG48: 0 | CM48: 0 | CO48: 0 | CP48: =(P48+Q48+S48) -> 3405.45 | CQ48: =AC48*BC48 -> 420.4257 | CR48: =(ROUND((ROUND(((ET48)*1),2)*BB48),2)+ROUND((ROUND(((AE48-(EU48))*1),2)*BS48),2)) -> 0 | CS48: =(ROUND((ROUND(((EU48)*1),2)*BS48),2)+ROUND((ROUND(((AE48-(EU48))*1),2)*BS48),2)) -> 0 | CT48: =AF48*BA48 -> 0 | CU48: =AG48 -> 0 | CV48: =AH48 -> 0 | CW48: =AI48 -> 0 | CX48: =AJ48 -> 0 | CY48: =(((S48+R48)*AT48)/100) -> 0 | CZ48: =(((S48+R48)*AU48)/100) -> 0 | DN48: 0 | DO48: 0 | DP48: 1 | DQ48: 1 | DU48: 1005 | DV48: м2 | DW48: м2 | DX48: 1 | EE48: 53151326 | EF48: 2 | EG48: Общестроительные работы | EH48: 11 | EI48: Полы | EJ48: 1 | EK48: 11001 | EL48: Полы | EM48: ФЕР-11 | EQ48: 0 | ER48: 47.83 | ES48: 47.83 | ET48: 0 | EU48: 0 | EV48: 0 | EW48: 0 | EX48: 0 | FQ48: 0 | FR48: =ROUND(IF(BI48=3,GM48,0),2) -> 0 | FS48: 0 | FX48: 112 | FY48: 65 | GD48: 1 | GF48: -773684841 | GG48: 2 | GH48: 1 | GI48: 4 | GJ48: 0 | GK48: 0 | GL48: =ROUND(IF(AND(BH48=3,BI48=3,FS48<>0),P48,0),2) -> 0 | GM48: =ROUND(O48+X48+Y48,2)+GX48 -> 3405.45 | GN48: =IF(OR(BI48=0,BI48=1),GM48-GX48,0) -> 3405.45 | GO48: =IF(BI48=2,GM48-GX48,0) -> 0 | GP48: =IF(BI48=4,GM48-GX48,0) -> 0 | GR48: 0 | GS48: 3 | GT48: 0 | GV48: =ROUND((GT48),6) -> 0 | GW48: 1 | GX48: =ROUND(HC48*I48,2) -> 0 | HA48: 0 | HB48: 0 | HC48: =GV48*GW48 -> 0 | HN48: Пр/812-011.0-1 | HO48: Пр/774-011.0 | HP48: Полы | HQ48: Полы | IK48: 0
A49: 18 | B49: 1 | C49: 68 | E49: 10,2 | F49: 06.2.03.02 | G49: Плитки керамические фасадные неглазурованные | H49: м2 | I49: =I47*J49 -> 0 | J49: 0 | K49: 0 | O49: =ROUND(CP49,2) -> 0 | P49: =ROUND(CQ49*I49,2) -> 0 | Q49: =(ROUND((ROUND(((ET49)*I49),2)*BB49),2)+ROUND((ROUND(((AE49-(EU49))*I49),2)*BS49),2)) -> 0 | R49: =(ROUND((ROUND(((EU49)*I49),2)*BS49),2)+ROUND((ROUND(((AE49-(EU49))*I49),2)*BS49),2)) -> 0 | S49: =ROUND(CT49*I49,2) -> 0 | T49: =ROUND(CU49*I49,2) -> 0 | U49: =ROUND(CV49*I49,7) -> 0 | V49: =ROUND(CW49*I49,7) -> 0 | W49: =ROUND(CX49*I49,2) -> 0 | X49: =ROUND(CY49,2) -> 0 | Y49: =ROUND(CZ49,2) -> 0 | AA49: 53360025 | AB49: =ROUND((AC49+AD49+AF49),6) -> 0 | AC49: =ROUND((ES49),6) -> 0 | AD49: =ROUND((((ET49)-(EU49))+AE49),6) -> 0 | AE49: =ROUND((EU49),6) -> 0 | AF49: =ROUND((EV49),6) -> 0 | AG49: =ROUND((AP49),6) -> 0 | AH49: =(EW49) -> 0 | AI49: =(EX49) -> 0 | AJ49: =(AS49) -> 0 | AK49: 0 | AL49: 0 | AM49: 0 | AN49: 0 | AO49: 0 | AP49: 0 | AQ49: 0 | AR49: 0 | AS49: 0 | AT49: 100 | AU49: 49 | AV49: 1 | AW49: 1 | AZ49: 1 | BA49: 1 | BB49: 1 | BC49: 8.79 | BH49: 3 | BI49: 1 | BM49: 15001 | BN49: 0 | BO49: письмо Минстроя России от 23.07.2026 № 45358-ИФ/09. Регистрационный номер 420 | BP49: 1 | BQ49: 2 | BR49: 0 | BS49: 1 | BT49: 1 | BU49: 1 | BV49: 1 | BW49: 1 | BX49: 1 | BZ49: 100 | CA49: 49 | CE49: 12 | CF49: 0 | CG49: 0 | CM49: 0 | CO49: 0 | CP49: =(P49+Q49+S49) -> 0 | CQ49: =AC49*BC49 -> 0 | CR49: =(ROUND((ROUND(((ET49)*1),2)*BB49),2)+ROUND((ROUND(((AE49-(EU49))*1),2)*BS49),2)) -> 0 | CS49: =(ROUND((ROUND(((EU49)*1),2)*BS49),2)+ROUND((ROUND(((AE49-(EU49))*1),2)*BS49),2)) -> 0 | CT49: =AF49*BA49 -> 0 | CU49: =AG49 -> 0 | CV49: =AH49 -> 0 | CW49: =AI49 -> 0 | CX49: =AJ49 -> 0 | CY49: =(((S49+R49)*AT49)/100) -> 0 | CZ49: =(((S49+R49)*AU49)/100) -> 0 | DN49: 0 | DO49: 0 | DP49: 1 | DQ49: 1 | DU49: 1005 | DV49: м2 | DW49: м2 | DX49: 1 | EE49: 53151352 | EF49: 2 | EG49: Общестроительные работы | EH49: 15 | EI49: Отделочные работы | EJ49: 1 | EK49: 15001 | EL49: Отделочные работы | EM49: ФЕР-15 | EQ49: 0 | ER49: 0 | ES49: 0 | ET49: 0 | EU49: 0 | EV49: 0 | EW49: 0 | EX49: 0 | FQ49: 0 | FR49: =ROUND(IF(BI49=3,GM49,0),2) -> 0 | FS49: 0 | FX49: 100 | FY49: 49 | GD49: 1 | GF49: -1894982187 | GG49: 2 | GH49: 1 | GI49: 4 | GJ49: 0 | GK49: 0 | GL49: =ROUND(IF(AND(BH49=3,BI49=3,FS49<>0),P49,0),2) -> 0 | GM49: =ROUND(O49+X49+Y49,2)+GX49 -> 0 | GN49: =IF(OR(BI49=0,BI49=1),GM49-GX49,0) -> 0 | GO49: =IF(BI49=2,GM49-GX49,0) -> 0 | GP49: =IF(BI49=4,GM49-GX49,0) -> 0 | GR49: 0 | GS49: 3 | GT49: 0 | GV49: =ROUND((GT49),6) -> 0 | GW49: 1 | GX49: =ROUND(HC49*I49,2) -> 0 | HA49: 0 | HB49: 0 | HC49: =GV49*GW49 -> 0 | HN49: Пр/812-015.0-1 | HO49: Пр/774-015.0 | HP49: Отделочные работы | HQ49: Отделочные работы | IK49: 0
A50: 18 | B50: 1 | C50: 67 | E50: 10,3 | F50: 04.3.01.09-0023 | G50: Раствор отделочный тяжелый цементный, состав 1:3 | H50: м3 | I50: =I47*J50 -> 0 | J50: 0 | K50: 0 | O50: =ROUND(CP50,2) -> 0 | P50: =ROUND(CQ50*I50,2) -> 0 | Q50: =(ROUND((ROUND(((ET50)*I50),2)*BB50),2)+ROUND((ROUND(((AE50-(EU50))*I50),2)*BS50),2)) -> 0 | R50: =(ROUND((ROUND(((EU50)*I50),2)*BS50),2)+ROUND((ROUND(((AE50-(EU50))*I50),2)*BS50),2)) -> 0 | S50: =ROUND(CT50*I50,2) -> 0 | T50: =ROUND(CU50*I50,2) -> 0 | U50: =ROUND(CV50*I50,7) -> 0 | V50: =ROUND(CW50*I50,7) -> 0 | W50: =ROUND(CX50*I50,2) -> 0 | X50: =ROUND(CY50,2) -> 0 | Y50: =ROUND(CZ50,2) -> 0 | AA50: 53360025 | AB50: =ROUND((AC50+AD50+AF50),6) -> 497 | AC50: =ROUND((ES50),6) -> 497 | AD50: =ROUND((((ET50)-(EU50))+AE50),6) -> 0 | AE50: =ROUND((EU50),6) -> 0 | AF50: =ROUND((EV50),6) -> 0 | AG50: =ROUND((AP50),6) -> 0 | AH50: =(EW50) -> 0 | AI50: =(EX50) -> 0 | AJ50: =(AS50) -> 0 | AK50: 497 | AL50: 497 | AM50: 0 | AN50: 0 | AO50: 0 | AP50: 0 | AQ50: 0 | AR50: 0 | AS50: 0 | AT50: 100 | AU50: 49 | AV50: 1 | AW50: 1 | AZ50: 1 | BA50: 1 | BB50: 1 | BC50: 8.79 | BH50: 3 | BI50: 1 | BJ50: ФССЦ-2001, 04.3.01.09-0023, приказ Минстроя России № 876/пр от 26.12.2019 | BM50: 15001 | BN50: 0 | BO50: письмо Минстроя России от 23.07.2026 № 45358-ИФ/09. Регистрационный номер 420 | BP50: 1 | BQ50: 2 | BR50: 0 | BS50: 1 | BT50: 1 | BU50: 1 | BV50: 1 | BW50: 1 | BX50: 1 | BZ50: 100 | CA50: 49 | CE50: 12 | CF50: 0 | CG50: 0 | CM50: 0 | CO50: 0 | CP50: =(P50+Q50+S50) -> 0 | CQ50: =AC50*BC50 -> 4368.63 | CR50: =(ROUND((ROUND(((ET50)*1),2)*BB50),2)+ROUND((ROUND(((AE50-(EU50))*1),2)*BS50),2)) -> 0 | CS50: =(ROUND((ROUND(((EU50)*1),2)*BS50),2)+ROUND((ROUND(((AE50-(EU50))*1),2)*BS50),2)) -> 0 | CT50: =AF50*BA50 -> 0 | CU50: =AG50 -> 0 | CV50: =AH50 -> 0 | CW50: =AI50 -> 0 | CX50: =AJ50 -> 0 | CY50: =(((S50+R50)*AT50)/100) -> 0 | CZ50: =(((S50+R50)*AU50)/100) -> 0 | DN50: 0 | DO50: 0 | DP50: 1 | DQ50: 1 | DU50: 1007 | DV50: м3 | DW50: м3 | DX50: 1 | EE50: 53151352 | EF50: 2 | EG50: Общестроительные работы | EH50: 15 | EI50: Отделочные работы | EJ50: 1 | EK50: 15001 | EL50: Отделочные работы | EM50: ФЕР-15 | EQ50: 0 | ER50: 497 | ES50: 497 | ET50: 0 | EU50: 0 | EV50: 0 | EW50: 0 | EX50: 0 | FQ50: 0 | FR50: =ROUND(IF(BI50=3,GM50,0),2) -> 0 | FS50: 0 | FX50: 100 | FY50: 49 | GD50: 1 | GF50: 940109158 | GG50: 2 | GH50: 1 | GI50: 4 | GJ50: 0 | GK50: 0 | GL50: =ROUND(IF(AND(BH50=3,BI50=3,FS50<>0),P50,0),2) -> 0 | GM50: =ROUND(O50+X50+Y50,2)+GX50 -> 0 | GN50: =IF(OR(BI50=0,BI50=1),GM50-GX50,0) -> 0 | GO50: =IF(BI50=2,GM50-GX50,0) -> 0 | GP50: =IF(BI50=4,GM50-GX50,0) -> 0 | GR50: 0 | GS50: 3 | GT50: 0 | GV50: =ROUND((GT50),6) -> 0 | GW50: 1 | GX50: =ROUND(HC50*I50,2) -> 0 | HA50: 0 | HB50: 0 | HC50: =GV50*GW50 -> 0 | HN50: Пр/812-015.0-1 | HO50: Пр/774-015.0 | HP50: Отделочные работы | HQ50: Отделочные работы | IK50: 0
A51: 18 | B51: 1 | C51: 65 | E51: 10,4 | F51: 03.2.01.04-0002 | G51: Цемент пуццолановый М400 ППЦ (ЦЕМ IV 32,5Н) | H51: т | I51: =I47*J51 -> 0 | J51: 0 | K51: 0 | O51: =ROUND(CP51,2) -> 0 | P51: =ROUND(CQ51*I51,2) -> 0 | Q51: =(ROUND((ROUND(((ET51)*I51),2)*BB51),2)+ROUND((ROUND(((AE51-(EU51))*I51),2)*BS51),2)) -> 0 | R51: =(ROUND((ROUND(((EU51)*I51),2)*BS51),2)+ROUND((ROUND(((AE51-(EU51))*I51),2)*BS51),2)) -> 0 | S51: =ROUND(CT51*I51,2) -> 0 | T51: =ROUND(CU51*I51,2) -> 0 | U51: =ROUND(CV51*I51,7) -> 0 | V51: =ROUND(CW51*I51,7) -> 0 | W51: =ROUND(CX51*I51,2) -> 0 | X51: =ROUND(CY51,2) -> 0 | Y51: =ROUND(CZ51,2) -> 0 | AA51: 53360025 | AB51: =ROUND((AC51+AD51+AF51),6) -> 412 | AC51: =ROUND((ES51),6) -> 412 | AD51: =ROUND((((ET51)-(EU51))+AE51),6) -> 0 | AE51: =ROUND((EU51),6) -> 0 | AF51: =ROUND((EV51),6) -> 0 | AG51: =ROUND((AP51),6) -> 0 | AH51: =(EW51) -> 0 | AI51: =(EX51) -> 0 | AJ51: =(AS51) -> 0 | AK51: 412 | AL51: 412 | AM51: 0 | AN51: 0 | AO51: 0 | AP51: 0 | AQ51: 0 | AR51: 0 | AS51: 0 | AT51: 100 | AU51: 49 | AV51: 1 | AW51: 1 | AZ51: 1 | BA51: 1 | BB51: 1 | BC51: 8.79 | BH51: 3 | BI51: 1 | BJ51: ФССЦ-2001, 03.2.01.04-0002, приказ Минстроя России № 876/пр от 26.12.2019 | BM51: 15001 | BN51: 0 | BO51: письмо Минстроя России от 23.07.2026 № 45358-ИФ/09. Регистрационный номер 420 | BP51: 1 | BQ51: 2 | BR51: 0 | BS51: 1 | BT51: 1 | BU51: 1 | BV51: 1 | BW51: 1 | BX51: 1 | BZ51: 100 | CA51: 49 | CE51: 12 | CF51: 0 | CG51: 0 | CM51: 0 | CO51: 0 | CP51: =(P51+Q51+S51) -> 0 | CQ51: =AC51*BC51 -> 3621.48 | CR51: =(ROUND((ROUND(((ET51)*1),2)*BB51),2)+ROUND((ROUND(((AE51-(EU51))*1),2)*BS51),2)) -> 0 | CS51: =(ROUND((ROUND(((EU51)*1),2)*BS51),2)+ROUND((ROUND(((AE51-(EU51))*1),2)*BS51),2)) -> 0 | CT51: =AF51*BA51 -> 0 | CU51: =AG51 -> 0 | CV51: =AH51 -> 0 | CW51: =AI51 -> 0 | CX51: =AJ51 -> 0 | CY51: =(((S51+R51)*AT51)/100) -> 0 | CZ51: =(((S51+R51)*AU51)/100) -> 0 | DN51: 0 | DO51: 0 | DP51: 1 | DQ51: 1 | DU51: 1009 | DV51: т | DW51: т | DX51: 1000 | EE51: 53151352 | EF51: 2 | EG51: Общестроительные работы | EH51: 15 | EI51: Отделочные работы | EJ51: 1 | EK51: 15001 | EL51: Отделочные работы | EM51: ФЕР-15 | EQ51: 0 | ER51: 412 | ES51: 412 | ET51: 0 | EU51: 0 | EV51: 0 | EW51: 0 | EX51: 0 | FQ51: 0 | FR51: =ROUND(IF(BI51=3,GM51,0),2) -> 0 | FS51: 0 | FX51: 100 | FY51: 49 | GD51: 1 | GF51: -1326156508 | GG51: 2 | GH51: 1 | GI51: 4 | GJ51: 0 | GK51: 0 | GL51: =ROUND(IF(AND(BH51=3,BI51=3,FS51<>0),P51,0),2) -> 0 | GM51: =ROUND(O51+X51+Y51,2)+GX51 -> 0 | GN51: =IF(OR(BI51=0,BI51=1),GM51-GX51,0) -> 0 | GO51: =IF(BI51=2,GM51-GX51,0) -> 0 | GP51: =IF(BI51=4,GM51-GX51,0) -> 0 | GR51: 0 | GS51: 3 | GT51: 0 | GV51: =ROUND((GT51),6) -> 0 | GW51: 1 | GX51: =ROUND(HC51*I51,2) -> 0 | HA51: 0 | HB51: 0 | HC51: =GV51*GW51 -> 0 | HN51: Пр/812-015.0-1 | HO51: Пр/774-015.0 | HP51: Отделочные работы | HQ51: Отделочные работы | IK51: 0
A52: 18 | B52: 1 | C52: 70 | E52: 10,5 | F52: 14.1.06.04-0010 | G52: Клей плиточный «Боларс Аква» | H52: кг | I52: =I47*J52 -> 0 | J52: 0 | K52: 0 | O52: =ROUND(CP52,2) -> 0 | P52: =ROUND(CQ52*I52,2) -> 0 | Q52: =(ROUND((ROUND(((ET52)*I52),2)*BB52),2)+ROUND((ROUND(((AE52-(EU52))*I52),2)*BS52),2)) -> 0 | R52: =(ROUND((ROUND(((EU52)*I52),2)*BS52),2)+ROUND((ROUND(((AE52-(EU52))*I52),2)*BS52),2)) -> 0 | S52: =ROUND(CT52*I52,2) -> 0 | T52: =ROUND(CU52*I52,2) -> 0 | U52: =ROUND(CV52*I52,7) -> 0 | V52: =ROUND(CW52*I52,7) -> 0 | W52: =ROUND(CX52*I52,2) -> 0 | X52: =ROUND(CY52,2) -> 0 | Y52: =ROUND(CZ52,2) -> 0 | AA52: 53360025 | AB52: =ROUND((AC52+AD52+AF52),6) -> 4.93 | AC52: =ROUND((ES52),6) -> 4.93 | AD52: =ROUND((((ET52)-(EU52))+AE52),6) -> 0 | AE52: =ROUND((EU52),6) -> 0 | AF52: =ROUND((EV52),6) -> 0 | AG52: =ROUND((AP52),6) -> 0 | AH52: =(EW52) -> 0 | AI52: =(EX52) -> 0 | AJ52: =(AS52) -> 0 | AK52: 4.93 | AL52: 4.93 | AM52: 0 | AN52: 0 | AO52: 0 | AP52: 0 | AQ52: 0 | AR52: 0 | AS52: 0 | AT52: 112 | AU52: 65 | AV52: 1 | AW52: 1 | AZ52: 1 | BA52: 1 | BB52: 1 | BC52: 8.79 | BH52: 3 | BI52: 1 | BJ52: ФССЦ-2001, 14.1.06.04-0010, приказ Минстроя России № 876/пр от 26.12.2019 | BM52: 11001 | BN52: 0 | BO52: письмо Минстроя России от 23.07.2026 № 45358-ИФ/09. Регистрационный номер 420 | BP52: 1 | BQ52: 2 | BR52: 0 | BS52: 1 | BT52: 1 | BU52: 1 | BV52: 1 | BW52: 1 | BX52: 1 | BZ52: 112 | CA52: 65 | CE52: 12 | CF52: 0 | CG52: 0 | CM52: 0 | CO52: 0 | CP52: =(P52+Q52+S52) -> 0 | CQ52: =AC52*BC52 -> 43.3347 | CR52: =(ROUND((ROUND(((ET52)*1),2)*BB52),2)+ROUND((ROUND(((AE52-(EU52))*1),2)*BS52),2)) -> 0 | CS52: =(ROUND((ROUND(((EU52)*1),2)*BS52),2)+ROUND((ROUND(((AE52-(EU52))*1),2)*BS52),2)) -> 0 | CT52: =AF52*BA52 -> 0 | CU52: =AG52 -> 0 | CV52: =AH52 -> 0 | CW52: =AI52 -> 0 | CX52: =AJ52 -> 0 | CY52: =(((S52+R52)*AT52)/100) -> 0 | CZ52: =(((S52+R52)*AU52)/100) -> 0 | DN52: 0 | DO52: 0 | DP52: 1 | DQ52: 1 | DU52: 1009 | DV52: кг | DW52: кг | DX52: 1 | EE52: 53151326 | EF52: 2 | EG52: Общестроительные работы | EH52: 11 | EI52: Полы | EJ52: 1 | EK52: 11001 | EL52: Полы | EM52: ФЕР-11 | EQ52: 0 | ER52: 4.93 | ES52: 4.93 | ET52: 0 | EU52: 0 | EV52: 0 | EW52: 0 | EX52: 0 | FQ52: 0 | FR52: =ROUND(IF(BI52=3,GM52,0),2) -> 0 | FS52: 0 | FX52: 112 | FY52: 65 | GD52: 1 | GF52: 272805291 | GG52: 2 | GH52: 1 | GI52: 4 | GJ52: 0 | GK52: 0 | GL52: =ROUND(IF(AND(BH52=3,BI52=3,FS52<>0),P52,0),2) -> 0 | GM52: =ROUND(O52+X52+Y52,2)+GX52 -> 0 | GN52: =IF(OR(BI52=0,BI52=1),GM52-GX52,0) -> 0 | GO52: =IF(BI52=2,GM52-GX52,0) -> 0 | GP52: =IF(BI52=4,GM52-GX52,0) -> 0 | GR52: 0 | GS52: 3 | GT52: 0 | GV52: =ROUND((GT52),6) -> 0 | GW52: 1 | GX52: =ROUND(HC52*I52,2) -> 0 | HA52: 0 | HB52: 0 | HC52: =GV52*GW52 -> 0 | HN52: Пр/812-011.0-1 | HO52: Пр/774-011.0 | HP52: Полы | HQ52: Полы | IK52: 0
A53: 17 | B53: 1 | C53: =ROW(SmtRes!A77) -> 77 | D53: =ROW(EtalonRes!A68) -> 68 | E53: 11 | F53: 09-03-050-01 | G53: Монтаж стальных плинтусов из гнутого профиля | H53: 100 м | I53: =ROUND(24.4/100,7) -> 0.244 | J53: 0 | K53: =ROUND(24.4/100,7) -> 0.244 | O53: =ROUND(CP53,2) -> 1328.27 | P53: =ROUND(CQ53*I53,2) -> 19.99 | Q53: =(ROUND((ROUND((((ET53*ROUND(1.25,7)))*I53),2)*BB53),2)+ROUND((ROUND(((AE53-((EU53*ROUND(1.25,7))))*I53),2)*BS53),2)) -> 14.42 | R53: =(ROUND((ROUND((((EU53*ROUND(1.25,7)))*I53),2)*BS53),2)+ROUND((ROUND(((AE53-((EU53*ROUND(1.25,7))))*I53),2)*BS53),2)) -> 7.08 | S53: =ROUND(CT53*I53,2) -> 1293.86 | T53: =ROUND(CU53*I53,2) -> 0 | U53: =ROUND(CV53*I53,7) -> 3.541172 | V53: =ROUND(CW53*I53,7) -> 0.01525 | W53: =ROUND(CX53*I53,2) -> 0 | X53: =ROUND(CY53,2) -> 1088.89 | Y53: =ROUND(CZ53,2) -> 685.6 | AA53: 53360025 | AB53: =ROUND((AC53+AD53+AF53),6) -> 148.2585 | AC53: =ROUND((ES53),6) -> 9.32 | AD53: =ROUND(((((ET53*ROUND(1.25,7)))-((EU53*ROUND(1.25,7))))+AE53),6) -> 4.1125 | AE53: =ROUND(((EU53*ROUND(1.25,7))),6) -> 0.725 | AF53: =ROUND(((EV53*ROUND(1.15,7))),6) -> 134.826 | AG53: =ROUND((AP53),6) -> 0 | AH53: =((EW53*ROUND(1.15,7))) -> 14.513 | AI53: =((EX53*ROUND(1.25,7))) -> 0.0625 | AJ53: =(AS53) -> 0 | AK53: 129.85 | AL53: 9.32 | AM53: 3.29 | AN53: 0.58 | AO53: 117.24 | AP53: 0 | AQ53: 12.62 | AR53: 0.05 | AS53: 0 | AT53: 83.7 | AU53: 52.7 | AV53: 1 | AW53: 1 | AZ53: 1 | BA53: 39.33 | BB53: 14.42 | BC53: 8.79 | BH53: 0 | BI53: 1 | BJ53: ФЕР-2001, 09-03-050-01, приказ Минстроя России № 876/пр от 26.12.2019 | BM53: 9001 | BN53: 0 | BO53: письмо Минстроя России от 23.07.2026 № 45358-ИФ/09. Регистрационный номер 420; письмо Минстроя России от 23.07.2026 № 45358-ИФ/09. Регистрационный номер 420; письмо Минстроя России от 23.07.2026 № 45358-ИФ/09. Регистрационный номер 420; письмо Минстроя России от 23.07.2026 № 45358-ИФ/09. Регистрационный номер 420; | BP53: 1 | BQ53: 2 | BR53: 0 | BS53: 39.33 | BT53: 1 | BU53: 1 | BV53: 1 | BW53: 1 | BX53: 1 | BZ53: 93 | CA53: 62 | CE53: 12 | CF53: 0 | CG53: 0 | CM53: 0 | CN53: Поправка: 421/пр_2020_п.58_пп.б Наименование: При отсутствии необходимых норм (единичных расценок), включенных в сборники ГЭСНр (ФЕРр, ТЕРр), сметные затраты на работы по капитальному ремонту и реконструкции объектов капитального строительства могут быть определены по сметным нормам, включенным в ГЭСН (ФЕР, ТЕР), аналогичным технологическим процессам в новом строительстве, в том числе по возведению новых конструктивных элементов | CO53: 0 | CP53: =(P53+Q53+S53) -> 1328.27 | CQ53: =AC53*BC53 -> 81.9228 | CR53: =(ROUND((ROUND((((ET53*ROUND(1.25,7)))*1),2)*BB53),2)+ROUND((ROUND(((AE53-((EU53*ROUND(1.25,7))))*1),2)*BS53),2)) -> 59.27 | CS53: =(ROUND((ROUND((((EU53*ROUND(1.25,7)))*1),2)*BS53),2)+ROUND((ROUND(((AE53-((EU53*ROUND(1.25,7))))*1),2)*BS53),2)) -> 28.71 | CT53: =AF53*BA53 -> 5302.7066 | CU53: =AG53 -> 0 | CV53: =AH53 -> 14.513 | CW53: =AI53 -> 0.0625 | CX53: =AJ53 -> 0 | CY53: =(((S53+R53)*AT53)/100) -> 1088.8868 | CZ53: =(((S53+R53)*AU53)/100) -> 685.59538 | DB53: 5 | DE53: *1,25 | DF53: *1,25 | DG53: *1,15 | DI53: *1,15 | DJ53: *1,25 | DL53: *0,9 | DM53: *0,85 | DN53: 0 | DO53: 0 | DP53: 1 | DQ53: 1 | DU53: 1003 | DV53: 100 м | DW53: 100 м | DX53: 100 | EE53: 53151323 | EF53: 2 | EG53: Общестроительные работы | EH53: 9 | EI53: Строительные металлические конструкции | EJ53: 1 | EK53: 9001 | EL53: Строительные металлические конструкции | EM53: ФЕР-09 | EO53: Поправка: 421/пр_2020_п.58_пп.б | EQ53: 1311232 | ER53: 129.85 | ES53: 9.32 | ET53: 3.29 | EU53: 0.58 | EV53: 117.24 | EW53: 12.62 | EX53: 0.05 | EY53: 0 | FQ53: 0 | FR53: =ROUND(IF(BI53=3,GM53,0),2) -> 0 | FS53: 0 | FX53: 83.7 | FY53: 52.7 | GD53: 1 | GF53: 1784543327 | GG53: 2 | GH53: 1 | GI53: 4 | GJ53: 0 | GK53: 0 | GL53: =ROUND(IF(AND(BH53=3,BI53=3,FS53<>0),P53,0),2) -> 0 | GM53: =ROUND(O53+X53+Y53,2)+GX53 -> 3102.76 | GN53: =IF(OR(BI53=0,BI53=1),GM53-GX53,0) -> 3102.76 | GO53: =IF(BI53=2,GM53-GX53,0) -> 0 | GP53: =IF(BI53=4,GM53-GX53,0) -> 0 | GR53: 0 | GS53: 3 | GT53: 0 | GV53: =ROUND((GT53),6) -> 0 | GW53: 1 | GX53: =ROUND(HC53*I53,2) -> 0 | HA53: 0 | HB53: 0 | HC53: =GV53*GW53 -> 0 | HN53: Пр/812-009.0-1 | HO53: Пр/774-009.0 | HP53: Строительные металлические конструкции | HQ53: Строительные металлические конструкции | IK53: 0
A54: 18 | B54: 1 | C54: 76 | E54: 11,1 | F54: 07.2.07.13 | G54: Планка из стального листа | H54: т | I54: =I53*J54 -> 0.000976 | J54: 0.004 | K54: 0.004 | O54: =ROUND(CP54,2) -> 0 | P54: =ROUND(CQ54*I54,2) -> 0 | Q54: =(ROUND((ROUND(((ET54)*I54),2)*BB54),2)+ROUND((ROUND(((AE54-(EU54))*I54),2)*BS54),2)) -> 0 | R54: =(ROUND((ROUND(((EU54)*I54),2)*BS54),2)+ROUND((ROUND(((AE54-(EU54))*I54),2)*BS54),2)) -> 0 | S54: =ROUND(CT54*I54,2) -> 0 | T54: =ROUND(CU54*I54,2) -> 0 | U54: =ROUND(CV54*I54,7) -> 0 | V54: =ROUND(CW54*I54,7) -> 0 | W54: =ROUND(CX54*I54,2) -> 0 | X54: =ROUND(CY54,2) -> 0 | Y54: =ROUND(CZ54,2) -> 0 | AA54: 53360025 | AB54: =ROUND((AC54+AD54+AF54),6) -> 0 | AC54: =ROUND((ES54),6) -> 0 | AD54: =ROUND((((ET54)-(EU54))+AE54),6) -> 0 | AE54: =ROUND((EU54),6) -> 0 | AF54: =ROUND((EV54),6) -> 0 | AG54: =ROUND((AP54),6) -> 0 | AH54: =(EW54) -> 0 | AI54: =(EX54) -> 0 | AJ54: =(AS54) -> 0 | AK54: 0 | AL54: 0 | AM54: 0 | AN54: 0 | AO54: 0 | AP54: 0 | AQ54: 0 | AR54: 0 | AS54: 0 | AT54: 93 | AU54: 62 | AV54: 1 | AW54: 1 | AZ54: 1 | BA54: 1 | BB54: 1 | BC54: 8.79 | BH54: 3 | BI54: 1 | BM54: 9001 | BN54: 0 | BO54: письмо Минстроя России от 23.07.2026 № 45358-ИФ/09. Регистрационный номер 420 | BP54: 1 | BQ54: 2 | BR54: 0 | BS54: 1 | BT54: 1 | BU54: 1 | BV54: 1 | BW54: 1 | BX54: 1 | BZ54: 93 | CA54: 62 | CE54: 12 | CF54: 0 | CG54: 0 | CM54: 0 | CO54: 0 | CP54: =(P54+Q54+S54) -> 0 | CQ54: =AC54*BC54 -> 0 | CR54: =(ROUND((ROUND(((ET54)*1),2)*BB54),2)+ROUND((ROUND(((AE54-(EU54))*1),2)*BS54),2)) -> 0 | CS54: =(ROUND((ROUND(((EU54)*1),2)*BS54),2)+ROUND((ROUND(((AE54-(EU54))*1),2)*BS54),2)) -> 0 | CT54: =AF54*BA54 -> 0 | CU54: =AG54 -> 0 | CV54: =AH54 -> 0 | CW54: =AI54 -> 0 | CX54: =AJ54 -> 0 | CY54: =(((S54+R54)*AT54)/100) -> 0 | CZ54: =(((S54+R54)*AU54)/100) -> 0 | DN54: 0 | DO54: 0 | DP54: 1 | DQ54: 1 | DU54: 1009 | DV54: т | DW54: т | DX54: 1000 | EE54: 53151323 | EF54: 2 | EG54: Общестроительные работы | EH54: 9 | EI54: Строительные металлические конструкции | EJ54: 1 | EK54: 9001 | EL54: Строительные металлические конструкции | EM54: ФЕР-09 | EQ54: 0 | ER54: 0 | ES54: 0 | ET54: 0 | EU54: 0 | EV54: 0 | EW54: 0 | EX54: 0 | FQ54: 0 | FR54: =ROUND(IF(BI54=3,GM54,0),2) -> 0 | FS54: 0 | FX54: 93 | FY54: 62 | GD54: 1 | GF54: 1763388316 | GG54: 2 | GH54: 1 | GI54: 4 | GJ54: 0 | GK54: 0 | GL54: =ROUND(IF(AND(BH54=3,BI54=3,FS54<>0),P54,0),2) -> 0 | GM54: =ROUND(O54+X54+Y54,2)+GX54 -> 0 | GN54: =IF(OR(BI54=0,BI54=1),GM54-GX54,0) -> 0 | GO54: =IF(BI54=2,GM54-GX54,0) -> 0 | GP54: =IF(BI54=4,GM54-GX54,0) -> 0 | GR54: 0 | GS54: 3 | GT54: 0 | GV54: =ROUND((GT54),6) -> 0 | GW54: 1 | GX54: =ROUND(HC54*I54,2) -> 0 | HA54: 0 | HB54: 0 | HC54: =GV54*GW54 -> 0 | HN54: Пр/812-009.0-1 | HO54: Пр/774-009.0 | HP54: Строительные металлические конструкции | HQ54: Строительные металлические конструкции | IK54: 0
A55: 18 | B55: 1 | C55: 77 | E55: 11,2 | F55: 08.3.09.05 | G55: Конструкции стальные | H55: т | I55: =I53*J55 -> 0 | J55: 0 | K55: 0 | O55: =ROUND(CP55,2) -> 0 | P55: =ROUND(CQ55*I55,2) -> 0 | Q55: =(ROUND((ROUND(((ET55)*I55),2)*BB55),2)+ROUND((ROUND(((AE55-(EU55))*I55),2)*BS55),2)) -> 0 | R55: =(ROUND((ROUND(((EU55)*I55),2)*BS55),2)+ROUND((ROUND(((AE55-(EU55))*I55),2)*BS55),2)) -> 0 | S55: =ROUND(CT55*I55,2) -> 0 | T55: =ROUND(CU55*I55,2) -> 0 | U55: =ROUND(CV55*I55,7) -> 0 | V55: =ROUND(CW55*I55,7) -> 0 | W55: =ROUND(CX55*I55,2) -> 0 | X55: =ROUND(CY55,2) -> 0 | Y55: =ROUND(CZ55,2) -> 0 | AA55: 53360025 | AB55: =ROUND((AC55+AD55+AF55),6) -> 0 | AC55: =ROUND((ES55),6) -> 0 | AD55: =ROUND((((ET55)-(EU55))+AE55),6) -> 0 | AE55: =ROUND((EU55),6) -> 0 | AF55: =ROUND((EV55),6) -> 0 | AG55: =ROUND((AP55),6) -> 0 | AH55: =(EW55) -> 0 | AI55: =(EX55) -> 0 | AJ55: =(AS55) -> 0 | AK55: 0 | AL55: 0 | AM55: 0 | AN55: 0 | AO55: 0 | AP55: 0 | AQ55: 0 | AR55: 0 | AS55: 0 | AT55: 93 | AU55: 62 | AV55: 1 | AW55: 1 | AZ55: 1 | BA55: 1 | BB55: 1 | BC55: 8.79 | BH55: 3 | BI55: 1 | BM55: 9001 | BN55: 0 | BO55: письмо Минстроя России от 23.07.2026 № 45358-ИФ/09. Регистрационный номер 420 | BP55: 1 | BQ55: 2 | BR55: 0 | BS55: 1 | BT55: 1 | BU55: 1 | BV55: 1 | BW55: 1 | BX55: 1 | BZ55: 93 | CA55: 62 | CE55: 12 | CF55: 0 | CG55: 0 | CM55: 0 | CO55: 0 | CP55: =(P55+Q55+S55) -> 0 | CQ55: =AC55*BC55 -> 0 | CR55: =(ROUND((ROUND(((ET55)*1),2)*BB55),2)+ROUND((ROUND(((AE55-(EU55))*1),2)*BS55),2)) -> 0 | CS55: =(ROUND((ROUND(((EU55)*1),2)*BS55),2)+ROUND((ROUND(((AE55-(EU55))*1),2)*BS55),2)) -> 0 | CT55: =AF55*BA55 -> 0 | CU55: =AG55 -> 0 | CV55: =AH55 -> 0 | CW55: =AI55 -> 0 | CX55: =AJ55 -> 0 | CY55: =(((S55+R55)*AT55)/100) -> 0 | CZ55: =(((S55+R55)*AU55)/100) -> 0 | DN55: 0 | DO55: 0 | DP55: 1 | DQ55: 1 | DU55: 1009 | DV55: т | DW55: т | DX55: 1000 | EE55: 53151323 | EF55: 2 | EG55: Общестроительные работы | EH55: 9 | EI55: Строительные металлические конструкции | EJ55: 1 | EK55: 9001 | EL55: Строительные металлические конструкции | EM55: ФЕР-09 | EQ55: 0 | ER55: 0 | ES55: 0 | ET55: 0 | EU55: 0 | EV55: 0 | EW55: 0 | EX55: 0 | FQ55: 0 | FR55: =ROUND(IF(BI55=3,GM55,0),2) -> 0 | FS55: 0 | FX55: 93 | FY55: 62 | GD55: 1 | GF55: 69843047 | GG55: 2 | GH55: 1 | GI55: 4 | GJ55: 0 | GK55: 0 | GL55: =ROUND(IF(AND(BH55=3,BI55=3,FS55<>0),P55,0),2) -> 0 | GM55: =ROUND(O55+X55+Y55,2)+GX55 -> 0 | GN55: =IF(OR(BI55=0,BI55=1),GM55-GX55,0) -> 0 | GO55: =IF(BI55=2,GM55-GX55,0) -> 0 | GP55: =IF(BI55=4,GM55-GX55,0) -> 0 | GR55: 0 | GS55: 3 | GT55: 0 | GV55: =ROUND((GT55),6) -> 0 | GW55: 1 | GX55: =ROUND(HC55*I55,2) -> 0 | HA55: 0 | HB55: 0 | HC55: =GV55*GW55 -> 0 | HN55: Пр/812-009.0-1 | HO55: Пр/774-009.0 | HP55: Строительные металлические конструкции | HQ55: Строительные металлические конструкции | IK55: 0
A56: 18 | B56: 1 | C56: 75 | E56: 11,3 | F56: 07.2.06.03-0228 | G56: Профиль угловой ПУ 25x25 мм для защиты углов, алюминиевый | H56: м | I56: =I53*J56 -> 24.4 | J56: 100 | K56: 100 | O56: =ROUND(CP56,2) -> 1074.52 | P56: =ROUND(CQ56*I56,2) -> 1074.52 | Q56: =(ROUND((ROUND(((ET56)*I56),2)*BB56),2)+ROUND((ROUND(((AE56-(EU56))*I56),2)*BS56),2)) -> 0 | R56: =(ROUND((ROUND(((EU56)*I56),2)*BS56),2)+ROUND((ROUND(((AE56-(EU56))*I56),2)*BS56),2)) -> 0 | S56: =ROUND(CT56*I56,2) -> 0 | T56: =ROUND(CU56*I56,2) -> 0 | U56: =ROUND(CV56*I56,7) -> 0 | V56: =ROUND(CW56*I56,7) -> 0 | W56: =ROUND(CX56*I56,2) -> 0 | X56: =ROUND(CY56,2) -> 0 | Y56: =ROUND(CZ56,2) -> 0 | AA56: 53360025 | AB56: =ROUND((AC56+AD56+AF56),6) -> 5.01 | AC56: =ROUND((ES56),6) -> 5.01 | AD56: =ROUND((((ET56)-(EU56))+AE56),6) -> 0 | AE56: =ROUND((EU56),6) -> 0 | AF56: =ROUND((EV56),6) -> 0 | AG56: =ROUND((AP56),6) -> 0 | AH56: =(EW56) -> 0 | AI56: =(EX56) -> 0 | AJ56: =(AS56) -> 0 | AK56: 5.01 | AL56: 5.01 | AM56: 0 | AN56: 0 | AO56: 0 | AP56: 0 | AQ56: 0 | AR56: 0 | AS56: 0 | AT56: 93 | AU56: 62 | AV56: 1 | AW56: 1 | AZ56: 1 | BA56: 1 | BB56: 1 | BC56: 8.79 | BH56: 3 | BI56: 1 | BJ56: ФССЦ-2001, 07.2.06.03-0228, приказ Минстроя России № 876/пр от 26.12.2019 | BM56: 9001 | BN56: 0 | BO56: письмо Минстроя России от 23.07.2026 № 45358-ИФ/09. Регистрационный номер 420 | BP56: 1 | BQ56: 2 | BR56: 0 | BS56: 1 | BT56: 1 | BU56: 1 | BV56: 1 | BW56: 1 | BX56: 1 | BZ56: 93 | CA56: 62 | CE56: 12 | CF56: 0 | CG56: 0 | CM56: 0 | CO56: 0 | CP56: =(P56+Q56+S56) -> 1074.52 | CQ56: =AC56*BC56 -> 44.0379 | CR56: =(ROUND((ROUND(((ET56)*1),2)*BB56),2)+ROUND((ROUND(((AE56-(EU56))*1),2)*BS56),2)) -> 0 | CS56: =(ROUND((ROUND(((EU56)*1),2)*BS56),2)+ROUND((ROUND(((AE56-(EU56))*1),2)*BS56),2)) -> 0 | CT56: =AF56*BA56 -> 0 | CU56: =AG56 -> 0 | CV56: =AH56 -> 0 | CW56: =AI56 -> 0 | CX56: =AJ56 -> 0 | CY56: =(((S56+R56)*AT56)/100) -> 0 | CZ56: =(((S56+R56)*AU56)/100) -> 0 | DN56: 0 | DO56: 0 | DP56: 1 | DQ56: 1 | DU56: 1003 | DV56: м | DW56: м | DX56: 1 | EE56: 53151323 | EF56: 2 | EG56: Общестроительные работы | EH56: 9 | EI56: Строительные металлические конструкции | EJ56: 1 | EK56: 9001 | EL56: Строительные металлические конструкции | EM56: ФЕР-09 | EQ56: 0 | ER56: 5.01 | ES56: 5.01 | ET56: 0 | EU56: 0 | EV56: 0 | EW56: 0 | EX56: 0 | FQ56: 0 | FR56: =ROUND(IF(BI56=3,GM56,0),2) -> 0 | FS56: 0 | FX56: 93 | FY56: 62 | GD56: 1 | GF56: 771637963 | GG56: 2 | GH56: 1 | GI56: 4 | GJ56: 0 | GK56: 0 | GL56: =ROUND(IF(AND(BH56=3,BI56=3,FS56<>0),P56,0),2) -> 0 | GM56: =ROUND(O56+X56+Y56,2)+GX56 -> 1074.52 | GN56: =IF(OR(BI56=0,BI56=1),GM56-GX56,0) -> 1074.52 | GO56: =IF(BI56=2,GM56-GX56,0) -> 0 | GP56: =IF(BI56=4,GM56-GX56,0) -> 0 | GR56: 0 | GS56: 3 | GT56: 0 | GV56: =ROUND((GT56),6) -> 0 | GW56: 1 | GX56: =ROUND(HC56*I56,2) -> 0 | HA56: 0 | HB56: 0 | HC56: =GV56*GW56 -> 0 | HN56: Пр/812-009.0-1 | HO56: Пр/774-009.0 | HP56: Строительные металлические конструкции | HQ56: Строительные металлические конструкции | IK56: 0
A57: 17 | B57: 1 | C57: =ROW(SmtRes!A78) -> 78 | D57: =ROW(EtalonRes!A69) -> 69 | E57: 12 | F57: 13-06-003-01 | G57: Очистка поверхности щетками | H57: м2 | I57: 12 | J57: 0 | K57: 12 | O57: =ROUND(CP57,2) -> 4168.35 | P57: =ROUND(CQ57*I57,2) -> 0 | Q57: =(ROUND((ROUND((((ET57*ROUND(1.25,7)))*I57),2)*BB57),2)+ROUND((ROUND(((AE57-((EU57*ROUND(1.25,7))))*I57),2)*BS57),2)) -> 0 | R57: =(ROUND((ROUND((((EU57*ROUND(1.25,7)))*I57),2)*BS57),2)+ROUND((ROUND(((AE57-((EU57*ROUND(1.25,7))))*I57),2)*BS57),2)) -> 0 | S57: =ROUND(CT57*I57,2) -> 4168.35 | T57: =ROUND(CU57*I57,2) -> 0 | U57: =ROUND(CV57*I57,7) -> 12.42 | V57: =ROUND(CW57*I57,7) -> 0 | W57: =ROUND(CX57*I57,2) -> 0 | X57: =ROUND(CY57,2) -> 3526.42 | Y57: =ROUND(CZ57,2) -> 1806.98 | AA57: 53360025 | AB57: =ROUND((AC57+AD57+AF57),6) -> 8.832 | AC57: =ROUND((ES57),6) -> 0 | AD57: =ROUND(((((ET57*ROUND(1.25,7)))-((EU57*ROUND(1.25,7))))+AE57),6) -> 0 | AE57: =ROUND(((EU57*ROUND(1.25,7))),6) -> 0 | AF57: =ROUND(((EV57*ROUND(1.15,7))),6) -> 8.832 | AG57: =ROUND((AP57),6) -> 0 | AH57: =((EW57*ROUND(1.15,7))) -> 1.035 | AI57: =((EX57*ROUND(1.25,7))) -> 0 | AJ57: =(AS57) -> 0 | AK57: 7.68 | AL57: 0 | AM57: 0 | AN57: 0 | AO57: 7.68 | AP57: 0 | AQ57: 0.9 | AR57: 0 | AS57: 0 | AT57: 84.6 | AU57: 43.35 | AV57: 1 | AW57: 1 | AZ57: 1 | BA57: 39.33 | BB57: 14.42 | BC57: 8.79 | BH57: 0 | BI57: 1 | BJ57: ФЕР-2001, 13-06-003-01, приказ Минстроя России № 876/пр от 26.12.2019 | BM57: 13001 | BN57: 0 | BO57: письмо Минстроя России от 23.07.2026 № 45358-ИФ/09. Регистрационный номер 420; письмо Минстроя России от 23.07.2026 № 45358-ИФ/09. Регистрационный номер 420; письмо Минстроя России от 23.07.2026 № 45358-ИФ/09. Регистрационный номер 420; письмо Минстроя России от 23.07.2026 № 45358-ИФ/09. Регистрационный номер 420; | BP57: 1 | BQ57: 2 | BR57: 0 | BS57: 39.33 | BT57: 1 | BU57: 1 | BV57: 1 | BW57: 1 | BX57: 1 | BZ57: 94 | CA57: 51 | CE57: 12 | CF57: 0 | CG57: 0 | CM57: 0 | CN57: Поправка: 421/пр_2020_п.58_пп.б Наименование: При отсутствии необходимых норм (единичных расценок), включенных в сборники ГЭСНр (ФЕРр, ТЕРр), сметные затраты на работы по капитальному ремонту и реконструкции объектов капитального строительства могут быть определены по сметным нормам, включенным в ГЭСН (ФЕР, ТЕР), аналогичным технологическим процессам в новом строительстве, в том числе по возведению новых конструктивных элементов | CO57: 0 | CP57: =(P57+Q57+S57) -> 4168.35 | CQ57: =AC57*BC57 -> 0 | CR57: =(ROUND((ROUND((((ET57*ROUND(1.25,7)))*1),2)*BB57),2)+ROUND((ROUND(((AE57-((EU57*ROUND(1.25,7))))*1),2)*BS57),2)) -> 0 | CS57: =(ROUND((ROUND((((EU57*ROUND(1.25,7)))*1),2)*BS57),2)+ROUND((ROUND(((AE57-((EU57*ROUND(1.25,7))))*1),2)*BS57),2)) -> 0 | CT57: =AF57*BA57 -> 347.36256 | CU57: =AG57 -> 0 | CV57: =AH57 -> 1.035 | CW57: =AI57 -> 0 | CX57: =AJ57 -> 0 | CY57: =(((S57+R57)*AT57)/100) -> 3526.4241 | CZ57: =(((S57+R57)*AU57)/100) -> 1806.9797 | DB57: 6 | DE57: *1,25 | DF57: *1,25 | DG57: *1,15 | DI57: *1,15 | DJ57: *1,25 | DL57: *0,9 | DM57: *0,85 | DN57: 0 | DO57: 0 | DP57: 1 | DQ57: 1 | DU57: 1005 | DV57: м2 | DW57: м2 | DX57: 1 | EE57: 53151329 | EF57: 2 | EG57: Общестроительные работы | EH57: 13 | EI57: Защита строительных конструкций и оборудования от коррозии | EJ57: 1 | EK57: 13001 | EL57: Защита строительных конструкций | EM57: ФЕР-13 | EO57: Поправка: 421/пр_2020_п.58_пп.б | EQ57: 1311232 | ER57: 7.68 | ES57: 0 | ET57: 0 | EU57: 0 | EV57: 7.68 | EW57: 0.9 | EX57: 0 | EY57: 0 | FQ57: 0 | FR57: =ROUND(IF(BI57=3,GM57,0),2) -> 0 | FS57: 0 | FX57: 84.6 | FY57: 43.35 | GD57: 1 | GF57: -1987431605 | GG57: 2 | GH57: 1 | GI57: 4 | GJ57: 0 | GK57: 0 | GL57: =ROUND(IF(AND(BH57=3,BI57=3,FS57<>0),P57,0),2) -> 0 | GM57: =ROUND(O57+X57+Y57,2)+GX57 -> 9501.75 | GN57: =IF(OR(BI57=0,BI57=1),GM57-GX57,0) -> 9501.75 | GO57: =IF(BI57=2,GM57-GX57,0) -> 0 | GP57: =IF(BI57=4,GM57-GX57,0) -> 0 | GR57: 0 | GS57: 3 | GT57: 0 | GV57: =ROUND((GT57),6) -> 0 | GW57: 1 | GX57: =ROUND(HC57*I57,2) -> 0 | HA57: 0 | HB57: 0 | HC57: =GV57*GW57 -> 0 | HN57: Пр/812-013.0-1 | HO57: Пр/774-013.0 | HP57: Защита строительных конструкций и оборудования от коррозии | HQ57: Защита строительных конструкций и оборудования от коррозии | IK57: 0
A58: 17 | B58: 1 | C58: =ROW(SmtRes!A89) -> 89 | D58: =ROW(EtalonRes!A78) -> 78 | E58: 13 | F58: 13-03-002-12 | G58: Огрунтовка металлических поверхностей за один раз: грунтовкой ЭП-0259 (перила) | H58: 100 м2 | I58: =ROUND(12/100,7) -> 0.12 | J58: 0 | K58: =ROUND(12/100,7) -> 0.12 | O58: =ROUND(CP58,2) -> 1596.54 | P58: =ROUND(CQ58*I58,2) -> 1301.14 | Q58: =(ROUND((ROUND((((ET58*ROUND(1.25,7)))*I58),2)*BB58),2)+ROUND((ROUND(((AE58-((EU58*ROUND(1.25,7))))*I58),2)*BS58),2)) -> 19.9 | R58: =(ROUND((ROUND((((EU58*ROUND(1.25,7)))*I58),2)*BS58),2)+ROUND((ROUND(((AE58-((EU58*ROUND(1.25,7))))*I58),2)*BS58),2)) -> 1.18 | S58: =ROUND(CT58*I58,2) -> 275.5 | T58: =ROUND(CU58*I58,2) -> 0 | U58: =ROUND(CV58*I58,7) -> 0.64032 | V58: =ROUND(CW58*I58,7) -> 0.003 | W58: =ROUND(CX58*I58,2) -> 0 | X58: =ROUND(CY58,2) -> 234.07 | Y58: =ROUND(CZ58,2) -> 119.94 | AA58: 53360025 | AB58: =ROUND((AC58+AD58+AF58),6) -> 1303.439 | AC58: =ROUND((ES58),6) -> 1233.54 | AD58: =ROUND(((((ET58*ROUND(1.25,7)))-((EU58*ROUND(1.25,7))))+AE58),6) -> 11.525 | AE58: =ROUND(((EU58*ROUND(1.25,7))),6) -> 0.275 | AF58: =ROUND(((EV58*ROUND(1.15,7))),6) -> 58.374 | AG58: =ROUND((AP58),6) -> 0 | AH58: =((EW58*ROUND(1.15,7))) -> 5.336 | AI58: =((EX58*ROUND(1.25,7))) -> 0.025 | AJ58: =(AS58) -> 0 | AK58: 1293.52 | AL58: 1233.54 | AM58: 9.22 | AN58: 0.22 | AO58: 50.76 | AP58: 0 | AQ58: 4.64 | AR58: 0.02 | AS58: 0 | AT58: 84.6 | AU58: 43.35 | AV58: 1 | AW58: 1 | AZ58: 1 | BA58: 39.33 | BB58: 14.42 | BC58: 8.79 | BH58: 0 | BI58: 1 | BJ58: ФЕР-2001, 13-03-002-12, приказ Минстроя России № 876/пр от 26.12.2019 | BM58: 13001 | BN58: 0 | BO58: письмо Минстроя России от 23.07.2026 № 45358-ИФ/09. Регистрационный номер 420; письмо Минстроя России от 23.07.2026 № 45358-ИФ/09. Регистрационный номер 420; письмо Минстроя России от 23.07.2026 № 45358-ИФ/09. Регистрационный номер 420; письмо Минстроя России от 23.07.2026 № 45358-ИФ/09. Регистрационный номер 420; | BP58: 1 | BQ58: 2 | BR58: 0 | BS58: 39.33 | BT58: 1 | BU58: 1 | BV58: 1 | BW58: 1 | BX58: 1 | BZ58: 94 | CA58: 51 | CE58: 12 | CF58: 0 | CG58: 0 | CM58: 0 | CN58: Поправка: 421/пр_2020_п.58_пп.б Наименование: При отсутствии необходимых норм (единичных расценок), включенных в сборники ГЭСНр (ФЕРр, ТЕРр), сметные затраты на работы по капитальному ремонту и реконструкции объектов капитального строительства могут быть определены по сметным нормам, включенным в ГЭСН (ФЕР, ТЕР), аналогичным технологическим процессам в новом строительстве, в том числе по возведению новых конструктивных элементов | CO58: 0 | CP58: =(P58+Q58+S58) -> 1596.54 | CQ58: =AC58*BC58 -> 10842.817 | CR58: =(ROUND((ROUND((((ET58*ROUND(1.25,7)))*1),2)*BB58),2)+ROUND((ROUND(((AE58-((EU58*ROUND(1.25,7))))*1),2)*BS58),2)) -> 166.26 | CS58: =(ROUND((ROUND((((EU58*ROUND(1.25,7)))*1),2)*BS58),2)+ROUND((ROUND(((AE58-((EU58*ROUND(1.25,7))))*1),2)*BS58),2)) -> 11.01 | CT58: =AF58*BA58 -> 2295.8494 | CU58: =AG58 -> 0 | CV58: =AH58 -> 5.336 | CW58: =AI58 -> 0.025 | CX58: =AJ58 -> 0 | CY58: =(((S58+R58)*AT58)/100) -> 234.07128 | CZ58: =(((S58+R58)*AU58)/100) -> 119.94078 | DB58: 7 | DE58: *1,25 | DF58: *1,25 | DG58: *1,15 | DI58: *1,15 | DJ58: *1,25 | DL58: *0,9 | DM58: *0,85 | DN58: 0 | DO58: 0 | DP58: 1 | DQ58: 1 | DU58: 1005 | DV58: 100 м2 | DW58: 100 м2 | DX58: 100 | EE58: 53151329 | EF58: 2 | EG58: Общестроительные работы | EH58: 13 | EI58: Защита строительных конструкций и оборудования от коррозии | EJ58: 1 | EK58: 13001 | EL58: Защита строительных конструкций | EM58: ФЕР-13 | EO58: Поправка: 421/пр_2020_п.58_пп.б | EQ58: 1311232 | ER58: 1293.52 | ES58: 1233.54 | ET58: 9.22 | EU58: 0.22 | EV58: 50.76 | EW58: 4.64 | EX58: 0.02 | EY58: 0 | FQ58: 0 | FR58: =ROUND(IF(BI58=3,GM58,0),2) -> 0 | FS58: 0 | FX58: 84.6 | FY58: 43.35 | GD58: 1 | GF58: -1972791003 | GG58: 2 | GH58: 1 | GI58: 4 | GJ58: 0 | GK58: 0 | GL58: =ROUND(IF(AND(BH58=3,BI58=3,FS58<>0),P58,0),2) -> 0 | GM58: =ROUND(O58+X58+Y58,2)+GX58 -> 1950.55 | GN58: =IF(OR(BI58=0,BI58=1),GM58-GX58,0) -> 1950.55 | GO58: =IF(BI58=2,GM58-GX58,0) -> 0 | GP58: =IF(BI58=4,GM58-GX58,0) -> 0 | GR58: 0 | GS58: 3 | GT58: 0 | GV58: =ROUND((GT58),6) -> 0 | GW58: 1 | GX58: =ROUND(HC58*I58,2) -> 0 | HA58: 0 | HB58: 0 | HC58: =GV58*GW58 -> 0 | HN58: Пр/812-013.0-1 | HO58: Пр/774-013.0 | HP58: Защита строительных конструкций и оборудования от коррозии | HQ58: Защита строительных конструкций и оборудования от коррозии | IK58: 0
A59: 18 | B59: 1 | C59: 85 | E59: 13,1 | F59: 14.4.01.09-0421 | G59: Грунтовка эпоксидная двухкомпонентная цинконаполненная ЭП- 057 (ТУ 2312-023-76044141-10) | H59: кг | I59: =I58*J59 -> 0 | J59: 0 | K59: 0 | O59: =ROUND(CP59,2) -> 0 | P59: =ROUND(CQ59*I59,2) -> 0 | Q59: =(ROUND((ROUND(((ET59)*I59),2)*BB59),2)+ROUND((ROUND(((AE59-(EU59))*I59),2)*BS59),2)) -> 0 | R59: =(ROUND((ROUND(((EU59)*I59),2)*BS59),2)+ROUND((ROUND(((AE59-(EU59))*I59),2)*BS59),2)) -> 0 | S59: =ROUND(CT59*I59,2) -> 0 | T59: =ROUND(CU59*I59,2) -> 0 | U59: =ROUND(CV59*I59,7) -> 0 | V59: =ROUND(CW59*I59,7) -> 0 | W59: =ROUND(CX59*I59,2) -> 0 | X59: =ROUND(CY59,2) -> 0 | Y59: =ROUND(CZ59,2) -> 0 | AA59: 53360025 | AB59: =ROUND((AC59+AD59+AF59),6) -> 168.75 | AC59: =ROUND((ES59),6) -> 168.75 | AD59: =ROUND((((ET59)-(EU59))+AE59),6) -> 0 | AE59: =ROUND((EU59),6) -> 0 | AF59: =ROUND((EV59),6) -> 0 | AG59: =ROUND((AP59),6) -> 0 | AH59: =(EW59) -> 0 | AI59: =(EX59) -> 0 | AJ59: =(AS59) -> 0 | AK59: 168.75 | AL59: 168.75 | AM59: 0 | AN59: 0 | AO59: 0 | AP59: 0 | AQ59: 0 | AR59: 0 | AS59: 0 | AT59: 94 | AU59: 51 | AV59: 1 | AW59: 1 | AZ59: 1 | BA59: 1 | BB59: 1 | BC59: 8.79 | BH59: 3 | BI59: 1 | BJ59: ФССЦ-2001, 14.4.01.09-0421, приказ Минстроя России № 876/пр от 26.12.2019 | BM59: 13001 | BN59: 0 | BO59: письмо Минстроя России от 23.07.2026 № 45358-ИФ/09. Регистрационный номер 420 | BP59: 1 | BQ59: 2 | BR59: 0 | BS59: 1 | BT59: 1 | BU59: 1 | BV59: 1 | BW59: 1 | BX59: 1 | BZ59: 94 | CA59: 51 | CE59: 12 | CF59: 0 | CG59: 0 | CM59: 0 | CO59: 0 | CP59: =(P59+Q59+S59) -> 0 | CQ59: =AC59*BC59 -> 1483.3125 | CR59: =(ROUND((ROUND(((ET59)*1),2)*BB59),2)+ROUND((ROUND(((AE59-(EU59))*1),2)*BS59),2)) -> 0 | CS59: =(ROUND((ROUND(((EU59)*1),2)*BS59),2)+ROUND((ROUND(((AE59-(EU59))*1),2)*BS59),2)) -> 0 | CT59: =AF59*BA59 -> 0 | CU59: =AG59 -> 0 | CV59: =AH59 -> 0 | CW59: =AI59 -> 0 | CX59: =AJ59 -> 0 | CY59: =(((S59+R59)*AT59)/100) -> 0 | CZ59: =(((S59+R59)*AU59)/100) -> 0 | DN59: 0 | DO59: 0 | DP59: 1 | DQ59: 1 | DU59: 1009 | DV59: кг | DW59: кг | DX59: 1 | EE59: 53151329 | EF59: 2 | EG59: Общестроительные работы | EH59: 13 | EI59: Защита строительных конструкций и оборудования от коррозии | EJ59: 1 | EK59: 13001 | EL59: Защита строительных конструкций | EM59: ФЕР-13 | EQ59: 0 | ER59: 168.75 | ES59: 168.75 | ET59: 0 | EU59: 0 | EV59: 0 | EW59: 0 | EX59: 0 | FQ59: 0 | FR59: =ROUND(IF(BI59=3,GM59,0),2) -> 0 | FS59: 0 | FX59: 94 | FY59: 51 | GD59: 1 | GF59: -1740917497 | GG59: 2 | GH59: 1 | GI59: 4 | GJ59: 0 | GK59: 0 | GL59: =ROUND(IF(AND(BH59=3,BI59=3,FS59<>0),P59,0),2) -> 0 | GM59: =ROUND(O59+X59+Y59,2)+GX59 -> 0 | GN59: =IF(OR(BI59=0,BI59=1),GM59-GX59,0) -> 0 | GO59: =IF(BI59=2,GM59-GX59,0) -> 0 | GP59: =IF(BI59=4,GM59-GX59,0) -> 0 | GR59: 0 | GS59: 3 | GT59: 0 | GV59: =ROUND((GT59),6) -> 0 | GW59: 1 | GX59: =ROUND(HC59*I59,2) -> 0 | HA59: 0 | HB59: 0 | HC59: =GV59*GW59 -> 0 | HN59: Пр/812-013.0-1 | HO59: Пр/774-013.0 | HP59: Защита строительных конструкций и оборудования от коррозии | HQ59: Защита строительных конструкций и оборудования от коррозии | IK59: 0
A60: 18 | B60: 1 | C60: 86 | E60: 13,2 | F60: 14.4.01.09-0428 | G60: Грунтовка протекторная цинкосодержащая | H60: т | I60: =I58*J60 -> 0 | J60: 0 | K60: 0 | O60: =ROUND(CP60,2) -> 0 | P60: =ROUND(CQ60*I60,2) -> 0 | Q60: =(ROUND((ROUND(((ET60)*I60),2)*BB60),2)+ROUND((ROUND(((AE60-(EU60))*I60),2)*BS60),2)) -> 0 | R60: =(ROUND((ROUND(((EU60)*I60),2)*BS60),2)+ROUND((ROUND(((AE60-(EU60))*I60),2)*BS60),2)) -> 0 | S60: =ROUND(CT60*I60,2) -> 0 | T60: =ROUND(CU60*I60,2) -> 0 | U60: =ROUND(CV60*I60,7) -> 0 | V60: =ROUND(CW60*I60,7) -> 0 | W60: =ROUND(CX60*I60,2) -> 0 | X60: =ROUND(CY60,2) -> 0 | Y60: =ROUND(CZ60,2) -> 0 | AA60: 53360025 | AB60: =ROUND((AC60+AD60+AF60),6) -> 67340 | AC60: =ROUND((ES60),6) -> 67340 | AD60: =ROUND((((ET60)-(EU60))+AE60),6) -> 0 | AE60: =ROUND((EU60),6) -> 0 | AF60: =ROUND((EV60),6) -> 0 | AG60: =ROUND((AP60),6) -> 0 | AH60: =(EW60) -> 0 | AI60: =(EX60) -> 0 | AJ60: =(AS60) -> 0 | AK60: 67340 | AL60: 67340 | AM60: 0 | AN60: 0 | AO60: 0 | AP60: 0 | AQ60: 0 | AR60: 0 | AS60: 0 | AT60: 94 | AU60: 51 | AV60: 1 | AW60: 1 | AZ60: 1 | BA60: 1 | BB60: 1 | BC60: 8.79 | BH60: 3 | BI60: 1 | BJ60: ФССЦ-2001, 14.4.01.09-0428, приказ Минстроя России № 876/пр от 26.12.2019 | BM60: 13001 | BN60: 0 | BO60: письмо Минстроя России от 23.07.2026 № 45358-ИФ/09. Регистрационный номер 420 | BP60: 1 | BQ60: 2 | BR60: 0 | BS60: 1 | BT60: 1 | BU60: 1 | BV60: 1 | BW60: 1 | BX60: 1 | BZ60: 94 | CA60: 51 | CE60: 12 | CF60: 0 | CG60: 0 | CM60: 0 | CO60: 0 | CP60: =(P60+Q60+S60) -> 0 | CQ60: =AC60*BC60 -> 591918.6 | CR60: =(ROUND((ROUND(((ET60)*1),2)*BB60),2)+ROUND((ROUND(((AE60-(EU60))*1),2)*BS60),2)) -> 0 | CS60: =(ROUND((ROUND(((EU60)*1),2)*BS60),2)+ROUND((ROUND(((AE60-(EU60))*1),2)*BS60),2)) -> 0 | CT60: =AF60*BA60 -> 0 | CU60: =AG60 -> 0 | CV60: =AH60 -> 0 | CW60: =AI60 -> 0 | CX60: =AJ60 -> 0 | CY60: =(((S60+R60)*AT60)/100) -> 0 | CZ60: =(((S60+R60)*AU60)/100) -> 0 | DN60: 0 | DO60: 0 | DP60: 1 | DQ60: 1 | DU60: 1009 | DV60: т | DW60: т | DX60: 1000 | EE60: 53151329 | EF60: 2 | EG60: Общестроительные работы | EH60: 13 | EI60: Защита строительных конструкций и оборудования от коррозии | EJ60: 1 | EK60: 13001 | EL60: Защита строительных конструкций | EM60: ФЕР-13 | EQ60: 0 | ER60: 67340 | ES60: 67340 | ET60: 0 | EU60: 0 | EV60: 0 | EW60: 0 | EX60: 0 | FQ60: 0 | FR60: =ROUND(IF(BI60=3,GM60,0),2) -> 0 | FS60: 0 | FX60: 94 | FY60: 51 | GD60: 1 | GF60: 748289543 | GG60: 2 | GH60: 1 | GI60: 4 | GJ60: 0 | GK60: 0 | GL60: =ROUND(IF(AND(BH60=3,BI60=3,FS60<>0),P60,0),2) -> 0 | GM60: =ROUND(O60+X60+Y60,2)+GX60 -> 0 | GN60: =IF(OR(BI60=0,BI60=1),GM60-GX60,0) -> 0 | GO60: =IF(BI60=2,GM60-GX60,0) -> 0 | GP60: =IF(BI60=4,GM60-GX60,0) -> 0 | GR60: 0 | GS60: 3 | GT60: 0 | GV60: =ROUND((GT60),6) -> 0 | GW60: 1 | GX60: =ROUND(HC60*I60,2) -> 0 | HA60: 0 | HB60: 0 | HC60: =GV60*GW60 -> 0 | HN60: Пр/812-013.0-1 | HO60: Пр/774-013.0 | HP60: Защита строительных конструкций и оборудования от коррозии | HQ60: Защита строительных конструкций и оборудования от коррозии | IK60: 0
A61: 17 | B61: 1 | C61: =ROW(SmtRes!A99) -> 99 | D61: =ROW(EtalonRes!A87) -> 87 | E61: 14 | F61: 13-03-004-01 | G61: Окраска металлических огрунтованных поверхностей: эмалью ХС-436 (трубы) | H61: 100 м2 | I61: =ROUND(12/100,7) -> 0.12 | J61: 0 | K61: =ROUND(12/100,7) -> 0.12 | O61: =ROUND(CP61,2) -> 1600.09 | P61: =ROUND(CQ61*I61,2) -> 1428.22 | Q61: =(ROUND((ROUND((((ET61*ROUND(1.25,7)))*I61),2)*BB61),2)+ROUND((ROUND(((AE61-((EU61*ROUND(1.25,7))))*I61),2)*BS61),2)) -> 35.04 | R61: =(ROUND((ROUND((((EU61*ROUND(1.25,7)))*I61),2)*BS61),2)+ROUND((ROUND(((AE61-((EU61*ROUND(1.25,7))))*I61),2)*BS61),2)) -> 2.75 | S61: =ROUND(CT61*I61,2) -> 136.83 | T61: =ROUND(CU61*I61,2) -> 0 | U61: =ROUND(CV61*I61,7) -> 0.38364 | V61: =ROUND(CW61*I61,7) -> 0.006 | W61: =ROUND(CX61*I61,2) -> 0 | X61: =ROUND(CY61,2) -> 118.08 | Y61: =ROUND(CZ61,2) -> 60.51 | AA61: 53360025 | AB61: =ROUND((AC61+AD61+AF61),6) -> 1403.249 | AC61: =ROUND((ES61),6) -> 1354.02 | AD61: =ROUND(((((ET61*ROUND(1.25,7)))-((EU61*ROUND(1.25,7))))+AE61),6) -> 20.2375 | AE61: =ROUND(((EU61*ROUND(1.25,7))),6) -> 0.5625 | AF61: =ROUND(((EV61*ROUND(1.15,7))),6) -> 28.9915 | AG61: =ROUND((AP61),6) -> 0 | AH61: =((EW61*ROUND(1.15,7))) -> 3.197 | AI61: =((EX61*ROUND(1.25,7))) -> 0.05 | AJ61: =(AS61) -> 0 | AK61: 1395.42 | AL61: 1354.02 | AM61: 16.19 | AN61: 0.45 | AO61: 25.21 | AP61: 0 | AQ61: 2.78 | AR61: 0.04 | AS61: 0 | AT61: 84.6 | AU61: 43.35 | AV61: 1 | AW61: 1 | AZ61: 1 | BA61: 39.33 | BB61: 14.42 | BC61: 8.79 | BH61: 0 | BI61: 1 | BJ61: ФЕР-2001, 13-03-004-01, приказ Минстроя России № 876/пр от 26.12.2019 | BM61: 13001 | BN61: 0 | BO61: письмо Минстроя России от 23.07.2026 № 45358-ИФ/09. Регистрационный номер 420; письмо Минстроя России от 23.07.2026 № 45358-ИФ/09. Регистрационный номер 420; письмо Минстроя России от 23.07.2026 № 45358-ИФ/09. Регистрационный номер 420; письмо Минстроя России от 23.07.2026 № 45358-ИФ/09. Регистрационный номер 420; | BP61: 1 | BQ61: 2 | BR61: 0 | BS61: 39.33 | BT61: 1 | BU61: 1 | BV61: 1 | BW61: 1 | BX61: 1 | BZ61: 94 | CA61: 51 | CE61: 12 | CF61: 0 | CG61: 0 | CM61: 0 | CN61: Поправка: 421/пр_2020_п.58_пп.б Наименование: При отсутствии необходимых норм (единичных расценок), включенных в сборники ГЭСНр (ФЕРр, ТЕРр), сметные затраты на работы по капитальному ремонту и реконструкции объектов капитального строительства могут быть определены по сметным нормам, включенным в ГЭСН (ФЕР, ТЕР), аналогичным технологическим процессам в новом строительстве, в том числе по возведению новых конструктивных элементов | CO61: 0 | CP61: =(P61+Q61+S61) -> 1600.09 | CQ61: =AC61*BC61 -> 11901.836 | CR61: =(ROUND((ROUND((((ET61*ROUND(1.25,7)))*1),2)*BB61),2)+ROUND((ROUND(((AE61-((EU61*ROUND(1.25,7))))*1),2)*BS61),2)) -> 291.86 | CS61: =(ROUND((ROUND((((EU61*ROUND(1.25,7)))*1),2)*BS61),2)+ROUND((ROUND(((AE61-((EU61*ROUND(1.25,7))))*1),2)*BS61),2)) -> 22.02 | CT61: =AF61*BA61 -> 1140.2357 | CU61: =AG61 -> 0 | CV61: =AH61 -> 3.197 | CW61: =AI61 -> 0.05 | CX61: =AJ61 -> 0 | CY61: =(((S61+R61)*AT61)/100) -> 118.08468 | CZ61: =(((S61+R61)*AU61)/100) -> 60.50793 | DB61: 8 | DE61: *1,25 | DF61: *1,25 | DG61: *1,15 | DI61: *1,15 | DJ61: *1,25 | DL61: *0,9 | DM61: *0,85 | DN61: 0 | DO61: 0 | DP61: 1 | DQ61: 1 | DU61: 1005 | DV61: 100 м2 | DW61: 100 м2 | DX61: 100 | EE61: 53151329 | EF61: 2 | EG61: Общестроительные работы | EH61: 13 | EI61: Защита строительных конструкций и оборудования от коррозии | EJ61: 1 | EK61: 13001 | EL61: Защита строительных конструкций | EM61: ФЕР-13 | EO61: Поправка: 421/пр_2020_п.58_пп.б | EQ61: 1311232 | ER61: 1395.42 | ES61: 1354.02 | ET61: 16.19 | EU61: 0.45 | EV61: 25.21 | EW61: 2.78 | EX61: 0.04 | EY61: 0 | FQ61: 0 | FR61: =ROUND(IF(BI61=3,GM61,0),2) -> 0 | FS61: 0 | FX61: 84.6 | FY61: 43.35 | GD61: 1 | GF61: 404510598 | GG61: 2 | GH61: 1 | GI61: 4 | GJ61: 0 | GK61: 0 | GL61: =ROUND(IF(AND(BH61=3,BI61=3,FS61<>0),P61,0),2) -> 0 | GM61: =ROUND(O61+X61+Y61,2)+GX61 -> 1778.68 | GN61: =IF(OR(BI61=0,BI61=1),GM61-GX61,0) -> 1778.68 | GO61: =IF(BI61=2,GM61-GX61,0) -> 0 | GP61: =IF(BI61=4,GM61-GX61,0) -> 0 | GR61: 0 | GS61: 3 | GT61: 0 | GV61: =ROUND((GT61),6) -> 0 | GW61: 1 | GX61: =ROUND(HC61*I61,2) -> 0 | HA61: 0 | HB61: 0 | HC61: =GV61*GW61 -> 0 | HN61: Пр/812-013.0-1 | HO61: Пр/774-013.0 | HP61: Защита строительных конструкций и оборудования от коррозии | HQ61: Защита строительных конструкций и оборудования от коррозии | IK61: 0
A62: 18 | B62: 1 | C62: 97 | E62: 14,1 | F62: 14.4.04.13-0202 | G62: Эмаль "Виникор-62" | H62: кг | I62: =I61*J62 -> 0 | J62: 0 | K62: 0 | O62: =ROUND(CP62,2) -> 0 | P62: =ROUND(CQ62*I62,2) -> 0 | Q62: =(ROUND((ROUND(((ET62)*I62),2)*BB62),2)+ROUND((ROUND(((AE62-(EU62))*I62),2)*BS62),2)) -> 0 | R62: =(ROUND((ROUND(((EU62)*I62),2)*BS62),2)+ROUND((ROUND(((AE62-(EU62))*I62),2)*BS62),2)) -> 0 | S62: =ROUND(CT62*I62,2) -> 0 | T62: =ROUND(CU62*I62,2) -> 0 | U62: =ROUND(CV62*I62,7) -> 0 | V62: =ROUND(CW62*I62,7) -> 0 | W62: =ROUND(CX62*I62,2) -> 0 | X62: =ROUND(CY62,2) -> 0 | Y62: =ROUND(CZ62,2) -> 0 | AA62: 53360025 | AB62: =ROUND((AC62+AD62+AF62),6) -> 30.42 | AC62: =ROUND((ES62),6) -> 30.42 | AD62: =ROUND((((ET62)-(EU62))+AE62),6) -> 0 | AE62: =ROUND((EU62),6) -> 0 | AF62: =ROUND((EV62),6) -> 0 | AG62: =ROUND((AP62),6) -> 0 | AH62: =(EW62) -> 0 | AI62: =(EX62) -> 0 | AJ62: =(AS62) -> 0 | AK62: 30.42 | AL62: 30.42 | AM62: 0 | AN62: 0 | AO62: 0 | AP62: 0 | AQ62: 0 | AR62: 0 | AS62: 0 | AT62: 94 | AU62: 51 | AV62: 1 | AW62: 1 | AZ62: 1 | BA62: 1 | BB62: 1 | BC62: 8.79 | BH62: 3 | BI62: 1 | BJ62: ФССЦ-2001, 14.4.04.13-0202, приказ Минстроя России № 876/пр от 26.12.2019 | BM62: 13001 | BN62: 0 | BO62: письмо Минстроя России от 23.07.2026 № 45358-ИФ/09. Регистрационный номер 420 | BP62: 1 | BQ62: 2 | BR62: 0 | BS62: 1 | BT62: 1 | BU62: 1 | BV62: 1 | BW62: 1 | BX62: 1 | BZ62: 94 | CA62: 51 | CE62: 12 | CF62: 0 | CG62: 0 | CM62: 0 | CO62: 0 | CP62: =(P62+Q62+S62) -> 0 | CQ62: =AC62*BC62 -> 267.3918 | CR62: =(ROUND((ROUND(((ET62)*1),2)*BB62),2)+ROUND((ROUND(((AE62-(EU62))*1),2)*BS62),2)) -> 0 | CS62: =(ROUND((ROUND(((EU62)*1),2)*BS62),2)+ROUND((ROUND(((AE62-(EU62))*1),2)*BS62),2)) -> 0 | CT62: =AF62*BA62 -> 0 | CU62: =AG62 -> 0 | CV62: =AH62 -> 0 | CW62: =AI62 -> 0 | CX62: =AJ62 -> 0 | CY62: =(((S62+R62)*AT62)/100) -> 0 | CZ62: =(((S62+R62)*AU62)/100) -> 0 | DN62: 0 | DO62: 0 | DP62: 1 | DQ62: 1 | DU62: 1009 | DV62: кг | DW62: кг | DX62: 1 | EE62: 53151329 | EF62: 2 | EG62: Общестроительные работы | EH62: 13 | EI62: Защита строительных конструкций и оборудования от коррозии | EJ62: 1 | EK62: 13001 | EL62: Защита строительных конструкций | EM62: ФЕР-13 | EQ62: 0 | ER62: 30.42 | ES62: 30.42 | ET62: 0 | EU62: 0 | EV62: 0 | EW62: 0 | EX62: 0 | FQ62: 0 | FR62: =ROUND(IF(BI62=3,GM62,0),2) -> 0 | FS62: 0 | FX62: 94 | FY62: 51 | GD62: 1 | GF62: 801242479 | GG62: 2 | GH62: 1 | GI62: 4 | GJ62: 0 | GK62: 0 | GL62: =ROUND(IF(AND(BH62=3,BI62=3,FS62<>0),P62,0),2) -> 0 | GM62: =ROUND(O62+X62+Y62,2)+GX62 -> 0 | GN62: =IF(OR(BI62=0,BI62=1),GM62-GX62,0) -> 0 | GO62: =IF(BI62=2,GM62-GX62,0) -> 0 | GP62: =IF(BI62=4,GM62-GX62,0) -> 0 | GR62: 0 | GS62: 3 | GT62: 0 | GV62: =ROUND((GT62),6) -> 0 | GW62: 1 | GX62: =ROUND(HC62*I62,2) -> 0 | HA62: 0 | HB62: 0 | HC62: =GV62*GW62 -> 0 | HN62: Пр/812-013.0-1 | HO62: Пр/774-013.0 | HP62: Защита строительных конструкций и оборудования от коррозии | HQ62: Защита строительных конструкций и оборудования от коррозии | IK62: 0
A64: 51 | B64: =B24 -> 1 | C64: =A24 -> 4 | D64: =ROW(A24) -> 24 | F64: =IF(F24<>"",F24,"") -> Новый раздел | G64: =IF(G24<>"",G24,"") -> 1. Крыльцо | H64: 0 | O64: =ROUND(AB64,2) -> 79708.36 | P64: =ROUND(AC64,2) -> 22459.31 | Q64: =ROUND(AD64,2) -> 701.53 | R64: =ROUND(AE64,2) -> 533.32 | S64: =ROUND(AF64,2) -> 56547.52 | T64: =ROUND(AG64,2) -> 0 | U64: =AH64 -> 144.32885 | V64: =AI64 -> 1.03834 | W64: =ROUND(AJ64,2) -> 0 | X64: =ROUND(AK64,2) -> 54845.93 | Y64: =ROUND(AL64,2) -> 27204.98 | AB64: =ROUND(SUMIF(AA28:AA62,"=53360025",O28:O62),2) -> 79708.36 | AC64: =ROUND(SUMIF(AA28:AA62,"=53360025",P28:P62),2) -> 22459.31 | AD64: =ROUND(SUMIF(AA28:AA62,"=53360025",Q28:Q62),2) -> 701.53 | AE64: =ROUND(SUMIF(AA28:AA62,"=53360025",R28:R62),2) -> 533.32 | AF64: =ROUND(SUMIF(AA28:AA62,"=53360025",S28:S62),2) -> 56547.52 | AG64: =ROUND(SUMIF(AA28:AA62,"=53360025",T28:T62),2) -> 0 | AH64: =SUMIF(AA28:AA62,"=53360025",U28:U62) -> 144.32885 | AI64: =SUMIF(AA28:AA62,"=53360025",V28:V62) -> 1.03834 | AJ64: =ROUND(SUMIF(AA28:AA62,"=53360025",W28:W62),2) -> 0 | AK64: =ROUND(SUMIF(AA28:AA62,"=53360025",X28:X62),2) -> 54845.93 | AL64: =ROUND(SUMIF(AA28:AA62,"=53360025",Y28:Y62),2) -> 27204.98 | AO64: =ROUND(BX64,2) -> 0 | AP64: =ROUND(BY64,2) -> 0 | AQ64: =ROUND(BZ64,2) -> 0 | AR64: =ROUND(CA64,2) -> 161920.81 | AS64: =ROUND(CB64,2) -> 161920.81 | AT64: =ROUND(CC64,2) -> 0 | AU64: =ROUND(CD64,2) -> 0 | AV64: =ROUND(CE64,2) -> 22459.31 | ... BD64: =ROUND(CM64,2) -> 161.54 | BX64: =ROUND(SUMIF(AA28:AA62,"=53360025",FQ28:FQ62),2) -> 0 | BY64: =ROUND(SUMIF(AA28:AA62,"=53360025",FR28:FR62),2) -> 0 | BZ64: =ROUND(SUMIF(AA28:AA62,"=53360025",GL28:GL62),2) -> 0 | CA64: =ROUND(SUMIF(AA28:AA62,"=53360025",GM28:GM62),2) -> 161920.81 | CB64: =ROUND(SUMIF(AA28:AA62,"=53360025",GN28:GN62),2) -> 161920.81 | CC64: =ROUND(SUMIF(AA28:AA62,"=53360025",GO28:GO62),2) -> 0 | CD64: =ROUND(SUMIF(AA28:AA62,"=53360025",GP28:GP62),2) -> 0 | CE64: =AC64-BX64 -> 22459.31 | CF64: =AC64-BY64 -> 22459.31 | CG64: =BX64-BZ64 -> 0 | CH64: =AC64-BX64-BY64+BZ64 -> 22459.31 | CI64: =BY64-BZ64 -> 0 | CJ64: =ROUND(SUMIF(AA28:AA62,"=53360025",GX28:GX62),2) -> 0 | CK64: =ROUND(SUMIF(AA28:AA62,"=53360025",GY28:GY62),2) -> 0 | CL64: =ROUND(SUMIF(AA28:AA62,"=53360025",GZ28:GZ62),2) -> 0 | CM64: =ROUND(SUMIF(AA28:AA62,"=53360025",HD28:HD62),2) -> 161.54 | GX64: 0
A66: 50 | B66: 0 | C66: 0 | D66: 1 | E66: 201 | F66: =ROUND(Source!O64,O66) -> 79708.36 | G66: ПЗ | H66: Прямые затраты | K66: 201 | L66: 1 | M66: 3 | O66: 2 | W66: 79869.9 | X66: 1 | Y66: 79869.9
A67: 50 | B67: 0 | C67: 0 | D67: 1 | E67: 202 | F67: =ROUND(Source!P64,O67) -> 22459.31 | G67: СтМатОб | H67: Стоимость материальных ресурсов (всего) | K67: 202 | L67: 2 | M67: 3 | O67: 2 | W67: 22459.31 | X67: 1 | Y67: 22459.31
A68: 50 | B68: 0 | C68: 0 | D68: 1 | E68: 222 | F68: =ROUND(Source!AO64,O68) -> 0 | G68: СтМатОбЗак | H68: Стоимость материалов и оборудования заказчика | K68: 222 | L68: 3 | M68: 3 | O68: 2 | W68: 0 | X68: 1 | Y68: 0
A69: 50 | B69: 0 | C69: 0 | D69: 1 | E69: 225 | F69: =ROUND(Source!AV64,O69) -> 22459.31 | G69: СтМатОбПод | H69: Стоимость материалов и оборудования подрядчика | K69: 225 | L69: 4 | M69: 3 | O69: 2 | W69: 22459.31 | X69: 1 | Y69: 22459.31
A70: 50 | B70: 0 | C70: 0 | D70: 1 | E70: 226 | F70: =ROUND(Source!AW64,O70) -> 22459.31 | G70: СтМат | H70: Стоимость материалов (всего) | K70: 226 | L70: 5 | M70: 3 | O70: 2 | W70: 22459.31 | X70: 1 | Y70: 22459.31
A71: 50 | B71: 0 | C71: 0 | D71: 1 | E71: 227 | F71: =ROUND(Source!AX64,O71) -> 0 | G71: СтМатЗак | H71: Стоимость материалов заказчика | K71: 227 | L71: 6 | M71: 3 | O71: 2 | W71: 0 | X71: 1 | Y71: 0
A72: 50 | B72: 0 | C72: 0 | D72: 1 | E72: 228 | F72: =ROUND(Source!AY64,O72) -> 22459.31 | G72: СтМатПод | H72: Стоимость материалов подрядчика | K72: 228 | L72: 7 | M72: 3 | O72: 2 | W72: 22459.31 | X72: 1 | Y72: 22459.31
A73: 50 | B73: 0 | C73: 0 | D73: 1 | E73: 216 | F73: =ROUND(Source!AP64,O73) -> 0 | G73: Оборуд | H73: Стоимость оборудования (всего) | K73: 216 | L73: 8 | M73: 3 | O73: 2 | W73: 0 | X73: 1 | Y73: 0
A74: 50 | B74: 0 | C74: 0 | D74: 1 | E74: 223 | F74: =ROUND(Source!AQ64,O74) -> 0 | G74: ОборудЗак | H74: Стоимость оборудования заказчика | K74: 223 | L74: 9 | M74: 3 | O74: 2 | W74: 0 | X74: 1 | Y74: 0
A75: 50 | B75: 0 | C75: 0 | D75: 1 | E75: 229 | F75: =ROUND(Source!AZ64,O75) -> 0 | G75: ОборудПод | H75: Стоимость оборудования подрядчика | K75: 229 | L75: 10 | M75: 3 | O75: 2 | W75: 0 | X75: 1 | Y75: 0
A76: 50 | B76: 0 | C76: 0 | D76: 1 | E76: 203 | F76: =ROUND(Source!Q64,O76) -> 701.53 | G76: ЭММ | H76: Эксплуатация машин | K76: 203 | L76: 11 | M76: 3 | O76: 2 | W76: 701.53 | X76: 1 | Y76: 701.53
A77: 50 | B77: 0 | C77: 0 | D77: 1 | E77: 231 | F77: =ROUND(Source!BB64,O77) -> 0 | G77: ЭММсНРиСП | H77: Эксплуатация машин по ТСН-2001.16 | K77: 231 | L77: 12 | M77: 3 | O77: 2 | W77: 0 | X77: 1 | Y77: 0
A78: 50 | B78: 0 | C78: 0 | D78: 1 | E78: 204 | F78: =ROUND(Source!R64,O78) -> 533.32 | G78: ЗПМ | H78: ЗП машинистов | K78: 204 | L78: 13 | M78: 3 | O78: 2 | W78: 533.32 | X78: 1 | Y78: 533.32
A79: 50 | B79: 0 | C79: 0 | D79: 1 | E79: 205 | F79: =ROUND(Source!S64,O79) -> 56547.52 | G79: ОЗП | H79: Основная ЗП рабочих | K79: 205 | L79: 14 | M79: 3 | O79: 2 | W79: 56547.52 | X79: 1 | Y79: 56547.52
A80: 50 | B80: 0 | C80: 0 | D80: 1 | E80: 232 | F80: =ROUND(Source!BC64,O80) -> 0 | G80: ОЗПсНРиСП | H80: Основная ЗП рабочих по ТСН-2001.16 | K80: 232 | L80: 15 | M80: 3 | O80: 2 | W80: 0 | X80: 1 | Y80: 0
A81: 50 | B81: 0 | C81: 0 | D81: 1 | E81: 214 | F81: =ROUND(Source!AS64,O81) -> 161920.81 | G81: Строит | H81: Строительные работы с НР и СП | K81: 214 | L81: 16 | M81: 3 | O81: 2 | W81: 161920.81 | X81: 1 | Y81: 161920.81
A82: 50 | B82: 0 | C82: 0 | D82: 1 | E82: 215 | F82: =ROUND(Source!AT64,O82) -> 0 | G82: Монтаж | H82: Монтажные работы с НР и СП | K82: 215 | L82: 17 | M82: 3 | O82: 2 | W82: 0 | X82: 1 | Y82: 0
A83: 50 | B83: 0 | C83: 0 | D83: 1 | E83: 217 | F83: =ROUND(Source!AU64,O83) -> 0 | G83: Прочие | H83: Прочие работы с НР и СП | K83: 217 | L83: 18 | M83: 3 | O83: 2 | W83: 0 | X83: 1 | Y83: 0
A84: 50 | B84: 0 | C84: 0 | D84: 1 | E84: 230 | F84: =ROUND(Source!BA64,O84) -> 0 | G84: ПрочиеЗатр | H84: Прочие затраты по ТСН-2001.16 | K84: 230 | L84: 19 | M84: 3 | O84: 2 | W84: 0 | X84: 1 | Y84: 0
A85: 50 | B85: 0 | C85: 0 | D85: 1 | E85: 206 | F85: =ROUND(Source!T64,O85) -> 0 | G85: ВозврМат | H85: Возврат материалов | K85: 206 | L85: 20 | M85: 3 | O85: 2 | W85: 0 | X85: 1 | Y85: 0
